Workbook

Sheet G1-SI-FO-12 PLAN ESTRATÉGICO
B2: PLAN ESTRATÉGICO
A4: 1. PERÍODO | G4: 2. PERIODO DEL AVANCE
A5: 3. DIMENSIONES OPERATVAS DEL MIPG | B5: 4. POLÍTICA DE GESTIÓN Y DESEMPEÑO INSTITUCIONAL | C5: 5. OBJETIVO ESTRATÉGICO | D5: 6. ESTRATEGIA | E5: 7. META CUATRIENIO | F5: 8. PROCESO | G5: 9. NOMBRE DEL INDICADOR | H5: 10. FÓRMULA DE CÁLCULO | I5: 11. DEPENDENCIA | J5: 12. META AÑO 1 | K5: 13. META AÑO 2 | L5: 14. META AÑO 3 | M5: 15. META AÑO 4 | N5: 16. AVANCE
A61: 10. Firmas
B65: (Nombre Director General) | F65: (Nombre Jefe OAPLA)
B66: 10.1 Director General USPEC | F66: 10.2 Jefe Oficina Asesora de Planeación y Desarrollo USPEC

Sheet PAUTAS DILIGENCIAMIENTO PE
B5: PLAN ESTRATÉGICO
B7: PAUTAS DILIGENCIAMIENTO
B9: 1 | C9: PERÍODO: | D9: Vigencia en las que se desarrollará el Plan Estratégico
B10: 2 | C10: PERÍODO DE AVANCE: | D10: Período específico en la cual se lleva a cabo el seguimiento al Plan Estratégico. (Año).
B11: 3 | C11: DIMENSIONES OPERATVAS DEL MIPG | D11: Escriba el nombre de la Dimensión Operativa, de acuerdo con el MIPG
B12: 4 | C12: POLÍTICA DE GESTIÓN Y DESEMPEÑO INSTITUCIONAL | D12: Enunciar la Política de Gestión y Desempeño Institucional que se cumplirá desarrollando la Estrategia planteada
B13: 5 | C13: OBJETIVO ESTRATÉGICO | D13: Nombre con que se identifica el Objetivo Estratégico en la Plataforma Estratégica
B14: 6 | C14: ESTRATEGIA: | D14: Describir la estrategia a utilizar para cumplir el Objetivo Estratégico y obtener un resultado, en el período determinado
B15: 7 | C15: META CUATRIENIO | D15: Describe la meta para el final de cuatrienio
B16: 8 | C16: PROCESO | D16: Proceso Institucional al que corresponde la aplicar la estrategia
B17: 9 | C17: NOMBRE DEL INDICADOR | D17: Nombrar el indicador que permite calcular el avance en el cumplimiento de las metas asociadas
B18: 10 | C18: FÓRMULA DE CÁLCULO | D18: Determinar la fórmula de cálculo para el indicador con el que se calcula el avance en el cumplimiento de las metas asociadas
B19: 11 | C19: DEPENDENCIA | D19: Dependencia responsable de desarrollar la estrategia planteada
B20: 12 | C20: META AÑO 1 | D20: Especificar el valor programado a alcazar en la meta para el año 1
... B24: 16 | C24: AVANCE | D24: Porcentaje de avance del indicador
B25: 10 | C25: FIRMAS
B26: 10.1 | C26: DIRECTOR GENERAL | D26: Nombre y firma del Director(a) General de la Unidad
B27: 10.2 | C27: JEFE OFICINA ASESORA DE PLANEACIÓN Y DESARROLLO | D27: Nombre y firma del Jefe(a) de la Oficina Asesora de Planeación y Desarrollo de la Unidad

Sheet PLAN INDICATIVO
C1: PLAN INDICATIVO
A3: 1. PERÍODO | M3: 2. PERÍODO DE SEGUIMIENTO
A4: 3. DIMENSIONES OPERATVAS DEL MIPG | B4: 4. POLÍTICA DE GESTIÓN Y DESEMPEÑO INSTITUCIONAL | C4: 5. OBJETIVO ESTRATEGICO | D4: 6. ESTRATEGIA | E4: 7. PROCESO | F4: 8. DEPENDENCIA | G4: 9. META AÑO 1 | H4: 10. INDICADOR META AÑO 1 | I4: 11. META AÑO 2 | J4: 12. INDICADOR META AÑO 2 | K4: 13. META AÑO 3 | L4: 14. INDICADOR META AÑO 3 | M4: 15. META AÑO 4 | N4: 16. INDICADOR META AÑO 4 | O4: 17. AVANCE DE SEGUIMIENTO
A59: 18. Firmas
B63: (Nombre Director General) | G63: (Nombre Jefe OAPLA)
B64: 18.1 Director General USPEC | G64: 18.2 Jefe Oficina Asesora de Planeación y Desarrollo USPEC

Sheet PAUTAS DILIGENCIAMIENTO PI
B4: PLAN INDICATIVO
B6: PAUTAS DILIGENCIAMIENTO
B8: 1. | C8: PERÍODO: | D8: Vigencias en las que se desarrollará el Plan Indicativo
B9: 2. | C9: PERÍODO DE SEGUIMIENTO: | D9: Vigencia específica para la cual se lleva a cabo el seguimiento al Plan Indicativo. (Año).
B10: 3 | C10: DIMENSIONES OPERATVAS DEL MIPG | D10: Escriba el nombre de la Dimensión Operativa, de acuerdo con el MIPG
B11: 4 | C11: POLÍTICA DE GESTIÓN Y DESEMPEÑO INSTITUCIONAL | D11: Enunciar la Política de Gestión y Desempeño Institucional que se cumplirá desarrollando la Estrategia planteada
B12: 5 | C12: OBJETIVO ESTRATÉGICO: | D12: Nombre con que se identifica el Objetivo Estratégico en la Plataforma Estratégica
B13: 6 | C13: ESTRATEGIA: | D13: Describir la estrategia a utilizar para cumplir el Objetivo Estratégico y obtener un resultado, en un período determinado
B14: 7 | C14: PROCESO | D14: Dependencia responsable de desarrollar la estrategia planteada
B15: 8 | C15: DEPENDENCIA: | D15: Dependencia responsable de desarrollar la estrategia planteada
B16: 9 | C16: META AÑO 1 | D16: Especificar la meta para el año 1
B17: 10 | C17: INDICADOR META AÑO 1 | D17: Definir el indicador que permita mostrar el resultado de la meta planteada para el año 1
B18: 11 | C18: META AÑO 2 | D18: Especificar la meta para el año 2
B19: 12 | C19: INDICADOR META AÑO 2 | D19: Definir el indicador que permita mostrar el resultado de la meta planteada para el año 2
B20: 13 | C20: META AÑO 3 | D20: Especificar la meta para el año 3
B21: 14 | C21: INDICADOR META AÑO 3 | D21: Definir el indicador que permita mostrar el resultado de la meta planteada para el año 3
... B24: 17 | C24: AVANCE DE SEGUIMIENTO | D24: Porcentaje de avance del indicador para la vigencia del Plan Indicativo
B25: 18 | C25: FIRMAS
B26: 18.1 | C26: DIRECTOR GENERAL | D26: Nombre y firma del Director General de la Unidad
B27: 18.2 | C27: JEFE OFICINA ASESORA DE PLANEACIÓN Y DESARROLLO | D27: Nombre y firma del Jefe de la Oficina Asesora de Planeación y Desarrollo de la Unidad

Sheet PLAN DE ACCIÓN
D1: MATRIZ DE SEGUIMIENTO PLAN DE ACCIÓN 2024
F3: 1. VIGENCIA | G3: 2024 | K3: 2. ETAPA:
A4: No. | B4: 4. DIMENSIONES OPERATIVAS DEL MIPG | C4: 5 POLÍTICA DE GESTIÓN Y DESEMPEÑO INSTITUCIONAL | D4: 6. OBJETIVO ESTRATÉGICO | E4: 7. ESTRATEGIA | F4: 8. META | G4: 9. ACTIVIDAD | H4: 10. TIEMPO PROGRAMADO | J4: 11. PROCESO | M4: 12. INDICADOR | O4: 13. AUTOEVALUACIÓN | Y4: 14. AMPLIACIÓN DE LA AUTOEVALUACIÓN | Z4: 15. SEGUIMIENTO OAPLA
H5: FECHA INICIAL | I5: FECHA FINAL | J5: NOMBRE DEL PROCESO | K5: DEPENDENCIA | L5: RESPONSABLE | M5: NOMBRE DEL INDICADOR | N5: FÓRMULA DE CÁLCULO | O5: PRIMER TRIMESTRE | Q5: SEGUNDO TRIMESTRE | S5: TERCER TRIMESTRE | U5: CUARTO TRIMESTRE | W5: % ACUMULADO
O6: PR | P6: EJ | Q6: PR | R6: EJ | S6: PR | T6: EJ | U6: PR | V6: EJ | W6: PR | X6: EJ
A7: 1 | B7: 2. Direccionamiento estratégico | C7: 1. Planeación Institucional | D7: 3. Fortalecer la capacidad institucional y el talento humano por medio del mejoramiento de procesos y el desarrollo de competencias para incrementar la productividad y calidad de los servicios, contribuyendo a la favorabilidad de la imagen de la entidad | E7: 3.1 Fortalecer las capacidades, competencias, habilidades, conocimientos y el bienestar integral del Talento Humano al servicio de la USPEC | F7: 100% en el cumplimiento del Plan Estratégico de Talento Humano en la vigencia | G7: Comprometer el 100% de los recursos asignados para la vigencia, por parte de la Dirección Administrativa y Financiera | H7: 45292 | I7: 45657 | J7: 8. Gestión del Talento Humano | K7: 14. Dirección Administrativa y Financiera | L7: 14. Director Administrativo y Financiero | M7: Porcentaje de avance de los recursos comprometidos | N7: Recursos comprometidos / Recursos asignados * 100 | O7: 0.3 | Q7: 0.6 | S7: 0.1 | U7: 0 | W7: =O7+Q7+S7+U7 -> 1
A8: 2 | B8: 2. Direccionamiento estratégico | C8: 1. Planeación Institucional | D8: 3. Fortalecer la capacidad institucional y el talento humano por medio del mejoramiento de procesos y el desarrollo de competencias para incrementar la productividad y calidad de los servicios, contribuyendo a la favorabilidad de la imagen de la entidad | E8: 3.1 Fortalecer las capacidades, competencias, habilidades, conocimientos y el bienestar integral del Talento Humano al servicio de la USPEC | F8: 100% en el cumplimiento del Plan Estratégico de Talento Humano en la vigencia | G8: Obligar por lo menos el 80% de los recursos comprometidos para la vigencia, por parte de la Dirección Administrativa y Financiera | H8: 45292 | I8: 45657 | J8: 8. Gestión del Talento Humano | K8: 14. Dirección Administrativa y Financiera | L8: 14. Director Administrativo y Financiero | M8: Porcentaje de avance en los recursos obligados | N8: Recursos obligados / Recursos comprometidos * 100 | O8: 0.2 | Q8: 0.4 | S8: 0.3 | U8: 0.1 | W8: =O8+Q8+S8+U8 -> 1
A9: 3 | B9: 2. Direccionamiento estratégico | C9: 1. Planeación Institucional | D9: 3. Fortalecer la capacidad institucional y el talento humano por medio del mejoramiento de procesos y el desarrollo de competencias para incrementar la productividad y calidad de los servicios, contribuyendo a la favorabilidad de la imagen de la entidad | E9: 3.1 Fortalecer las capacidades, competencias, habilidades, conocimientos y el bienestar integral del Talento Humano al servicio de la USPEC | F9: 100% en el cumplimiento del Plan Estratégico de Talento Humano en la vigencia | G9: Obligar el 100% de los recursos que fueron constituidos como reserva presupuestal en la vigencia anterior, por parte de la Dirección Administrativa y Financiera | H9: 45292 | I9: 45657 | J9: 8. Gestión del Talento Humano | K9: 14. Dirección Administrativa y Financiera | L9: 14. Director Administrativo y Financiero | M9: Porcentaje de avance de los recursos obligados, constituidos como reserva en la vigencia anterior | N9: Recursos obligados / Recursos comprometidos constituidos como reserva en la vigencia anterior *100 | O9: 0.4 | Q9: 0.6 | S9: 0 | U9: 0 | W9: =O9+Q9+S9+U9 -> 1
A10: 4 | B10: 2. Direccionamiento estratégico | C10: 1. Planeación Institucional | D10: 3. Fortalecer la capacidad institucional y el talento humano por medio del mejoramiento de procesos y el desarrollo de competencias para incrementar la productividad y calidad de los servicios, contribuyendo a la favorabilidad de la imagen de la entidad | E10: 3.1 Fortalecer las capacidades, competencias, habilidades, conocimientos y el bienestar integral del Talento Humano al servicio de la USPEC | F10: 100% en el cumplimiento del Plan Estratégico de Talento Humano en la vigencia | G10: Formular e implementar el Plan Institucional de Capacitación de la vigencia | H10: 45292 | I10: 45657 | J10: 8. Gestión del Talento Humano | K10: 17. Subdirección Administrativa | L10: 17. Subdirector Administrativo | M10: Porcentaje de avance en la formulación e implementación del Plan Institucional de Capacitación de la vigencia | N10: % de avance en la ejecución del Plan Institucional de capacitación / Avance programado en la ejecución del Plan Institucional de capacitación | O10: 0.25 | Q10: 0.25 | S10: 0.25 | U10: 0.25 | W10: =O10+Q10+S10+U10 -> 1
A17: 5 | B17: 2. Direccionamiento estratégico | C17: 1. Planeación Institucional | D17: 3. Fortalecer la capacidad institucional y el talento humano por medio del mejoramiento de procesos y el desarrollo de competencias para incrementar la productividad y calidad de los servicios, contribuyendo a la favorabilidad de la imagen de la entidad | E17: 3.1 Fortalecer las capacidades, competencias, habilidades, conocimientos y el bienestar integral del Talento Humano al servicio de la USPEC | F17: 100% en el cumplimiento del Plan Estratégico de Talento Humano en la vigencia | G17: Formular e implementar el Plan de Bienestar e Incentivos Institucionales de la vigencia | H17: 45292 | I17: 45657 | J17: 8. Gestión del Talento Humano | K17: 17. Subdirección Administrativa | L17: 17. Subdirector Administrativo | M17: Porcentaje de avance en la formulación e implementación del Plan de Bienestar e Incentivos de la vigencia | N17: % de avance en la ejecución del Plan de Bienestar e Incentivos / Avance programado en la ejecución del Plan de Bienestar e Incentivos | O17: 0.25 | Q17: 0.25 | S17: 0.25 | U17: 0.25 | W17: =O17+Q17+S17+U17 -> 1
A25: 6 | B25: 2. Direccionamiento estratégico | C25: 1. Planeación Institucional | D25: 3. Fortalecer la capacidad institucional y el talento humano por medio del mejoramiento de procesos y el desarrollo de competencias para incrementar la productividad y calidad de los servicios, contribuyendo a la favorabilidad de la imagen de la entidad | E25: 3.1 Fortalecer las capacidades, competencias, habilidades, conocimientos y el bienestar integral del Talento Humano al servicio de la USPEC | F25: 100% en el cumplimiento del Plan Estratégico de Talento Humano en la vigencia | G25: Formular e implementar el Plan Anual de Vacantes de la vigencia | H25: 45292 | I25: 45657 | J25: 8. Gestión del Talento Humano | K25: 17. Subdirección Administrativa | L25: 17. Subdirector Administrativo | M25: Porcentaje de avance en la formulación e implementación del Plan Anual de Vacantes de la vigencia | N25: % de avance en la ejecución del Plan anual de vacantes / Avance programado en la ejecución del Plan anual de vacantes | O25: 0.25 | Q25: 0.25 | S25: 0.25 | U25: 0.25 | W25: =O25+Q25+S25+U25 -> 1
A29: 7 | B29: 2. Direccionamiento estratégico | C29: 1. Planeación Institucional | D29: 3. Fortalecer la capacidad institucional y el talento humano por medio del mejoramiento de procesos y el desarrollo de competencias para incrementar la productividad y calidad de los servicios, contribuyendo a la favorabilidad de la imagen de la entidad | E29: 3.1 Fortalecer las capacidades, competencias, habilidades, conocimientos y el bienestar integral del Talento Humano al servicio de la USPEC | F29: 100% en el cumplimiento del Plan Estratégico de Talento Humano en la vigencia | G29: Formular e implementar el Plan de Previsión de Recursos Humanos de la vigencia | H29: 45292 | I29: 45657 | J29: 8. Gestión del Talento Humano | K29: 17. Subdirección Administrativa | L29: 17. Subdirector Administrativo | M29: Porcentaje de avance en la formulación e implementación del Plan de Previsión de Recursos Humanos de la vigencia | N29: % de avance en la ejecución del Plan de Previsión de Recursos Humanos / Avance programado en la ejecución del Plan de Previsión de Recursos Humanos | O29: 0.25 | Q29: 0.25 | S29: 0.25 | U29: 0.25 | W29: =O29+Q29+S29+U29 -> 1
A32: 8 | B32: 2. Direccionamiento estratégico | C32: 1. Planeación Institucional | D32: 3. Fortalecer la capacidad institucional y el talento humano por medio del mejoramiento de procesos y el desarrollo de competencias para incrementar la productividad y calidad de los servicios, contribuyendo a la favorabilidad de la imagen de la entidad | E32: 3.1 Fortalecer las capacidades, competencias, habilidades, conocimientos y el bienestar integral del Talento Humano al servicio de la USPEC | F32: 100% en el cumplimiento del Plan Estratégico de Talento Humano en la vigencia | G32: Formular e implementar el Plan de Seguridad y Salud en el Trabajo de la vigencia | H32: 45292 | I32: 45657 | J32: 8. Gestión del Talento Humano | K32: 17. Subdirección Administrativa | L32: 17. Subdirector Administrativo | M32: Porcentaje de avance en la formulación e implementación del Plan de Seguridad y Salud en el Trabajo de la vigencia | N32: % de avance en la ejecución del Plan de Seguridad y Salud en el Trabajo / Avance programado en la ejecución del Plan de Seguridad y Salud en el Trabajo | O32: 0.25 | Q32: 0.25 | S32: 0.25 | U32: 0.25 | W32: =O32+Q32+S32+U32 -> 1
A41: 9 | B41: 5. Información y Comunicación | C41: 10. Gestión documental | D41: 4. Gestionar la información y el conocimiento para la toma de decisiones con calidad, oportunidad y seguridad | E41: 4.5 Implementar un Plan Institucional de Archivos - PINAR | F41: 100% de cumplimiento en el Plan Institucional de Archivos - PINAR para la vigencia | G41: Formular e implementar el Plan Institucional de archivos PINAR de la vigencia | H41: 45292 | I41: 45657 | J41: 11. Gestión Documental | K41: 14. Dirección Administrativa y Financiera | L41: 14. Director Administrativo y Financiero | M41: Porcentaje de avance en la formulación e implementación del Plan Institucional de archivos PINAR de la vigencia | N41: % de avance en la ejecución del Plan Institucional de archivos PINAR / Avance programado en la ejecución del Plan Institucional de archivos PINAR | O41: 0.25 | Q41: 0.25 | S41: 0.25 | U41: 0.25 | W41: =O41+Q41+S41+U41 -> 1
A45: 10 | B45: 2. Direccionamiento estratégico | C45: 1. Planeación Institucional | D45: 3. Fortalecer la capacidad institucional y el talento humano por medio del mejoramiento de procesos y el desarrollo de competencias para incrementar la productividad y calidad de los servicios, contribuyendo a la favorabilidad de la imagen de la entidad | E45: 3.1 Fortalecer las capacidades, competencias, habilidades, conocimientos y el bienestar integral del Talento Humano al servicio de la USPEC | F45: 100% en el cumplimiento del Plan Estratégico de Talento Humano en la vigencia | G45: Formular e implementar el Plan Estratégico de Talento Humano de la vigencia | H45: 45292 | I45: 45322 | J45: 8. Gestión del Talento Humano | K45: 17. Subdirección Administrativa | L45: 17. Subdirector Administrativo | M45: Porcentaje de avance en la formulación e implementación del Plan Estratégico de Talento Humano de la vigencia | N45: % de avance en la ejecución del Plan Estratégico de Talento Humano / Avance programado en la ejecución del Plan Estratégico de Talento Humano | O45: 0.25 | Q45: 0.25 | S45: 0.25 | U45: 0.25 | W45: =O45+Q46+S46+U46 -> 0.25
A47: 11 | B47: 2. Direccionamiento estratégico | C47: 1. Planeación Institucional | D47: 3. Fortalecer la capacidad institucional y el talento humano por medio del mejoramiento de procesos y el desarrollo de competencias para incrementar la productividad y calidad de los servicios, contribuyendo a la favorabilidad de la imagen de la entidad | E47: 3.3 Implementar el Plan Institucional de Gestión Ambiental - PIGA | F47: 100% en el cumplimiento del Plan Institucional de Gestión Ambiental – PIGA para la vigencia | G47: Formular e implementar el Plan Institucional de Gestión Ambiental - PIGA para la vigencia | H47: 45292 | I47: 45322 | J47: 8. Gestión del Talento Humano | K47: 17. Subdirección Administrativa | L47: 17. Subdirector Administrativo | M47: Porcentaje de avance en la formulación e implementación del Plan Institucional de Gestión Ambiental - PIGA, para la vigencia | N47: % de avance en la ejecución del Plan Institucional de Gestión Ambiental PIGA / Avance programado en la ejecución del Plan Institucional de Gestión Ambiental PIGA | O47: 0.25 | Q47: 0.25 | S47: 0.25 | U47: 0.25 | W47: =O47+Q48+S48+U48 -> 0.25
A49: 12 | B49: 2. Direccionamiento estratégico | C49: 1. Planeación Institucional | D49: 3. Fortalecer la capacidad institucional y el talento humano por medio del mejoramiento de procesos y el desarrollo de competencias para incrementar la productividad y calidad de los servicios, contribuyendo a la favorabilidad de la imagen de la entidad | E49: 3.1 Fortalecer las capacidades, competencias, habilidades, conocimientos y el bienestar integral del Talento Humano al servicio de la USPEC | F49: 100% en el cumplimiento del Plan Estratégico de Talento Humano en la vigencia | G49: Hacer seguimiento a la implementación de la Política de Teletrabajo en la USPEC | H49: 45292 | I49: 45322 | J49: 8. Gestión del Talento Humano | K49: 17. Subdirección Administrativa | L49: 17. Subdirector Administrativo | M49: Porcentaje de avance en la implementación de la Política de Teletrabajo en la USPEC | N49: % de avance en la ejecución de la Política de Teletrabajo / Avance programado en la ejecución de la Política de Teletrabajo | O49: 0.25 | Q49: 0.25 | S49: 0.25 | U49: 0.25 | W49: =O49+Q50+S50+U50 -> 0.25
A51: 13 | B51: 2. Direccionamiento estratégico | C51: 1. Planeación Institucional | D51: 1. Construir, ampliar, Fortalecer y conservar la infraestructura física penitenciaria y carcelaria con un enfoque humano, sostenible y orientado a al bienestar de la población privada de la libertad a cargo del INPEC | E51: 1.1 Ampliación cupos en infraestructura atendiendo requisitos y condiciones de calidad | F51: 2500 cupos en ampliación de infraestructura con avance de proyecto del 100% 8054 cupos nuevos en infraestructura con avance de proyecto del 100% | G51: Comprometer el 100% de los recursos asignados para la vigencia, por parte de la Subdirección de Seguimiento a la Infraestructura | H51: 45292 | I51: 45657 | J51: 5. Gestión de la Infraestructura | K51: 7. Subdirección de Seguimiento a la Infraestructura | L51: 4. Subdirector de Seguimiento a la Infraestructura | M51: Porcentaje de avance de los recursos comprometidos | N51: Recursos comprometidos / Recursos asignados * 100 | O51: 0.3 | Q51: 0.6 | S51: 0.1 | U51: 0 | W51: =O51+Q51+S51+U51 -> 1
A52: 14 | B52: 2. Direccionamiento estratégico | C52: 1. Planeación Institucional | D52: 1. Construir, ampliar, Fortalecer y conservar la infraestructura física penitenciaria y carcelaria con un enfoque humano, sostenible y orientado a al bienestar de la población privada de la libertad a cargo del INPEC | E52: 1.1 Ampliación cupos en infraestructura atendiendo requisitos y condiciones de calidad | F52: 2500 cupos en ampliación de infraestructura con avance de proyecto del 100% 8054 cupos nuevos en infraestructura con avance de proyecto del 100% | G52: Obligar por lo menos el 80% de los recursos comprometidos para la vigencia, por parte de la Subdirección de Seguimiento a la Infraestructura | H52: 45292 | I52: 45657 | J52: 5. Gestión de la Infraestructura | K52: 7. Subdirección de Seguimiento a la Infraestructura | L52: 4. Subdirector de Seguimiento a la Infraestructura | M52: Porcentaje de avance en los recursos obligados | N52: Recursos obligados / Recursos comprometidos * 100 | O52: 0.2 | Q52: 0.4 | S52: 0.3 | U52: 0.1 | W52: =O52+Q52+S52+U52 -> 1
A53: 15 | B53: 2. Direccionamiento estratégico | C53: 1. Planeación Institucional | D53: 1. Construir, ampliar, Fortalecer y conservar la infraestructura física penitenciaria y carcelaria con un enfoque humano, sostenible y orientado a al bienestar de la población privada de la libertad a cargo del INPEC | E53: 1.1 Ampliación cupos en infraestructura atendiendo requisitos y condiciones de calidad | F53: 2500 cupos en ampliación de infraestructura con avance de proyecto del 100% 8054 cupos nuevos en infraestructura con avance de proyecto del 100% | G53: Obligar el 100% de los recursos que fueron constituidos como reserva presupuestal en la vigencia anterior, por parte de la Subdirección de Seguimiento a la Infraestructura | H53: 45292 | I53: 45657 | J53: 5. Gestión de la Infraestructura | K53: 7. Subdirección de Seguimiento a la Infraestructura | L53: 4. Subdirector de Seguimiento a la Infraestructura | M53: Porcentaje de avance de los recursos obligados, constituidos como reserva en la vigencia anterior | N53: Recursos obligados / Recursos comprometidos constituidos como reserva en la vigencia anterior *100 | O53: 0.4 | Q53: 0.6 | S53: 0 | U53: 0 | W53: =O53+Q53+S53+U53 -> 1
A54: 16 | B54: 2. Direccionamiento estratégico | C54: 1. Planeación Institucional | D54: 1. Construir, ampliar, Fortalecer y conservar la infraestructura física penitenciaria y carcelaria con un enfoque humano, sostenible y orientado a al bienestar de la población privada de la libertad a cargo del INPEC | E54: 1.1 Ampliación cupos en infraestructura atendiendo requisitos y condiciones de calidad | F54: 2500 cupos en ampliación de infraestructura con avance de proyecto del 100% | G54: Elaborar los documentos de lineamientos de diseño, operación y dotación para infraestructura de los establecimientos penitenciarios, tomando como referencia la Norma NTC 4595 (2014). | H54: 45292 | I54: 45657 | J54: 5. Gestión de la Infraestructura | K54: 7. Subdirección de Seguimiento a la Infraestructura | L54: 4. Subdirector de Seguimiento a la Infraestructura | M54: Porcentaje de avance en la elaboración de lineamientos de diseño, operación y dotación para infraestructura de los establecimientos penitenciarios | N54: Porcentaje de avance ejecutado en la elaboración de documentos de lineamientos de diseño / Porcentaje programado en la elaboración de documentos de lineamientos de diseño | O54: 0.3 | Q54: 0.2 | S54: 0.5 | U54: 0 | W54: =O54+Q54+S54+U54 -> 1
W55: =O55+Q55+S55+U55 -> 0
W56: =O56+Q56+S56+U56 -> 0
A57: 17 | B57: 2. Direccionamiento estratégico | C57: 1. Planeación Institucional | D57: 1. Construir, ampliar, Fortalecer y conservar la infraestructura física penitenciaria y carcelaria con un enfoque humano, sostenible y orientado a al bienestar de la población privada de la libertad a cargo del INPEC | E57: 1.1 Ampliación cupos en infraestructura atendiendo requisitos y condiciones de calidad | F57: 2500 cupos en ampliación de infraestructura con avance de proyecto del 100% | G57: Realizar seguimiento a la ejecución de los proyectos de acuerdo a los avances programados para la vigencia 2024: RM Barranquilla - 104 cupos-100% RM Cartagena - 114 cupos-100% Pabellón Calarcá - 304 cupos-30% Buga-720 cupos-85% RM Acacias - 228 cupos- 10% Pabellón 4 Bellavista - 514 cupos-30% | H57: 45292 | I57: 45657 | J57: 5. Gestión de la Infraestructura | K57: 7. Subdirección de Seguimiento a la Infraestructura | L57: 4. Subdirector de Seguimiento a la Infraestructura | M57: % de avance de ejecución de los proyectos de: RM Barranquilla - 104 cupos-100% RM Cartagena - 114 cupos-100% Pabellón Calarcá - 304 cupos-30% Buga-720 cupos-85% RM Acacias - 228 cupos- 10% Pabellón 4 Bellavista - 514 cupos-30% | N57: Σ de avance de ejecución de los proyectos de (Barranquilla+Cartagena+Calarcá+Buga+Acacias+ P. 4 Bellavista)/3,55 | O57: 0.1 | Q57: 0.2 | S57: 0.45 | U57: 0.25 | W57: =O57+Q57+S57+U57 -> 1
A58: 18 | B58: 2. Direccionamiento estratégico | C58: 1. Planeación Institucional | D58: 1. Construir, ampliar, Fortalecer y conservar la infraestructura física penitenciaria y carcelaria con un enfoque humano, sostenible y orientado a al bienestar de la población privada de la libertad a cargo del INPEC | E58: 1.1 Ampliación cupos en infraestructura atendiendo requisitos y condiciones de calidad | F58: 2500 cupos en ampliación de infraestructura con avance de proyecto del 100% | G58: Suscribir contrato para proyecto RM Acacias | H58: 45292 | I58: 45657 | J58: 5. Gestión de la Infraestructura | K58: 7. Subdirección de Seguimiento a la Infraestructura | L58: 4. Subdirector de Seguimiento a la Infraestructura | M58: Suscripción Contrato para el proyecto RM Acacias | N58: Contrato suscrito | O58: 0 | Q58: 0 | S58: 0 | U58: 1 | W58: =O58+Q58+S58+U58 -> 1
A59: 19 | B59: 2. Direccionamiento estratégico | C59: 1. Planeación Institucional | D59: 1. Construir, ampliar, Fortalecer y conservar la infraestructura física penitenciaria y carcelaria con un enfoque humano, sostenible y orientado a al bienestar de la población privada de la libertad a cargo del INPEC | E59: 1.1 Ampliación cupos en infraestructura atendiendo requisitos y condiciones de calidad | F59: 2500 cupos en ampliación de infraestructura con avance de proyecto del 100% | G59: Realizar entrega de los proyectos obras complementarias Itagüí, Espinal y Barranquilla | H59: 45292 | I59: 45657 | J59: 5. Gestión de la Infraestructura | K59: 7. Subdirección de Seguimiento a la Infraestructura | L59: 4. Subdirector de Seguimiento a la Infraestructura | M59: Porcentaje promedio de avance acumulado en obras complementarias en Itagüí, Espinal y Barranquilla | N59: Σ de avance de ejecución de los proyectos de Itagüí, Espinal y Barranquilla/3 | O59: 0.1 | Q59: 0.2 | S59: 0.45 | U59: 0.25 | W59: =O59+Q59+S59+U59 -> 1
A60: 20 | B60: 2. Direccionamiento estratégico | C60: 1. Planeación Institucional | D60: 1. Construir, ampliar, Fortalecer y conservar la infraestructura física penitenciaria y carcelaria con un enfoque humano, sostenible y orientado a al bienestar de la población privada de la libertad a cargo del INPEC | E60: 1.1 Ampliación cupos en infraestructura atendiendo requisitos y condiciones de calidad | F60: 2500 cupos en ampliación de infraestructura con avance de proyecto del 100% | G60: Realizar seguimiento a la ejecución de los proyectos de alojamientos de guardia de los establecimientos de EPMSC Girón y el EPMSC Ipiales | H60: 45292 | I60: 45657 | J60: 5. Gestión de la Infraestructura | K60: 7. Subdirección de Seguimiento a la Infraestructura | L60: 4. Subdirector de Seguimiento a la Infraestructura | M60: Porcentaje promedio de avance acumulado en obras de alojamiento de Guardia en Girón e Ipiales | N60: Σ % de avance en los proyectos EPMSC Girón y el EPMSC Ipiales / 2 | O60: 0.1 | Q60: 0.2 | S60: 0.45 | U60: 0.25 | W60: =O60+Q60+S60+U60 -> 1
A61: 21 | B61: 2. Direccionamiento estratégico | C61: 1. Planeación Institucional | D61: 1. Construir, ampliar, Fortalecer y conservar la infraestructura física penitenciaria y carcelaria con un enfoque humano, sostenible y orientado a al bienestar de la población privada de la libertad a cargo del INPEC | E61: 1.2 Construir cupos nuevos atendiendo requisitos y condiciones de calidad | F61: 8054 cupos nuevos en infraestructura con avance de proyecto del 100% | G61: Realizar seguimiento de acuerdo a la programación de obra para la vigencia 2024: Nuevo ERON Pereira Fase 1 (1519 cupos) - 100% Nuevo ERON Riohacha (1722) - 70% Nuevo ERON Sabanas de San Ángel (1974).40% Nuevo ERON Silvia (500) _ 40% Nuevo ERON Barrancabermeja (1512) - 20% Nuevo ERON Pereira Fase 2 - 10% | H61: 45292 | I61: 45657 | J61: 5. Gestión de la Infraestructura | K61: 7. Subdirección de Seguimiento a la Infraestructura | L61: 4. Subdirector de Seguimiento a la Infraestructura | M61: Porcentaje promedio de avance de los proyectos de: Nuevo ERON Pereira Fase 1 (1519 cupos) - 100% Nuevo ERON Riohacha (1722) - 70% Nuevo ERON Sabanas de San Ángel (1974).40% Nuevo ERON Silvia (500) _ 40% Nuevo ERON Barrancabermeja (1512) - 20% Nuevo ERON Pereira Fase 2 - 10% | N61: Σ de avance de ejecución de los proyectos de (Pereira F. 1 + Rioacha + Sabanas de S.A + Silvia + Barrancabermeja + Pereira F. 2)/2,8 | O61: 0.1 | Q61: 0.2 | S61: 0.45 | U61: 0.25 | W61: =O61+Q61+S61+U61 -> 1
A62: 23 | B62: 2. Direccionamiento estratégico | C62: 1. Planeación Institucional | D62: 2. Suministrar los bienes y servicios en condiciones de calidad, oportunidad y eficiencia a las personas privadas de la libertad a cargo del INPEC | E62: 2.1 Prestar el servicio de alimentación a la población privada de la libertad con criterios de calidad y eficiencia | F62: Proveer la alimentación a internos mediante el sistema de ración conformado por cuatro tiempos (desayuno, almuerzo, cena refrigerio nocturno), con promoción de hábitos alimentarios saludables, suministrando raciones para población en condiciones especiales, raciones para gestantes y lactantes. Un modelo de atención integral en salud que cuente con cobertura, oportunidad y eficiencia para la PPL a cargo del INPEC. | G62: Comprometer el 100% de los recursos asignados para la vigencia, por parte de la Subdirección de Suministro de Servicios | H62: 45292 | I62: 45657 | J62: 7. Gestión de Suministro de Bienes y Prestación de Servicios | K62: 11. Subdirección de Suministro de Servicios | L62: 8. Subdirector de Suministro de Servicios | M62: Porcentaje de avance de los recursos comprometidos | N62: Recursos comprometidos / Recursos asignados * 100 | O62: 0.3 | Q62: 0.6 | S62: 0.1 | U62: 0 | W62: =O62+Q62+S62+U62 -> 1
A63: 24 | B63: 2. Direccionamiento estratégico | C63: 1. Planeación Institucional | D63: 2. Suministrar los bienes y servicios en condiciones de calidad, oportunidad y eficiencia a las personas privadas de la libertad a cargo del INPEC | E63: 2.1 Prestar el servicio de alimentación a la población privada de la libertad con criterios de calidad y eficiencia | F63: Proveer la alimentación a internos mediante el sistema de ración conformado por cuatro tiempos (desayuno, almuerzo, cena refrigerio nocturno), con promoción de hábitos alimentarios saludables, suministrando raciones para población en condiciones especiales, raciones para gestantes y lactantes. Un modelo de atención integral en salud que cuente con cobertura, oportunidad y eficiencia para la PPL a cargo del INPEC. | G63: Obligar por lo menos el 80% de los recursos comprometidos para la vigencia, por parte de la Subdirección de Suministro de Servicios | H63: 45292 | I63: 45657 | J63: 7. Gestión de Suministro de Bienes y Prestación de Servicios | K63: 11. Subdirección de Suministro de Servicios | L63: 8. Subdirector de Suministro de Servicios | M63: Porcentaje de avance en los recursos obligados | N63: Recursos obligados / Recursos comprometidos * 100 | O63: 0.2 | Q63: 0.4 | S63: 0.3 | U63: 0.1 | W63: =O63+Q63+S63+U63 -> 1
A64: 25 | B64: 2. Direccionamiento estratégico | C64: 1. Planeación Institucional | D64: 2. Suministrar los bienes y servicios en condiciones de calidad, oportunidad y eficiencia a las personas privadas de la libertad a cargo del INPEC | E64: 2.1 Prestar el servicio de alimentación a la población privada de la libertad con criterios de calidad y eficiencia | F64: Proveer la alimentación a internos mediante el sistema de ración conformado por cuatro tiempos (desayuno, almuerzo, cena refrigerio nocturno), con promoción de hábitos alimentarios saludables, suministrando raciones para población en condiciones especiales, raciones para gestantes y lactantes. Un modelo de atención integral en salud que cuente con cobertura, oportunidad y eficiencia para la PPL a cargo del INPEC. | G64: Obligar el 100% de los recursos que fueron constituidos como reserva presupuestal en la vigencia anterior, por parte de la Subdirección de Suministro de Servicios | H64: 45292 | I64: 45657 | J64: 7. Gestión de Suministro de Bienes y Prestación de Servicios | K64: 11. Subdirección de Suministro de Servicios | L64: 8. Subdirector de Suministro de Servicios | M64: Porcentaje de avance de los recursos obligados, constituidos como reserva en la vigencia anterior | N64: Recursos obligados / Recursos comprometidos constituidos como reserva en la vigencia anterior *100 | O64: 0.4 | Q64: 0.6 | S64: 0 | U64: 0 | W64: =O64+Q64+S64+U64 -> 1
A65: 26 | B65: 2. Direccionamiento estratégico | C65: 1. Planeación Institucional | D65: 2. Suministrar los bienes y servicios en condiciones de calidad, oportunidad y eficiencia a las personas privadas de la libertad a cargo del INPEC | E65: 2.1 Prestar el servicio de alimentación a la población privada de la libertad con criterios de calidad y eficiencia | F65: Proveer la alimentación a internos mediante el sistema de ración conformado por cuatro tiempos (desayuno, almuerzo, cena refrigerio nocturno), con promoción de hábitos alimentarios saludables, suministrando raciones para población en condiciones especiales, raciones para gestantes y lactantes. | G65: Realizar el proceso precontractual y contractual para la prestación del servicio de alimentación y la interventoría del mismo, de acuerdo al modelo de alimentación actualizado y vigente y a los estándares del decreto 2674 de 2013 (acorde al cumplimiento del anexo 20 de la Licitación Pública). | H65: 45292 | I65: 45473 | J65: 7. Gestión de Suministro de Bienes y Prestación de Servicios | K65: 11. Subdirección de Suministro de Servicios | L65: 8. Subdirector de Suministro de Servicios | M65: Porcentaje de avance en las actividades requeridas para garantizar la ejecución precontractual y contractual para el suministro de alimentación | N65: Porcentaje de avance ejecutado en el proceso precontractual y contractual para el suministro de alimentación / Porcentaje programado en el proceso precontractual y contractual para el suministro de alimentación | O65: 1 | W65: =O65+Q65+S65+U65 -> 1
A68: 27 | B68: 2. Direccionamiento estratégico | C68: 1. Planeación Institucional | D68: 2. Suministrar los bienes y servicios en condiciones de calidad, oportunidad y eficiencia a las personas privadas de la libertad a cargo del INPEC | E68: 2.1 Prestar el servicio de alimentación a la población privada de la libertad con criterios de calidad y eficiencia 2.2 Establecer un proceso de evaluación a través de indicadores sobre la implementación del actual modelo de atención en salud a la PPL | F68: Proveer la alimentación a internos mediante el sistema de ración conformado por cuatro tiempos (desayuno, almuerzo, cena refrigerio nocturno), con promoción de hábitos alimentarios saludables, suministrando raciones para población en condiciones especiales, raciones para gestantes y lactantes. Un modelo de atención integral en salud que cuente con cobertura, oportunidad y eficiencia para la PPL a cargo del INPEC. | G68: Dar cumplimiento a los requerimientos del Ministerio de Justicia y el Derecho para la actualización de la batería de estándares e indicadores de las Normas Técnicas para la Vida en reclusión del ECI, según lo ordenado por la Sentencia 388 de 2013 y T-762-2015. de acuerdo a la competeNcia de la Dirección Logística | H68: 45292 | I68: 45656 | J68: 7. Gestión de Suministro de Bienes y Prestación de Servicios | K68: 16. Dirección Logística | L68: 16. Directora de Logistica | M68: Porcentaje de avance en el cumplimiento de los requerimientos | N68: Número de requerimientos atendidos / Numero de requerimientos solicitados * 100% | O68: 0 | Q68: 0.5 | S68: 0 | U68: 0.5 | W68: =O68+Q68+S68+U68 -> 1
A69: 28 | B69: 2. Direccionamiento estratégico | C69: 1. Planeación Institucional | D69: 2. Suministrar los bienes y servicios en condiciones de calidad, oportunidad y eficiencia a las personas privadas de la libertad a cargo del INPEC | E69: 2.1 Prestar el servicio de alimentación a la población privada de la libertad con criterios de calidad y eficiencia | F69: Proveer la alimentación a internos mediante el sistema de ración conformado por cuatro tiempos (desayuno, almuerzo, cena refrigerio nocturno), con promoción de hábitos alimentarios saludables, suministrando raciones para población en condiciones especiales, raciones para gestantes y lactantes. | G69: Realizar seguimiento a la interventoría del servicio de alimentación de acuerdo a lo contratado. | H69: 45292 | I69: 45657 | J69: 7. Gestión de Suministro de Bienes y Prestación de Servicios | K69: 11. Subdirección de Suministro de Servicios | L69: 8. Subdirector de Suministro de Servicios | M69: Porcentaje de meses cubiertos en seguimiento a través de informe(s) de apoyo a la supervisión del servicio de interventoría | N69: No. de meses cubiertos por los informes entregados / 3 x 25% | O69: 0.25 | Q69: 0.25 | S69: 0.25 | U69: 0.25 | W69: =O69+Q69+S69+U69 -> 1
A73: 29 | B73: 2. Direccionamiento estratégico | C73: 1. Planeación Institucional | D73: 2. Suministrar los bienes y servicios en condiciones de calidad, oportunidad y eficiencia a las personas privadas de la libertad a cargo del INPEC | E73: 2.1 Prestar el servicio de alimentación a la población privada de la libertad con criterios de calidad y eficiencia | F73: Proveer la alimentación a internos mediante el sistema de ración conformado por cuatro tiempos (desayuno, almuerzo, cena refrigerio nocturno), con promoción de hábitos alimentarios saludables, suministrando raciones para población en condiciones especiales, raciones para gestantes y lactantes. | G73: Realizar seguimiento al cumplimiento ANS (Acuerdos de Nivel de Servicio) de alimentación establecidos del anexo técnico de la licitación pública. | H73: 45292 | I73: 45657 | J73: 7. Gestión de Suministro de Bienes y Prestación de Servicios | K73: 11. Subdirección de Suministro de Servicios | L73: 8. Subdirector de Suministro de Servicios | M73: Porcentaje de avance en el seguimiento a los Acuerdos de Nivel de Servicio de alimentación | N73: No Actas de mesas de descuento entregadas / No Total de mesas de descuentos realizadas * 100% | O73: 0.25 | Q73: 0.25 | S73: 0.25 | U73: 0.25 | W73: =O73+Q73+S73+U73 -> 1
A77: 30 | B77: 2. Direccionamiento estratégico | C77: 1. Planeación Institucional | D77: 2. Suministrar los bienes y servicios en condiciones de calidad, oportunidad y eficiencia a las personas privadas de la libertad a cargo del INPEC | E77: 2.2 Establecer un proceso de evaluación a través de indicadores sobre la implementación del actual modelo de atención en salud a la PPL | F77: Un modelo de atención integral en salud que cuente con cobertura, oportunidad y eficiencia para la PPL a cargo del INPEC. | G77: Comprometer el 100% de los recursos asignados para la vigencia, por parte de la Subdirección de Suministro de Servicios | H77: 45292 | I77: 45657 | J77: 7. Gestión de Suministro de Bienes y Prestación de Servicios | K77: 11. Subdirección de Suministro de Servicios | L77: 8. Subdirector de Suministro de Servicios | M77: Porcentaje de avance de los recursos comprometidos | N77: Recursos comprometidos / Recursos asignados * 100 | O77: 0.3 | Q77: 0.6 | S77: 0.1 | U77: 0 | W77: =O77+Q77+S77+U77 -> 1
A78: 31 | B78: 2. Direccionamiento estratégico | C78: 1. Planeación Institucional | D78: 2. Suministrar los bienes y servicios en condiciones de calidad, oportunidad y eficiencia a las personas privadas de la libertad a cargo del INPEC | E78: 2.2 Establecer un proceso de evaluación a través de indicadores sobre la implementación del actual modelo de atención en salud a la PPL | F78: Un modelo de atención integral en salud que cuente con cobertura, oportunidad y eficiencia para la PPL a cargo del INPEC. | G78: Obligar por lo menos el 80% de los recursos comprometidos para la vigencia, por parte de la Subdirección de Suministro de Servicios | H78: 45292 | I78: 45657 | J78: 7. Gestión de Suministro de Bienes y Prestación de Servicios | K78: 11. Subdirección de Suministro de Servicios | L78: 8. Subdirector de Suministro de Servicios | M78: Porcentaje de avance en los recursos obligados | N78: Recursos obligados / Recursos comprometidos * 100 | O78: 0.2 | Q78: 0.4 | S78: 0.3 | U78: 0.1 | W78: =O78+Q78+S78+U78 -> 1
A79: 32 | B79: 2. Direccionamiento estratégico | C79: 1. Planeación Institucional | D79: 2. Suministrar los bienes y servicios en condiciones de calidad, oportunidad y eficiencia a las personas privadas de la libertad a cargo del INPEC | E79: 2.2 Establecer un proceso de evaluación a través de indicadores sobre la implementación del actual modelo de atención en salud a la PPL | F79: Un modelo de atención integral en salud que cuente con cobertura, oportunidad y eficiencia para la PPL a cargo del INPEC. | G79: Obligar el 100% de los recursos que fueron constituidos como reserva presupuestal en la vigencia anterior, por parte de la Subdirección de Suministro de Servicios | H79: 45292 | I79: 45657 | J79: 7. Gestión de Suministro de Bienes y Prestación de Servicios | K79: 11. Subdirección de Suministro de Servicios | L79: 8. Subdirector de Suministro de Servicios | M79: Porcentaje de avance de los recursos obligados, constituidos como reserva en la vigencia anterior | N79: Recursos obligados / Recursos comprometidos constituidos como reserva en la vigencia anterior *100 | O79: 0.4 | Q79: 0.6 | S79: 0 | U79: 0 | W79: =O79+Q79+S79+U79 -> 1
A80: 33 | B80: 2. Direccionamiento estratégico | C80: 1. Planeación Institucional | D80: 2. Suministrar los bienes y servicios en condiciones de calidad, oportunidad y eficiencia a las personas privadas de la libertad a cargo del INPEC | E80: 2.2 Establecer un proceso de evaluación a través de indicadores sobre la implementación del actual modelo de atención en salud a la PPL | F80: Un modelo de atención integral en salud que cuente con cobertura, oportunidad y eficiencia para la PPL a cargo del INPEC. | G80: Realizar seguimiento a la prestación del servicio de salud de acuerdo a la ruta de atención de la PPL con patología mental. | H80: 45444 | I80: 45656 | J80: 7. Gestión de Suministro de Bienes y Prestación de Servicios | K80: 11. Subdirección de Suministro de Servicios | L80: 8. Subdirector de Suministro de Servicios | M80: Porcentaje de avance en el seguimiento a la prestación del servicio de salud de acuerdo a la ruta de atención de la PPL con patología mental. | N80: No. De meses cubiertos por los informes entregados /3 Meses x 100% | O80: 0.25 | Q80: 0.25 | S80: 0.25 | U80: 0.25 | W80: =O80+Q80+S80+U80 -> 1
A84: 34 | B84: 2. Direccionamiento estratégico | C84: 1. Planeación Institucional | D84: 2. Suministrar los bienes y servicios en condiciones de calidad, oportunidad y eficiencia a las personas privadas de la libertad a cargo del INPEC | E84: 2.2 Establecer un proceso de evaluación a través de indicadores sobre la implementación del actual modelo de atención en salud a la PPL | F84: Un modelo de atención integral en salud que cuente con cobertura, oportunidad y eficiencia para la PPL a cargo del INPEC. | G84: Realizar seguimiento a la prestación en servicios de salud de acuerdo a la ruta de atención de la población diferencial LGTBIQ+ | H84: 45444 | I84: 45656 | J84: 7. Gestión de Suministro de Bienes y Prestación de Servicios | K84: 11. Subdirección de Suministro de Servicios | L84: 8. Subdirector de Suministro de Servicios | M84: Porcentaje de avance en el seguimiento a la prestación del servicio de salud de acuerdo a la ruta de atención de la población diferencial LGTBIQ+ | N84: No. de meses cubiertos por los informes entregados / 6 Meses x 50 % | O84: 0 | Q84: 0 | S84: 0.5 | U84: 0.5 | W84: =O84+Q84+S84+U84 -> 1
A88: 35 | B88: 2. Direccionamiento estratégico | C88: 1. Planeación Institucional | D88: 2. Suministrar los bienes y servicios en condiciones de calidad, oportunidad y eficiencia a las personas privadas de la libertad a cargo del INPEC | E88: 2.2 Establecer un proceso de evaluación a través de indicadores sobre la implementación del actual modelo de atención en salud a la PPL | F88: Un modelo de atención integral en salud que cuente con cobertura, oportunidad y eficiencia para la PPL a cargo del INPEC. | G88: Instruir a la Entidad Fiduciaria para garantizar la continuidad en la ejecución del Software de Historia Clínica Electrónica en los ERON, conforme a las fases determinadas en las obligaciones contractuales. | H88: 45292 | I88: 45656 | J88: 7. Gestión de Suministro de Bienes y Prestación de Servicios | K88: 11. Subdirección de Suministro de Servicios | L88: 8. Subdirector de Suministro de Servicios | M88: Porcentaje de avance en las actividades para instruir a la Entidad Fiduciaria para garantizar la continuidad en la ejecución del software de historia clínica electrónica en los ERON | N88: Porcentaje de avance ejecutado en las actividades para instruir a la Entidad Fiduciaria para garantizar la continuidad en la ejecución del software de historia clínica electrónica / Porcentaje de avance programado en las actividades para instruir a la Entidad Fiduciaria para garantizar la continuidad en la ejecución del software de historia clínica electrónica | O88: 0.25 | Q88: 0.25 | S88: 0.25 | U88: 0.25 | W88: =O88+Q88+S88+U88 -> 1
W89: =O89+Q89+S89+U89 -> 0
W90: =O90+Q90+S90+U90 -> 0
W91: =O91+Q91+S91+U91 -> 0
A92: 36 | B92: 2. Direccionamiento estratégico | C92: 1. Planeación Institucional | D92: 2. Suministrar los bienes y servicios en condiciones de calidad, oportunidad y eficiencia a las personas privadas de la libertad a cargo del INPEC | E92: 2.2 Establecer un proceso de evaluación a través de indicadores sobre la implementación del actual modelo de atención en salud a la PPL | F92: Un modelo de atención integral en salud que cuente con cobertura, oportunidad y eficiencia para la PPL a cargo del INPEC. | G92: Instruir a la Entidad Fiduciaria para garantizar la continuidad de la contratación por modalidad de capitación en los ERON a cargo del INPEC. | H92: 45292 | I92: 45657 | J92: 7. Gestión de Suministro de Bienes y Prestación de Servicios | K92: 11. Subdirección de Suministro de Servicios | L92: 8. Subdirector de Suministro de Servicios | M92: Porcentaje de avance en las actividades para para garantizar la continuidad de la contratación por modalidad de capitación en los ERON a cargo del INPEC. | N92: No. de ERON con modelo de Cápita / No. De ERON a cargo del INPEC x 100/4 | O92: 0.25 | Q92: 0.25 | S92: 0.25 | U92: 0.25 | W92: =O92+Q92+S92+U92 -> 1
A97: 37 | B97: 2. Direccionamiento estratégico | C97: 1. Planeación Institucional | D97: 2. Suministrar los bienes y servicios en condiciones de calidad, oportunidad y eficiencia a las personas privadas de la libertad a cargo del INPEC | E97: 2.2 Establecer un proceso de evaluación a través de indicadores sobre la implementación del actual modelo de atención en salud a la PPL | F97: Un modelo de atención integral en salud que cuente con cobertura, oportunidad y eficiencia para la PPL a cargo del INPEC. | G97: Realizar la supervisión al contrato de fiducia mercantil y el seguimiento a la prestación del servicio de salud, garantizando el personal idóneo para ambas tareas en el grupo de salud. | H97: 45292 | I97: 45657 | J97: 7. Gestión de Suministro de Bienes y Prestación de Servicios | K97: 11. Subdirección de Suministro de Servicios | L97: 8. Subdirector de Suministro de Servicios | M97: Porcentaje de avance en la ejecución del contrato de fiducia mercantil | N97: No. de meses cubiertos por los informes entregados / 3 x 25 | O97: 0.25 | Q97: 0.25 | S97: 0.25 | U97: 0.25 | W97: =O97+Q97+S97+U97 -> 1
A100: 38 | B100: 2. Direccionamiento estratégico | C100: 1. Planeación Institucional | D100: 2. Suministrar los bienes y servicios en condiciones de calidad, oportunidad y eficiencia a las personas privadas de la libertad a cargo del INPEC | E100: 2.2 Establecer un proceso de evaluación a través de indicadores sobre la implementación del actual modelo de atención en salud a la PPL | F100: Un modelo de atención integral en salud que cuente con cobertura, oportunidad y eficiencia para la PPL a cargo del INPEC. | G100: Realizar el proceso contractual para la contratación del Administrador Fiduciario del Fondo Nacional de Salud. | H100: 45292 | I100: 45473 | J100: 7. Gestión de Suministro de Bienes y Prestación de Servicios | K100: 11. Subdirección de Suministro de Servicios | L100: 8. Subdirector de Suministro de Servicios | M100: Porcentaje de avance en el proceso contractual del Administrador Fiduciario del Fondo Nacional de Salud | N100: Porcentaje de avance ejecutado en el proceso contractual del Administrador Fiduciario / Porcentaje programado de avance en el proceso contractual del Administrados Fiduciario | O100: 1 | Q100: 0 | S100: 0 | U100: 0 | W100: =O100+Q100+S100+U100 -> 1
A103: 39 | B103: 2. Direccionamiento estratégico | C103: 1. Planeación Institucional | D103: 2. Suministrar los bienes y servicios en condiciones de calidad, oportunidad y eficiencia a las personas privadas de la libertad a cargo del INPEC | E103: 2.2 Establecer un proceso de evaluación a través de indicadores sobre la implementación del actual modelo de atención en salud a la PPL | F103: Un modelo de atención integral en salud que cuente con cobertura, oportunidad y eficiencia para la PPL a cargo del INPEC. | G103: Realizar el seguimiento a la ejecución de los recursos del administrador fiduciario. | H103: 45292 | I103: 45656 | J103: 7. Gestión de Suministro de Bienes y Prestación de Servicios | K103: 11. Subdirección de Suministro de Servicios | L103: 8. Subdirector de Suministro de Servicios | M103: Porcentaje de avance en la ejecución de los recursos del administrador fiduciario | N103: No. de meses cubiertos por los informes entregados / 3 x 25 | O103: 0.25 | Q103: 0.25 | S103: 0.25 | U103: 0.25 | W103: =O103+Q103+S103+U103 -> 1
A106: 40 | B106: 2. Direccionamiento estratégico | C106: 1. Planeación Institucional | D106: 2. Suministrar los bienes y servicios en condiciones de calidad, oportunidad y eficiencia a las personas privadas de la libertad a cargo del INPEC | E106: 2.3 Brindar el servicio de vigilancia Electrónica efectivo para la Población Privada de la Libertad beneficiada con esta medida, de acuerdo a la disponibilidad presupuestal | F106: 100% de las personas privadas de la libertad con medida de vigilancia electrónica con dispositivo instalado y en adecuado funcionamiento, acorde a la disponibilidad presupuestal | G106: Comprometer el 100% de los recursos asignados para la vigencia, por parte de la Subdirección de Suministro de Bienes | H106: 45292 | I106: 45657 | J106: 7. Gestión de Suministro de Bienes y Prestación de Servicios | K106: 12. Subdirección de Suministro de Bienes | L106: 10. Subdirector de Suministro de Bienes | M106: Porcentaje de avance de los recursos comprometidos | N106: Recursos comprometidos / Recursos asignados * 100 | O106: 0.3 | Q106: 0.6 | S106: 0.1 | U106: 0 | W106: =O106+Q106+S106+U106 -> 1
A107: 41 | B107: 2. Direccionamiento estratégico | C107: 1. Planeación Institucional | D107: 2. Suministrar los bienes y servicios en condiciones de calidad, oportunidad y eficiencia a las personas privadas de la libertad a cargo del INPEC | E107: 2.3 Brindar el servicio de vigilancia Electrónica efectivo para la Población Privada de la Libertad beneficiada con esta medida, de acuerdo a la disponibilidad presupuestal | F107: 100% de las personas privadas de la libertad con medida de vigilancia electrónica con dispositivo instalado y en adecuado funcionamiento, acorde a la disponibilidad presupuestal | G107: Obligar por lo menos el 80% de los recursos comprometidos para la vigencia, por parte de la Subdirección de Suministro de Bienes | H107: 45292 | I107: 45657 | J107: 7. Gestión de Suministro de Bienes y Prestación de Servicios | K107: 12. Subdirección de Suministro de Bienes | L107: 10. Subdirector de Suministro de Bienes | M107: Porcentaje de avance en los recursos obligados | N107: Recursos obligados / Recursos comprometidos * 100 | O107: 0.2 | Q107: 0.4 | S107: 0.3 | U107: 0.1 | W107: =O107+Q107+S107+U107 -> 1
A108: 42 | B108: 2. Direccionamiento estratégico | C108: 1. Planeación Institucional | D108: 2. Suministrar los bienes y servicios en condiciones de calidad, oportunidad y eficiencia a las personas privadas de la libertad a cargo del INPEC | E108: 2.3 Brindar el servicio de vigilancia Electrónica efectivo para la Población Privada de la Libertad beneficiada con esta medida, de acuerdo a la disponibilidad presupuestal | F108: 100% de las personas privadas de la libertad con medida de vigilancia electrónica con dispositivo instalado y en adecuado funcionamiento, acorde a la disponibilidad presupuestal | G108: Obligar el 100% de los recursos que fueron constituidos como reserva presupuestal en la vigencia anterior, por parte de la Subdirección de Suministro de Bienes | H108: 45292 | I108: 45657 | J108: 7. Gestión de Suministro de Bienes y Prestación de Servicios | K108: 12. Subdirección de Suministro de Bienes | L108: 10. Subdirector de Suministro de Bienes | M108: Porcentaje de avance de los recursos obligados, constituidos como reserva en la vigencia anterior | N108: Recursos obligados / Recursos comprometidos constituidos como reserva en la vigencia anterior *100 | O108: 0.4 | Q108: 0.6 | S108: 0 | U108: 0 | W108: =O108+Q108+S108+U108 -> 1
A109: 43 | B109: 2. Direccionamiento estratégico | C109: 1. Planeación Institucional | D109: 2. Suministrar los bienes y servicios en condiciones de calidad, oportunidad y eficiencia a las personas privadas de la libertad a cargo del INPEC | E109: 2.3 Brindar el servicio de vigilancia Electrónica efectivo para la Población Privada de la Libertad beneficiada con esta medida, de acuerdo a la disponibilidad presupuestal | F109: 100% de las personas privadas de la libertad con medida de vigilancia electrónica con dispositivo instalado y en adecuado funcionamiento, acorde a la disponibilidad presupuestal | G109: Realizar el proceso precontractual y contractual para la prestación del servicio de vigilancia electrónica y su respectiva interventoria . | H109: 45292 | I109: 45381 | J109: 7. Gestión de Suministro de Bienes y Prestación de Servicios | K109: 12. Subdirección de Suministro de Bienes | L109: 10. Subdirector de Suministro de Bienes | M109: Porcentaje de avance en el proceso precontractual y contractual para la prestación del servicio de vigilancia electrónica. | N109: Porcentaje de avance ejecutado / Porcentaje de avance programado | O109: 1 | Q109: 0 | S109: 0 | U109: 0 | W109: =O109+Q109+S109+U109 -> 1
A112: 44 | B112: 2. Direccionamiento estratégico | C112: 1. Planeación Institucional | D112: 2. Suministrar los bienes y servicios en condiciones de calidad, oportunidad y eficiencia a las personas privadas de la libertad a cargo del INPEC | E112: 2.3 Brindar el servicio de vigilancia Electrónica efectivo para la Población Privada de la Libertad beneficiada con esta medida, de acuerdo a la disponibilidad presupuestal | F112: 100% de las personas privadas de la libertad con medida de vigilancia electrónica con dispositivo instalado y en adecuado funcionamiento, acorde a la disponibilidad presupuestal | G112: Realizar el seguimiento a la interventoría y al servicio de vigilancia electrónica. | H112: 45292 | I112: 45657 | J112: 7. Gestión de Suministro de Bienes y Prestación de Servicios | K112: 12. Subdirección de Suministro de Bienes | L112: 10. Subdirector de Suministro de Bienes | M112: Porcentaje de avance en la contratación y seguimiento a la interventoría y al servicio de vigilancia electrónica | N112: Porcentaje de avance ejecutado en la contratación y seguimiento a la interventoría del Servicio de vigilancia electrónica / Porcentaje programado en la contratación y seguimiento a la interventoría del Servicio de vigilancia electrónica | O112: 0.25 | Q112: 0.25 | S112: 0.25 | U112: 0.25 | W112: =O112+Q112+S112+U112 -> 1
A115: 45 | B115: 2. Direccionamiento estratégico | C115: 1. Planeación Institucional | D115: 2. Suministrar los bienes y servicios en condiciones de calidad, oportunidad y eficiencia a las personas privadas de la libertad a cargo del INPEC | E115: 2.4 Suministrar los bienes y servicios necesarios para la operación y sostenibilidad del sistema penitenciario y carcelario | F115: 100% de los bienes muebles e inmuebles, y servicios pertinentes, suministrados sin interrupción al sistema penitenciario y carcelario. | G115: Realizar los procesos de contratación según priorización de los bienes por porte del INPEC | H115: 45292 | I115: 45657 | J115: 7. Gestión de Suministro de Bienes y Prestación de Servicios | K115: 12. Subdirección de Suministro de Bienes | L115: 10. Subdirector de Suministro de Bienes | M115: Porcentaje de avance en la contratación contratación decuerdo a la priorización de los bienes por porte del INPEC | N115: Numero de procesos de la priorización cubiertos por los contratos suscritos a la fecha / numero total de procesos que estan dentro de la priorización de necesidades *100 | O115: 0.25 | Q115: 0.25 | S115: 0.25 | U115: 0.25 | W115: =O115+Q115+S115+U115 -> 1
A122: 46 | B122: 2. Direccionamiento estratégico | C122: 1. Planeación Institucional | D122: 2. Suministrar los bienes y servicios en condiciones de calidad, oportunidad y eficiencia a las personas privadas de la libertad a cargo del INPEC | E122: 2.4 Suministrar los bienes y servicios necesarios para la operación y sostenibilidad del sistema penitenciario y carcelario | F122: 100% de los bienes muebles e inmuebles, y servicios pertinentes, suministrados sin interrupción al sistema penitenciario y carcelario. | G122: Establecer el plan de necesidades con el INPEC. | H122: 45292 | I122: 45322 | J122: 7. Gestión de Suministro de Bienes y Prestación de Servicios | K122: 12. Subdirección de Suministro de Bienes | L122: 10. Subdirector de Suministro de Bienes | M122: Porcentaje de avance en el plan de necesidades con el INPEC | N122: Porcentaje de avance de ejecución en la elaboración del plan de necesidades con el INPEC / Porcentaje programado de avance en el desarrollo del plan de necesidades con el INPEC | O122: 1 | Q122: 0 | S122: 0 | U122: 0 | V122: 0 | W122: =O122+Q122+S122+U122 -> 1
A123: 47 | B123: 2. Direccionamiento estratégico | C123: 1. Planeación Institucional | D123: 3. Fortalecer la capacidad institucional y el talento humano por medio del mejoramiento de procesos y el desarrollo de competencias para incrementar la productividad y calidad de los servicios, contribuyendo a la favorabilidad de la imagen de la entidad | E123: 3.2 Implementar el Modelo Integrado de Planeación y Gestión – MIPG | F123: 100% del Modelo Integrado de Planeación y Gestión - MIPG implementado para la vigencia | G123: Gestionar los procesos contractuales que conlleven a la adquisición de los bienes, obras o servicios requeridos por la entidad, de acuerdo con la normativa vigente y a los procedimientos establecidos en la entidad. | H123: 45292 | I123: 45656 | J123: 6. Gestión Contractual | K123: 13. Dirección de Gestión Contractual | L123: 12. Director de Gestión Contractual | M123: Porcentaje de avance en la gestión de los procesos contractuales. | N123: Numero de procesos contractuales Gestionados / Numero de Procesos contractuales solicitados por las dependencias. | O123: 0.25 | Q123: 0.25 | S123: 0.25 | U123: 0.25 | W123: =O123+Q123+S123+U123 -> 1
A127: 48 | B127: 2. Direccionamiento estratégico | C127: 1. Planeación Institucional | D127: 1. Construir, ampliar, Fortalecer y conservar la infraestructura física penitenciaria y carcelaria con un enfoque humano, sostenible y orientado a al bienestar de la población privada de la libertad a cargo del INPEC | E127: 1.3 Intervenir establecimientos carcelarios del orden nacional a través de adecuaciones y mantenimiento | F127: Contratar el 100% de las intervenciones de fortalecimiento y la infraestructura programadas (priorización INPEC y/o ordenada por acción judicial u órgano superior) | G127: Comprometer el 100% de los recursos asignados para la vigencia, por parte de la Subdirección de Construcción y Conservación | H127: 45292 | I127: 45657 | J127: 5. Gestión de la Infraestructura | K127: 8. Subdirección de Construcción y Conservación | L127: 5. Subdirector de Construcción y Conservación | M127: Porcentaje de avance de los recursos comprometidos | N127: Recursos comprometidos / Recursos asignados * 100 | O127: 0.3 | Q127: 0.6 | S127: 0.1 | U127: 0 | W127: =O127+Q127+S127+U127 -> 1
A132: 49 | B132: 2. Direccionamiento estratégico | C132: 1. Planeación Institucional | D132: 1. Construir, ampliar, Fortalecer y conservar la infraestructura física penitenciaria y carcelaria con un enfoque humano, sostenible y orientado a al bienestar de la población privada de la libertad a cargo del INPEC | E132: 1.3 Intervenir establecimientos carcelarios del orden nacional a través de adecuaciones y mantenimiento | F132: Contratar el 100% de las intervenciones de fortalecimiento y la infraestructura programadas (priorización INPEC y/o ordenada por acción judicial u órgano superior) | G132: Obligar por lo menos el 80% de los recursos comprometidos para la vigencia, por parte de la Subdirección de Construcción y Conservación | H132: 45292 | I132: 45657 | J132: 5. Gestión de la Infraestructura | K132: 8. Subdirección de Construcción y Conservación | L132: 5. Subdirector de Construcción y Conservación | M132: Porcentaje de avance en los recursos obligados | N132: Recursos obligados / Recursos comprometidos * 100 | O132: 0.2 | Q132: 0.4 | S132: 0.3 | U132: 0.1 | W132: =O132+Q132+S132+U132 -> 1
A137: 50 | B137: 2. Direccionamiento estratégico | C137: 1. Planeación Institucional | D137: 1. Construir, ampliar, Fortalecer y conservar la infraestructura física penitenciaria y carcelaria con un enfoque humano, sostenible y orientado a al bienestar de la población privada de la libertad a cargo del INPEC | E137: 1.3 Intervenir establecimientos carcelarios del orden nacional a través de adecuaciones y mantenimiento | F137: Contratar el 100% de las intervenciones de fortalecimiento y la infraestructura programadas (priorización INPEC y/o ordenada por acción judicial u órgano superior) | G137: Obligar el 100% de los recursos que fueron constituidos como reserva presupuestal en la vigencia anterior, por parte de la Subdirección de Construcción y Conservación | H137: 45292 | I137: 45657 | J137: 5. Gestión de la Infraestructura | K137: 8. Subdirección de Construcción y Conservación | L137: 5. Subdirector de Construcción y Conservación | M137: Porcentaje de avance de los recursos obligados, constituidos como reserva en la vigencia anterior | N137: Recursos obligados / Recursos comprometidos constituidos como reserva en la vigencia anterior *100 | O137: 0.4 | Q137: 0.6 | S137: 0 | U137: 0 | W137: =O137+Q137+S137+U137 -> 1
A138: 51 | B138: 2. Direccionamiento estratégico | C138: 1. Planeación Institucional | D138: 1. Construir, ampliar, Fortalecer y conservar la infraestructura física penitenciaria y carcelaria con un enfoque humano, sostenible y orientado a al bienestar de la población privada de la libertad a cargo del INPEC | E138: 1.3 Intervenir establecimientos carcelarios del orden nacional a través de adecuaciones y mantenimiento | F138: Contratar el 100% de las intervenciones de fortalecimiento y la infraestructura programadas (priorización INPEC y/o ordenada por acción judicial u órgano superior) | G138: Hacer seguimiento a la ejecución contractual de la vigencia para las intervenciones de fortalecimiento a la infraestructura | H138: 45292 | I138: 45657 | J138: 5. Gestión de la Infraestructura | K138: 8. Subdirección de Construcción y Conservación | L138: 5. Subdirector de Construcción y Conservación | M138: Porcentaje de avance en las actividades correspondientes al seguimiento de la ejecución contractual de las intervenciones de fortalecimiento a la infraestructura | N138: ((No. seguimiento a contratos de la vigencia /No. de contratos suscritos de la vigencia con corte a la fecha) x 100)/4 | O138: 0.25 | Q138: 0.25 | S138: 0.25 | U138: 0.25 | W138: =O138+Q138+S138+U138 -> 1
A143: 52 | B143: 2. Direccionamiento estratégico | C143: 1. Planeación Institucional | D143: 1. Construir, ampliar, Fortalecer y conservar la infraestructura física penitenciaria y carcelaria con un enfoque humano, sostenible y orientado a al bienestar de la población privada de la libertad a cargo del INPEC | E143: 1.3 Intervenir establecimientos carcelarios del orden nacional a través de adecuaciones y mantenimiento | F143: Contratar el 100% de las intervenciones de fortalecimiento y la infraestructura programadas (priorización INPEC y/o ordenada por acción judicial u órgano superior) | G143: Realizar seguimiento a la operación y mantenimiento de las plantas de tratamiento de agua potable y/o residual de los 32 establecimientos que cuentan con planta. | H143: 45292 | I143: 45657 | J143: 5. Gestión de la Infraestructura | K143: 8. Subdirección de Construcción y Conservación | L143: 5. Subdirector de Construcción y Conservación | M143: Porcentaje de avance en el seguimiento a la operación y mantenimiento a las plantas de tratamiento de agua potable y/o residual de los 32 establecimientos que cuentan con planta | N143: No informes entregados /12*100 | O143: 0.25 | Q143: 0.25 | S143: 0.25 | U143: 0.25 | W143: =O143+Q143+S143+U143 -> 1
A146: 53 | B146: 2. Direccionamiento estratégico | C146: 1. Planeación Institucional | D146: 1. Construir, ampliar, Fortalecer y conservar la infraestructura física penitenciaria y carcelaria con un enfoque humano, sostenible y orientado a al bienestar de la población privada de la libertad a cargo del INPEC | E146: 1.3 Intervenir establecimientos carcelarios del orden nacional a través de adecuaciones y mantenimiento | F146: Contratar el 100% de las intervenciones de fortalecimiento y la infraestructura programadas (priorización INPEC y/o ordenada por acción judicial u órgano superior) | G146: Priorizar las intervenciones de fortalecimiento a la infraestructura de acuerdo con las necesidades del INPEC y la disponibilidad presupuestal. | H146: 1/1/202 | I146: 45382 | J146: 5. Gestión de la Infraestructura | K146: 8. Subdirección de Construcción y Conservación | L146: 5. Subdirector de Construcción y Conservación | M146: Porcentaje de avance en la priorización de intervenciones de fortalecimiento a la infraestructura | N146: Entrega de documento priorización de necesidades USPEC - INPEC / 1 *100 | O146: 1 | Q146: 0 | S146: 0 | U146: 0 | W146: =O146+Q146+S146+U146 -> 1
A149: 54 | B149: 2. Direccionamiento estratégico | C149: 1. Planeación Institucional | D149: 1. Construir, ampliar, Fortalecer y conservar la infraestructura física penitenciaria y carcelaria con un enfoque humano, sostenible y orientado a al bienestar de la población privada de la libertad a cargo del INPEC | E149: 1.3 Intervenir establecimientos carcelarios del orden nacional a través de adecuaciones y mantenimiento | F149: Contratar el 100% de las intervenciones de fortalecimiento y la infraestructura programadas (priorización INPEC y/o ordenada por acción judicial u órgano superior) | G149: Realizar la contratación de las intervenciones de fortalecimiento a la infraestructura programadas según la priorización de la vigencia | H149: 45352 | I149: 45657 | J149: 5. Gestión de la Infraestructura | K149: 8. Subdirección de Construcción y Conservación | L149: 5. Subdirector de Construcción y Conservación | M149: Porcentaje de avance en la contratación de las intervenciones de fortalecimiento a la infraestructura programadas según la priorización de la vigencia | N149: No. de intervenciones contratadas / No. de intervenciones programadas x 100 | O149: 0.1 | Q149: 0.35 | S149: 0.3 | U149: 0.25 | W149: =O149+Q149+S149+U149 -> 1
A154: 55 | B154: 2. Direccionamiento estratégico | C154: 1. Planeación Institucional | D154: 3. Fortalecer la capacidad institucional y el talento humano por medio del mejoramiento de procesos y el desarrollo de competencias para incrementar la productividad y calidad de los servicios, contribuyendo a la favorabilidad de la imagen de la entidad | E154: 3.2 Implementar el Modelo Integrado de Planeación y Gestión – MIPG | F154: 100% del Modelo Integrado de Planeación y Gestión - MIPG implementado para la vigencia | G154: Hacer seguimiento a las actividades enfocadas a la implementación de las políticas de cada una de las 7 dimensiones del Modelo Integrado de Planeación y Gestión MIPG, a través del Plan de implementación. | H154: 45292 | I154: 45657 | J154: 1. Gestión Estratégica Organizacional | K154: 3. Oficina Asesora de Planeación y Desarrollo | L154: 3. Jefe de Oficina | M154: Porcentaje de avance en las actividades relacionadas con el seguimiento al plan de implementación MIPG | N154: Número de actividades realizadas del plan MIPG / Número de actividades programadas en el plan de MIPG * 100 | O154: 0 | Q154: 0 | S154: 0.5 | U154: 0.5 | W154: =O154+Q154+S154+U154 -> 1
A158: 56 | B158: 2. Direccionamiento estratégico | C158: 1. Planeación Institucional | D158: 3. Fortalecer la capacidad institucional y el talento humano por medio del mejoramiento de procesos y el desarrollo de competencias para incrementar la productividad y calidad de los servicios, contribuyendo a la favorabilidad de la imagen de la entidad | E158: 3.2 Implementar el Modelo Integrado de Planeación y Gestión – MIPG | F158: 100% del Modelo Integrado de Planeación y Gestión - MIPG implementado para la vigencia | G158: Implementar el módulo de planes en el aplicativo MIPGestión. | H158: 45292 | I158: 45657 | J158: 1. Gestión Estratégica Organizacional | K158: 3. Oficina Asesora de Planeación y Desarrollo | L158: 3. Jefe de Oficina | M158: Porcentaje de avance en las actividades relacionadas con la implementación del módulo de planes en el aplicativo MIPGestión. | N158: Número de actividades realizadas para la implementación / Número total de actividades programadas para la implementación *100 | O158: 0 | Q158: 1 | S158: 0 | U158: 0 | W158: =O158+Q158+S158+U158 -> 1
A161: 57 | B161: 2. Direccionamiento estratégico | C161: 1. Planeación Institucional | D161: 1. Construir, ampliar, Fortalecer y conservar la infraestructura física penitenciaria y carcelaria con un enfoque humano, sostenible y orientado a al bienestar de la población privada de la libertad a cargo del INPEC | E161: 1.1 Ampliación cupos en infraestructura atendiendo requisitos y condiciones de calidad 1.2 Construir cupos nuevos atendiendo requisitos y condiciones de calidad 1.3 Intervenir establecimientos carcelarios del orden nacional a través de adecuaciones y mantenimiento | F161: 8054 cupos nuevos en infraestructura con avance de proyecto del 100% 2500 cupos en ampliación de infraestructura con avance de proyecto del 100% Contratar el 100% de las intervenciones de fortalecimiento y la infraestructura programadas (priorización INPEC y/o ordenada por acción judicial u órgano superior) | G161: Dar cumplimiento a los requerimientos del Ministerio de Justicia y el Derecho para actualización de la batería de estándares e indicadores de las Normas Técnicas para la Vida en reclusión del ECI, según lo ordenado por la Sentencia 388 de 2013 y T-762-2015, de acuerdo a la competencia de la Dirección de Infraestructura. | H161: 45292 | I161: 45656 | J161: 5. Gestión de la Infraestructura | K161: 15. Dirección de Infraestructura | L161: 15. Director de Infraestructura | M161: Porcentaje de avance en el cumplimiento de los requerimientos | N161: Número de requerimientos atendidos / Numero de requerimientos solicitados * 100% | O161: 0 | Q161: 0.5 | S161: 0 | U161: 0.5 | W161: =O161+Q161+S161+U161 -> 1
A162: 58 | B162: 2. Direccionamiento estratégico | C162: 1. Planeación Institucional | D162: 3. Fortalecer la capacidad institucional y el talento humano por medio del mejoramiento de procesos y el desarrollo de competencias para incrementar la productividad y calidad de los servicios, contribuyendo a la favorabilidad de la imagen de la entidad | E162: 3.4 Implementar el Plan Anticorrupción y Atención al Ciudadano | F162: 100% en el cumplimiento del Plan Anticorrupción y Atención al Ciudadano para la vigencia | G162: Formular el Plan Anticorrupción y Atención al Ciudadano para la vigencia | H162: 45292 | I162: 45322 | J162: 1. Gestión Estratégica Organizacional | K162: 3. Oficina Asesora de Planeación y Desarrollo | L162: 3. Jefe de Oficina | M162: Porcentaje de avance en la ejecución de actividades para la formulación del Plan Anticorrupción y Atención al Ciudadano para la vigencia | N162: Componentes formulados y aprobados del Plan Anticorrupción y Atención al Ciudadano / Total de componentes * 100 | O162: 1 | Q162: 0 | S162: 0 | U162: 0 | W162: =O162+Q163+S163+U163 -> 1
A164: 59 | B164: 2. Direccionamiento estratégico | C164: 1. Planeación Institucional | D164: 3. Fortalecer la capacidad institucional y el talento humano por medio del mejoramiento de procesos y el desarrollo de competencias para incrementar la productividad y calidad de los servicios, contribuyendo a la favorabilidad de la imagen de la entidad | E164: 3.2 Implementar el Modelo Integrado de Planeación y Gestión – MIPG | F164: 100% del Modelo Integrado de Planeación y Gestión - MIPG implementado para la vigencia | G164: Comprometer el 100% de los recursos asignados para la vigencia, por parte de la Oficina Asesora Jurídica | H164: 45292 | I164: 45657 | J164: 9. Gestión Jurídica | K164: 4. Oficina Asesora Jurídica | L164: 3. Jefe de Oficina | M164: Porcentaje de avance de los recursos comprometidos | N164: Recursos comprometidos / Recursos asignados * 100 | O164: 0.3 | Q164: 0.6 | S164: 0.1 | U164: 0 | W164: =O164+Q164+S164+U164 -> 1
A165: 60 | B165: 2. Direccionamiento estratégico | C165: 1. Planeación Institucional | D165: 3. Fortalecer la capacidad institucional y el talento humano por medio del mejoramiento de procesos y el desarrollo de competencias para incrementar la productividad y calidad de los servicios, contribuyendo a la favorabilidad de la imagen de la entidad | E165: 3.2 Implementar el Modelo Integrado de Planeación y Gestión – MIPG | F165: 100% del Modelo Integrado de Planeación y Gestión - MIPG implementado para la vigencia | G165: Obligar por lo menos el 80% de los recursos comprometidos para la vigencia, por parte de la Oficina Asesora Jurídica | H165: 45292 | I165: 45657 | J165: 9. Gestión Jurídica | K165: 4. Oficina Asesora Jurídica | L165: 3. Jefe de Oficina | M165: Porcentaje de avance en los recursos obligados | N165: Recursos obligados / Recursos comprometidos * 100 | O165: 0.2 | Q165: 0.4 | S165: 0.3 | U165: 0.1 | W165: =O165+Q165+S165+U165 -> 1
A166: 61 | B166: 2. Direccionamiento estratégico | C166: 1. Planeación Institucional | D166: 3. Fortalecer la capacidad institucional y el talento humano por medio del mejoramiento de procesos y el desarrollo de competencias para incrementar la productividad y calidad de los servicios, contribuyendo a la favorabilidad de la imagen de la entidad | E166: 3.2 Implementar el Modelo Integrado de Planeación y Gestión – MIPG | F166: 100% del Modelo Integrado de Planeación y Gestión - MIPG implementado para la vigencia | G166: Obligar el 100% de los recursos que fueron constituidos como reserva presupuestal en la vigencia anterior, por parte de la Oficina Asesora Jurídica | H166: 45292 | I166: 45657 | J166: 9. Gestión Jurídica | K166: 4. Oficina Asesora Jurídica | L166: 3. Jefe de Oficina | M166: Porcentaje de avance de los recursos obligados, constituidos como reserva en la vigencia anterior | N166: Recursos obligados / Recursos comprometidos constituidos como reserva en la vigencia anterior *100 | O166: 0.4 | Q166: 0.6 | S166: 0 | U166: 0 | W166: =O166+Q166+S166+U166 -> 1
A167: 62 | B167: 2. Direccionamiento estratégico | C167: 1. Planeación Institucional | D167: 3. Fortalecer la capacidad institucional y el talento humano por medio del mejoramiento de procesos y el desarrollo de competencias para incrementar la productividad y calidad de los servicios, contribuyendo a la favorabilidad de la imagen de la entidad | E167: 3.2 Implementar el Modelo Integrado de Planeación y Gestión – MIPG | F167: 100% del Modelo Integrado de Planeación y Gestión - MIPG implementado para la vigencia | G167: Realizar seguimiento al cumplimiento de las actividades Política de prevención del daño antijurídico 2023-2024 | H167: 45292 | I167: 45657 | J167: 9. Gestión Jurídica | K167: 4. Oficina Asesora Jurídica | L167: 3. Jefe de Oficina | M167: % de avance en los informes de seguimiento y progreso en la implementación de la de la Política de prevención del daño antijurídico. | N167: Número de informes de seguimiento y progreso en la implementación de la Política de prevención del daño antijurídico / 2 * 100 | O167: 0 | Q167: 0.5 | S167: 0 | U167: 0.5 | W167: =U167+Q167+O167+S167 -> 1
A169: 63 | B169: 2. Direccionamiento estratégico | C169: 1. Planeación Institucional | D169: 3. Fortalecer la capacidad institucional y el talento humano por medio del mejoramiento de procesos y el desarrollo de competencias para incrementar la productividad y calidad de los servicios, contribuyendo a la favorabilidad de la imagen de la entidad | E169: 3.2 Implementar el Modelo Integrado de Planeación y Gestión – MIPG | F169: 100% del Modelo Integrado de Planeación y Gestión - MIPG implementado para la vigencia | G169: Presentar ante dependencias misionales, informe -relación de fallos de tutela desfavorables, requiriendo el cumplimiento de las ordenes Judiciales | H169: 45292 | I169: 45657 | J169: 9. Gestión Jurídica | K169: 4. Oficina Asesora Jurídica | L169: 3. Jefe de Oficina | M169: % de avance en los informes mensuales con la relación de fallos de tutela desfavorables | N169: Número de informes / 12 * 100 | O169: 0.25 | Q169: 0.25 | S169: 0.25 | U169: 0.25 | W169: =O169+Q169+S169+U169 -> 1
A170: 64 | B170: 2. Direccionamiento estratégico | C170: 1. Planeación Institucional | D170: 3. Fortalecer la capacidad institucional y el talento humano por medio del mejoramiento de procesos y el desarrollo de competencias para incrementar la productividad y calidad de los servicios, contribuyendo a la favorabilidad de la imagen de la entidad | E170: 3.2 Implementar el Modelo Integrado de Planeación y Gestión – MIPG | F170: 100% del Modelo Integrado de Planeación y Gestión - MIPG implementado para la vigencia | G170: Presentar Informe de quejas disciplinarias recibidas, tramitadas y su estado procesal. | H170: 45292 | I170: 45657 | J170: 9. Gestión Jurídica | K170: 4. Oficina Asesora Jurídica | L170: 3. Jefe de Oficina | M170: % de avance en los informes de seguimiento a las quejas recibidas en la Oficina Asesora Jurídica, su trámite y estado procesal. | N170: Numero de informes de seguimiento y estado procesal a las quejas disciplinarias recibidas/2*100 | O170: 0 | Q170: 0.5 | S170: 0 | U170: 0.5 | W170: =O170+Q170+S170+U170 -> 1
A172: 65 | B172: 7. Control Interno | C172: 19. Control interno | D172: 3. Fortalecer la capacidad institucional y el talento humano por medio del mejoramiento de procesos y el desarrollo de competencias para incrementar la productividad y calidad de los servicios, contribuyendo a la favorabilidad de la imagen de la entidad | E172: 3.2 Implementar el Modelo Integrado de Planeación y Gestión – MIPG | F172: 100% del Modelo Integrado de Planeación y Gestión - MIPG implementado para la vigencia | G172: Formular, aprobar e implementar el Plan Anual de Auditoría | H172: 45292 | I172: 45657 | J172: 12. Evaluación de la Gestión Institucional | K172: 6. Oficina de Control Interno | L172: 3. Jefe de Oficina | M172: Porcentaje de avance en la implementación del Plan Anual de Auditoría | N172: % de ejecución del Plan Anual de Auditoría / % de avance programado en el Plan Anual de Auditoría | O172: 0 | Q172: 0.33 | S172: 0.33 | U172: 0.34 | W172: =U172+S172+Q172+O172 -> 1
A174: 66 | B174: 7. Control Interno | C174: 19. Control interno | D174: 3. Fortalecer la capacidad institucional y el talento humano por medio del mejoramiento de procesos y el desarrollo de competencias para incrementar la productividad y calidad de los servicios, contribuyendo a la favorabilidad de la imagen de la entidad | E174: 3.2 Implementar el Modelo Integrado de Planeación y Gestión – MIPG | F174: 100% del Modelo Integrado de Planeación y Gestión - MIPG implementado para la vigencia | G174: Sensibilizar a coordinadores y funcionarios de la USPEC a través de 4 boletines durante la vigencia, en temas relacionados con el cumplimiento de las metas u objetivos previstos en el marco de Control Interno | H174: 45292 | I174: 45657 | J174: 12. Evaluación de la Gestión Institucional | K174: 6. Oficina de Control Interno | L174: 3. Jefe de Oficina | M174: Boletines publicados sobre la sensibilización del sistema de control interno | N174: Numero de boletines publicados / 4 * 100 | O174: 0.25 | Q174: 0.25 | S174: 0.25 | U174: 0.25 | W174: =U174+S174+Q174+O174 -> 1
A178: 67 | B178: 7. Control Interno | C178: 19. Control interno | D178: 3. Fortalecer la capacidad institucional y el talento humano por medio del mejoramiento de procesos y el desarrollo de competencias para incrementar la productividad y calidad de los servicios, contribuyendo a la favorabilidad de la imagen de la entidad | E178: 3.4 Implementar el Plan Anticorrupción y Atención al Ciudadano | F178: 100% en el cumplimiento del Plan Anticorrupción y Atención al Ciudadano para la vigencia | G178: Realizar seguimientos la implementación del Plan Anticorrupción y Atención al Ciudadano para la vigencia | H178: 45292 | I178: 45657 | J178: 12. Evaluación de la Gestión Institucional | K178: 6. Oficina de Control Interno | L178: 3. Jefe de Oficina | M178: Seguimientos realizados a la implementación del Plan Anticorrupción y Atención al Ciudadano para vigencia | N178: No. de Seguimientos realizados y Publicados / 3 x 100 | O178: 0 | Q178: 0.33 | S178: 0.33 | U178: 0.34 | W178: =U178+S178+Q178 -> 1
A182: 68 | B182: 3. Gestión con Valores para Resultados | C182: 11. Gobierno Digital, antes Gobierno en Línea | D182: 4. Gestionar la información y el conocimiento para la toma de decisiones con calidad, oportunidad y seguridad | E182: 4.2 Implementar un sistema de Información Misional de la USPEC | F182: Un Sistema de Información Misional en producción | G182: Comprometer el 100% de los recursos asignados para la vigencia, por parte de la Oficina de Tecnología | H182: 45292 | I182: 45657 | J182: 3. Gestión de las Tecnologías de la Información | K182: 5. Oficina de Tecnología - OTEC | L182: 3. Jefe de Oficina | M182: Porcentaje de avance de los recursos comprometidos | N182: Recursos comprometidos / Recursos asignados * 100 | O182: 0.3 | Q182: 0.6 | S182: 0.1 | U182: 0 | W182: =O182+Q182+S182+U182 -> 1
A183: 69 | B183: 3. Gestión con Valores para Resultados | C183: 11. Gobierno Digital, antes Gobierno en Línea | D183: 4. Gestionar la información y el conocimiento para la toma de decisiones con calidad, oportunidad y seguridad | E183: 4.2 Implementar un sistema de Información Misional de la USPEC | F183: Un Sistema de Información Misional en producción | G183: Obligar por lo menos el 80% de los recursos comprometidos para la vigencia, por parte de la Oficina de Tecnología | H183: 45292 | I183: 45657 | J183: 3. Gestión de las Tecnologías de la Información | K183: 5. Oficina de Tecnología - OTEC | L183: 3. Jefe de Oficina | M183: Porcentaje de avance en los recursos obligados | N183: Recursos obligados / Recursos comprometidos * 100 | O183: 0.2 | Q183: 0.4 | S183: 0.3 | U183: 0.1 | W183: =O183+Q183+S183+U183 -> 1
A184: 70 | B184: 3. Gestión con Valores para Resultados | C184: 11. Gobierno Digital, antes Gobierno en Línea | D184: 4. Gestionar la información y el conocimiento para la toma de decisiones con calidad, oportunidad y seguridad | E184: 4.2 Implementar un sistema de Información Misional de la USPEC | F184: Un Sistema de Información Misional en producción | G184: Obligar el 100% de los recursos que fueron constituidos como reserva presupuestal en la vigencia anterior, por parte de la Oficina de Tecnología | H184: 45292 | I184: 45657 | J184: 3. Gestión de las Tecnologías de la Información | K184: 5. Oficina de Tecnología - OTEC | L184: 3. Jefe de Oficina | M184: Porcentaje de avance de los recursos obligados, constituidos como reserva en la vigencia anterior | N184: Recursos obligados / Recursos comprometidos constituidos como reserva en la vigencia anterior *100 | O184: 0.4 | Q184: 0.6 | S184: 0 | U184: 0 | W184: =O184+Q184+S184+U184 -> 1
A185: 71 | B185: 3. Gestión con Valores para Resultados | C185: 11. Gobierno Digital, antes Gobierno en Línea | D185: 4. Gestionar la información y el conocimiento para la toma de decisiones con calidad, oportunidad y seguridad | E185: 4.2 Implementar un sistema de Información Misional de la USPEC | F185: Un Sistema de Información Misional en producción | G185: Realizar seguimiento a la implementación del Sistema de Información Misional y su plataforma tecnológica de soporte | H185: 45292 | I185: 45657 | J185: 3. Gestión de las Tecnologías de la Información | K185: 5. Oficina de Tecnología - OTEC | L185: 3. Jefe de Oficina | M185: Porcentaje de avance en la implementación del Sistema de Información Misional y su plataforma tecnológica de soporte | N185: % de avance en la implementación del Sistema de Información Misional / Avance programado en la ejecución del Sistema de Información Misional | O185: 0.1 | Q185: 0.1 | S185: 0.3 | U185: 0.5 | W185: =O185+Q185+S185+U185 -> 1
A188: 72 | B188: 3. Gestión con Valores para Resultados | C188: 11. Gobierno Digital, antes Gobierno en Línea | D188: 4. Gestionar la información y el conocimiento para la toma de decisiones con calidad, oportunidad y seguridad | E188: 4.3 Implementar un Plan estratégico de Seguridad y Privacidad en la Información | F188: 100% de cumplimiento en el Plan Estratégico de Seguridad y Privacidad en la Información | G188: Actualizar e implementar el Plan Estratégico de Seguridad y Privacidad de la Información | H188: 45292 | I188: 45657 | J188: 3. Gestión de las Tecnologías de la Información | K188: 5. Oficina de Tecnología - OTEC | L188: 3. Jefe de Oficina | M188: Porcentaje de avance en la implementación del Plan Estratégico de Seguridad y Privacidad de la Información | N188: % de avance en la implementación del Plan Estratégico de Seguridad y Privacidad de la Información / Avance programado en la ejecución del Plan Estratégico de Seguridad y Privacidad de la Información | O188: 0.1 | Q188: 0.2 | S188: 0.3 | U188: 0.4 | W188: =O188+Q188+S188+U188 -> 1
A196: 73 | B196: 3. Gestión con Valores para Resultados | C196: 11. Gobierno Digital, antes Gobierno en Línea | D196: 4. Gestionar la información y el conocimiento para la toma de decisiones con calidad, oportunidad y seguridad | E196: 4.4 Implementar un Plan de Tratamiento de Riesgos de Seguridad en la Información | F196: 100% de cumplimiento en el Plan de Tratamiento de Riesgos de Seguridad en la Información | G196: Formular e implementar el Plan de Tratamiento de Riesgos de Seguridad de la Información a cargo del proceso de gestión de tecnologías de la información | H196: 45292 | I196: 45657 | J196: 3. Gestión de las Tecnologías de la Información | K196: 5. Oficina de Tecnología - OTEC | L196: 3. Jefe de Oficina | M196: Porcentaje de avance en la implementación del Plan de Tratamiento de Riesgos de Seguridad de la Información a cargo del proceso de gestión de tecnologías de la información | N196: % de avance en la implementación del Plan de Tratamiento de Riesgos de Seguridad de la Información / Avance programado en la ejecución del Plan de Tratamiento de Riesgos de Seguridad de la Información | O196: 0.25 | Q196: 0.25 | S196: 0.25 | U196: 0.25 | W196: =O196+Q196+S196+U196 -> 1
A202: 74 | B202: 3. Gestión con Valores para Resultados | C202: 11. Gobierno Digital, antes Gobierno en Línea | D202: 4. Gestionar la información y el conocimiento para la toma de decisiones con calidad, oportunidad y seguridad | E202: 4.4 Implementar un Plan de Tratamiento de Riesgos de Seguridad en la Información | F202: 100% de cumplimiento en el Plan de Tratamiento de Riesgos de Seguridad en la Información | G202: Formular e implementar el Plan de Tratamiento de Riesgos de seguridad de la información de la Entidad | H202: 45292 | I202: 45657 | J202: 3. Gestión de las Tecnologías de la Información | K202: 5. Oficina de Tecnología - OTEC | L202: 3. Jefe de Oficina | M202: Porcentaje de avance en la implementación del Plan de Tratamiento de Riesgos de seguridad de la información | N202: % de avance en la implementación del Plan de Tratamiento de Riesgos de Seguridad de la información / Avance programado en la ejecución del Plan de Tratamiento de Riesgos de Seguridad de la información | O202: 0.25 | Q202: 0.25 | S202: 0.25 | U202: 0.25 | W202: =O202+Q202+S202+U202 -> 1
A208: 75 | B208: 3. Gestión con Valores para Resultados | C208: 11. Gobierno Digital, antes Gobierno en Línea | D208: 4. Gestionar la información y el conocimiento para la toma de decisiones con calidad, oportunidad y seguridad | E208: 4.1 Actualizar, socializar e Implementar el Plan Estratégico de TI - PETI | F208: 100% en el cumplimiento del Plan Estratégico de TI - PETI | G208: Actualizar, socializar e implementar el Plan Estratégico de TI - PETI | H208: 45292 | I208: 45657 | J208: 3. Gestión de las Tecnologías de la Información | K208: 5. Oficina de Tecnología - OTEC | L208: 3. Jefe de Oficina | M208: Porcentaje de avance en la implementación del Plan Estratégico de TI - PETI | N208: % de avance en la ejecución del Plan Estratégico de TI - PETI / Avance programado en la ejecución del Plan Estratégico de TI - PETI | O208: 0.1 | Q208: 0.15 | S208: 0.25 | U208: 0.5 | W208: =O208+Q208+S208+U208 -> 1
A210: 76 | B210: 2. Direccionamiento estratégico | C210: 1. Planeación Institucional | D210: 2. Suministrar los bienes y servicios en condiciones de calidad, oportunidad y eficiencia a las personas privadas de la libertad a cargo del INPEC | E210: 2.4 Suministrar los bienes y servicios necesarios para la operación y sostenibilidad del sistema penitenciario y carcelario | F210: 100% de los bienes muebles e inmuebles, y servicios pertinentes, suministrados sin interrupción al sistema penitenciario y carcelario. | G210: Llevar a cabo como mínimo seis (6) Visitas de capacitación e interacción con los funcionarios, enlaces y opcionalmente directores de los Establecimientos de Reclusión y/o Directores de Sedes Regionales a cargo del INPEC, de acuerdo a su disponibilidad | H210: 45292 | I210: 45657 | J210: 13. Gestión de Atención a Establecimientos de Reclusión | K210: 18. Subdirección de Atención a los Establecimientos de Reclusión | L210: 18. Subdirección de Atención a los Establecimientos de Reclusión | M210: % de actas entregadas que den cuenta de las visitas de capacitación a las sedes Regionales | N210: (No. Actas suministradas /6) *100 | O210: 0 | Q210: 0.4 | S210: 0.4 | U210: 0.2 | W210: =O210+Q210+S210+U210 -> 1
A211: 77 | B211: 2. Direccionamiento estratégico | C211: 1. Planeación Institucional | D211: 2. Suministrar los bienes y servicios en condiciones de calidad, oportunidad y eficiencia a las personas privadas de la libertad a cargo del INPEC | E211: 2.4 Suministrar los bienes y servicios necesarios para la operación y sostenibilidad del sistema penitenciario y carcelario | F211: 100% de los bienes muebles e inmuebles, y servicios pertinentes, suministrados sin interrupción al sistema penitenciario y carcelario. | G211: Realizar la adquisición de recursos técnicos (29 Grameras y 10 Termómetros) | H211: 45292 | I211: 45322 | J211: 13. Gestión de Atención a Establecimientos de Reclusión | K211: 18. Subdirección de Atención a los Establecimientos de Reclusión | L211: 18. Subdirección de Atención a los Establecimientos de Reclusión | M211: % de avance en las actividades necesarias para realizar la adquisición de recursos técnicos | N211: % de avance ejecutado / % de avance programado | O211: 0 | Q211: 1 | S211: 0 | U211: 0 | W211: =O211+Q211+S211+U211 -> 1
A212: 78 | B212: 2. Direccionamiento estratégico | C212: 1. Planeación Institucional | D212: 2. Suministrar los bienes y servicios en condiciones de calidad, oportunidad y eficiencia a las personas privadas de la libertad a cargo del INPEC | E212: 2.4 Suministrar los bienes y servicios necesarios para la operación y sostenibilidad del sistema penitenciario y carcelario | F212: 100% de los bienes muebles e inmuebles, y servicios pertinentes, suministrados sin interrupción al sistema penitenciario y carcelario. | G212: Llevar a cabo cuatro (4) Mesas de Trabajo (Una trimestral) de los funcionarios SUBAER, para revisar el seguimiento y plan de mejora en la recopilación y reporte de novedades recopiladas y remitidas a las áreas misionales | H212: 45292 | I212: 45322 | J212: 13. Gestión de Atención a Establecimientos de Reclusión | K212: 18. Subdirección de Atención a los Establecimientos de Reclusión | L212: 18. Subdirección de Atención a los Establecimientos de Reclusión | M212: % de actas entregadas que den cuenta de las mesas de trabajo | N212: (No. Actas suministradas /4) *100 | O212: 0.25 | Q212: 0.25 | S212: 0.25 | U212: 0.25 | W212: =O212+Q212+S212+U212 -> 1
A213: 79 | B213: 2. Direccionamiento estratégico | C213: 1. Planeación Institucional | D213: 3. Fortalecer la capacidad institucional y el talento humano por medio del mejoramiento de procesos y el desarrollo de competencias para incrementar la productividad y calidad de los servicios, contribuyendo a la favorabilidad de la imagen de la entidad | E213: 3.5 Implementar el Plan Estratégico de Comunicaciones | F213: 100% en el cumplimiento del Plan Estratégico de Comunicaciones para la vigencia | G213: Formular e implementar el Plan Estratégico de Comunicaciones para la vigencia | H213: 45292 | I213: 45322 | J213: 2. Gestión de la Comunicación Institucional | K213: 2. Dirección General - Comunicaciones | L213: 2. Dirección General - Funcionario Asignado | M213: Porcentaje de avance en la implementación del Plan Estratégico de Comunicaciones para la vigencia | N213: Porcentaje de ejecución de actividades / Porcentaje actividades programadas | O213: 0.25 | Q213: 0.25 | S213: 0.25 | U213: 0.25 | W213: =O213+Q213+S213+U213 -> 1
... A218: 83 | B218: 5. Información y comunicación | C218: 17.Gestión de la información estadística | D218: 3. Fortalecer la capacidad institucional y el talento humano por medio del mejoramiento de procesos y el desarrollo de competencias para incrementar la productividad y calidad de los servicios, contribuyendo a la favorabilidad de la imagen de la entidad | E218: 3.2 Implementar el Modelo Integrado de Planeación y Gestión – MIPG | F218: 100% del Modelo Integrado de Planeación y Gestión - MIPG implementado para la vigencia | G218: Implementar la Política de Gestión de la Información Estadística, de acuerdo con los lineamientos del Departamento Administrativo Nacional de Estadística (DANE), a partir de las capacitaciones técnicas por parte del ente rector de la política, la realización de autodiagnósticos y el desarrollo de un plan estadístico. | H218: 45292 | I218: 45322 | J218: 1. Gestión Estratégica Organizacional | K218: 3. Oficina Asesora de Planeación y Desarrollo | L218: 3. Jefe de Oficina | M218: Porcentaje de avance en los hitos establecidos para la implementación de la Política de Gestión de la Información Estadística | N218: (# de hitos ejecutados / # de hitos programados)* 100 | O218: 0.25 | Q218: 0.25 | S218: 0.25 | U218: 0.25 | W218: =O218+Q218+S218+U218 -> 1
B219: 16.Firmas
D220: __________________________________________ ___________________________________________ Ludwing Joel Valero Sáenz Carmen Cecilia Simijaca Agudelo 16.1 Director General USPEC 16.2 Jefe de Oficina Asesora de Planeación y Desarrollo USPEC | Y220: =#REF! -> #REF!

Sheet Hoja24

Sheet Hoja21
A1: No. | B1: Dependencia | C1: No. de actividades en el Plan de Acción | D1: % de actividades en el Plan de Acción | G1: No. | H1: Dependencia | I1: No. de actividades en el Plan de Acción | J1: % de actividades en el Plan de Acción
A2: 1 | B2: Subdirección de Suministro de Servicios | C2: 13 | D2: =C2/$C$14 -> 0.15662651 | G2: 1 | H2: Subdirección de Suministro de Servicios | I2: 13 | J2: 0.15662651
A3: 2 | B3: Dirección Administrativa y Financiera | C3: 15 | D3: =C3/$C$14 -> 0.18072289 | G3: 2 | H3: Dirección Administrativa y Financiera | I3: 12 | J3: 0.18072289
A4: 3 | B4: Subdirección de Seguimiento a la Infraestructura | C4: 10 | D4: =C4/$C$14 -> 0.12048193 | G4: 3 | H4: Subdirección de Seguimiento a la Infraestructura | I4: 10 | J4: 0.12048193
A5: 4 | B5: Oficina de Tecnología - OTEC | C5: 8 | D5: =C5/$C$14 -> 0.096385542 | G5: 4 | H5: Oficina de Tecnología - OTEC | I5: 8 | J5: 0.096385542
A6: 5 | B6: Subdirección de Suministro de Bienes | C6: 7 | D6: =C6/$C$14 -> 0.084337349 | G6: 5 | H6: Subdirección de Suministro de Bienes | I6: 7 | J6: 0.084337349
A7: 6 | B7: Oficina Asesora Jurídica | C7: 7 | D7: =C7/$C$14 -> 0.084337349 | G7: 6 | H7: Oficina Asesora Jurídica | I7: 7 | J7: 0.084337349
A8: 7 | B8: Subdirección de Construcción y Conservación | C8: 7 | D8: =C8/$C$14 -> 0.084337349 | G8: 7 | H8: Subdirección de Construcción y Conservación | I8: 7 | J8: 0.084337349
A9: 8 | B9: Subdirección de Atención a los Establecimientos de Reclusión | C9: 4 | D9: =C9/$C$14 -> 0.048192771 | G9: 8 | H9: Subdirección de Atención a los Establecimientos de Reclusión | I9: 4 | J9: 0.048192771
A10: 9 | B10: Oficina Asesora de Planeación y Desarrollo | C10: 6 | D10: =C10/$C$14 -> 0.072289157 | G10: 9 | H10: Oficina Asesora de Planeación y Desarrollo | I10: 4 | J10: 0.072289157
A11: 10 | B11: Oficina de Control Interno | C11: 3 | D11: =C11/$C$14 -> 0.036144578 | G11: 10 | H11: Oficina de Control Interno | I11: 3 | J11: 0.036144578
A12: 11 | B12: Dirección de Gestión Contractual | C12: 2 | D12: =C12/$C$14 -> 0.024096386 | G12: 11 | H12: Dirección de Gestión Contractual | I12: 2 | J12: 0.024096386
A13: 12 | B13: Dirección General - Comunicaciones | C13: 1 | D13: =C13/$C$14 -> 0.012048193 | G13: 12 | H13: Dirección General - Comunicaciones | I13: 1 | J13: 0.012048193
A14: TOTAL | C14: =SUM(C2:C13) -> 83 | D14: =SUM(D2:D13) -> 1 | G14: TOTAL | I14: =SUM(I2:I13) -> 78 | J14: 1

Sheet Hoja22
A1: No. | B1: Dependencia | C1: Enlace | D1: Estado de validación | E1: No. de actividades en el Plan de Acción | F1: % de actividades en el Plan de Acción
A2: 1 | B2: Subdirección de Suministro de Servicios | C2: David Plata | D2: OK | E2: 13 | F2: =E2/$E$14 -> 0.15662651
A3: 2 | B3: Subdirección de Suministro de Bienes | C3: David Plata | D3: OK | E3: 7 | F3: =E3/$E$14 -> 0.084337349
A4: 3 | B4: Subdirección de Seguimiento a la Infraestructura | C4: Sandra Lizeth Castellanos | D4: OK | E4: 10 | F4: =E4/$E$14 -> 0.12048193
A5: 4 | B5: Subdirección de Construcción y Conservación | C5: Nelson David Guerrero | D5: Pendiente | E5: 7 | F5: =E5/$E$14 -> 0.084337349
A6: 5 | B6: Dirección Administrativa y Financiera | C6: Ariel Fernando Rojas | D6: OK (Decreto 612 de 2018) | E6: 15 | F6: =E6/$E$14 -> 0.18072289
A7: 6 | B7: Oficina de Tecnología - OTEC | C7: Imelda Mancipe | D7: Enviado para validación | E7: 8 | F7: =E7/$E$14 -> 0.096385542
A8: 7 | B8: Oficina Asesora Jurídica | C8: Carmen Capador | D8: Pendiente | E8: 7 | F8: =E8/$E$14 -> 0.084337349
A9: 8 | B9: Oficina Asesora de Planeación y Desarrollo | D9: Pendiente | E9: 6 | F9: =E9/$E$14 -> 0.072289157
A10: 9 | B10: Oficina de Control Interno | C10: Diana Lopez | D10: OK | E10: 3 | F10: =E10/$E$14 -> 0.036144578
A11: 10 | B11: Dirección de Gestión Contractual | C11: Maria Angélica Osme | D11: Pendiente | E11: 2 | F11: =E11/$E$14 -> 0.024096386
A12: 11 | B12: Subdirección de Atención a los Establecimientos de Reclusión | C12: Olga Bernal | D12: Pendiente reunión martes | E12: 4 | F12: =E12/$E$14 -> 0.048192771
A13: 12 | B13: Dirección General - Comunicaciones | C13: Luisa Perez | D13: OK | E13: 1 | F13: =E13/$E$14 -> 0.012048193
A14: TOTAL | E14: =SUM(E2:E13) -> 83 | F14: 1

Sheet PLAN DE ACCIÓN (2)
C1: MARIZ DE SEGUIMIENTO PLAN DE ACCIÓN 2023
E3: 1. VIGENCIA | F3: 2023 | J3: 2. ETAPA:
A4: 4. DIMENSIONES OPERATVAS DEL MIPG | B4: 5 POLÍTICA DE GESTIÓN Y DESEMPEÑO INSTITUCIONAL | C4: 6. OBJETIVO ESTRATEGICO | D4: 7. ESTRATEGIA | E4: 8. META | F4: 9. ACTIVIDAD | G4: 10. TIEMPO PROGRAMADO | I4: 11. PROCESO | L4: 12. INDICADOR | N4: 13. AUTOEVALUACIÓN | X4: Indicador de cumplimiento (si el avance del trimestre es <= a 50%, debe generar plan de choque) | Y4: 14. AMPLIACIÓN DE LA AUTOEVALUACIÓN | Z4: Si el indicador presentó rezagos en la ejecución, indique las razones, así como las acciones a tomar en el siguiente trimestre | AA4: 15. SEGUIMIENTO OAPLA
G5: FECHA INICIAL | H5: FECHA FINAL | I5: NOMBRE | J5: DEPENDENCIA | K5: RESPONSABLE | L5: NOMBRE DEL INDICADOR | M5: FÓRMULA DE CÁLCULO | N5: PRIMER TRIMESTRE | P5: SEGUNDO TRIMESTRE | R5: TERCER TRIMESTRE | T5: CUARTO TRIMESTRE | V5: % ACUMULADO
N6: PR | O6: EJ | P6: PR | Q6: EJ | R6: PR | S6: EJ | T6: PR | U6: EJ | V6: PR | W6: EJ
A7: 2. Direccionamiento estratégico | B7: 1. Planeación Institucional | C7: 3. Fortalecer la capacidad institucional y el talento humano por medio del mejoramiento de procesos y el desarrollo de competencias para incrementar la productividad y calidad de los servicios, contribuyendo a la favorabilidad de la imagen de la entidad | D7: 3.1 Fortalecer las capacidades, competencias, habilidades, conocimientos y el bienestar integral del Talento Humano al servicio de la USPEC | E7: 100% en el cumplimiento del Plan Estratégico de Talento Humano en la vigencia | F7: Formular e implementar el Plan de Previsión de Recursos Humanos de la vigencia | G7: 45292 | H7: 45657 | I7: 8. Gestión Administrativa y Financiera | J7: 14. Dirección Administrativa y Financiera | K7: 14. Director Administrativo y Financiero | L7: Porcentaje de avance en la formulación e implementación del Plan de Previsión de Recursos Humanos de la vigencia | M7: % de avance en la ejecución del Plan de Previsión de Recursos Humanos / Avance programado en la ejecución del Plan de Previsión de Recursos Humanos | N7: 0.25 | P7: 0.25 | R7: 0.25 | T7: 0.25 | V7: =N7+P7+R7+T7 -> 1 | AF7: Trim_I: No se presentaron nombramientos durante el primer trimestre de 2023 Trim_II: De acuerdo a la proyección de ejecución el Plan de previsión de recursos humanos para el segundo trimestre presentó un avance del 25%, como resultado de lo anterior del total de 341 cargos financiados con 321 cargos provistos y 20 cargos vacantes. | AG7: Trim_I: El área adjunta el informe de seguimiento a la actividad, el cual refleja un cumplimiento del 25% para e trimestre, este corresponde al planeado. Trim_II: El área presenta el informe solicitado, por lo tanto se otorga un porcentaje de avance del 25 % para este segundo trimestre.
AF8: Trim_I: A corte del primer trimestre, se ha logrado suscribir un contrato, el cual hace referencia al CTO 066 de 2023, cuyo objeto es: Instalación, mantenimiento y puesta en marcha de plantas eléctricas y mantenimiento de infraestructura eléctrica y adecuaciones a los asociados para los ERON. No se adjunta aun la matriz de seguimiento, porque apenas se contrató. Trim_II: A corte del primer trimestre, se ha logrado suscribir un contrato, el cual hace referencia al CTO 066 de 2023, cuyo objeto es: Instalación, mantenimiento y puesta en marcha de plantas eléctricas y mantenimiento de infraestructura eléctrica y adecuaciones a los asociados para los ERON. No se adjunta aun la matriz de seguimiento, dado que el CTO de encuentra en proceso de sesión. Al obtener acta de inició se podrá anexar el contrato en la matriz, para así lograr llevar un seguimiento de este. | AG8: Trim_I: Se evidencia que el área realiza seguimiento a la ejecución contractual y anexan la matriz como soporte, por lo anterior se otorga un 25% para el trimestre. Trim_II: El área presenta los soportes de seguimiento, por lo tanto se otorga un porcentaje de avance del 25% para el segundo trimestre.
AF9: Trim_I: Según el CEN, se identifica que en el primer trimestre, la subdirección a ejecutado del presupuesto obligado un 0,04%, esto lo podemos comprender de la siguiente forma: CEN arroja que a corte de 31 de marzo de la vigencia del presupuesto total asignado para 2023 ($100,246,701,770,00 COP), se ha obligado un total de $44,574,634,00 COP. Se pude evidenciar en el CEN como documento adjunto, el total del presupuesto obligado. Trim_II: Se evidencia, según el CEN, que para le segundo trimestre de la vigencia, se ha obligado un 1% del presupuesto. indicado de la siguiente forma: CEN arroja que de 1 de abril al 30 de junio del año en curso, se obligó un total de $1,147,568,970,00 COP, del presupuesto total asignado ($100,246,701,770, COP) | AG9: Trim_I: El área adjunta el CEN de pagos en el cual se evidencia un 0,04% de ejecución, aunque es bajo, el área no proyecto para este trimestre avance, es a partir del segundo trimestre cuando se debe avanzar en esta actividad. Trim_II: Acorde a la información suministrada por el área con relación al avance de ejecución presupuestal, se otorga un porcentaje 1% para el segundo trimestre.
A10: 2. Direccionamiento estratégico | B10: 1. Planeación Institucional | C10: 1. Construir, ampliar, Fortalecer y conservar la infraestructura física penitenciaria y carcelaria con un enfoque humano, sostenible y orientado a al bienestar de la población privada de la libertad a cargo del INPEC | D10: 1.3 Intervenir establecimientos carcelarios del orden nacional a través de adecuaciones y mantenimiento | E10: Contratar el 100% de las intervenciones de fortalecimiento y la infraestructura programadas (priorización ñipe y/o ordenada por acción judicial u órgano superior) | F10: Hacer seguimiento a la ejecución contractual de la vigencia para las intervenciones de fortalecimiento a la infraestructura | G10: 44927 | H10: 45291 | I10: 5. Gestión de la Infraestructura | J10: 8. Subdirección de Construcción y Conservación | K10: 5. Subdirector de Construcción y Conservación | L10: % de avance de los contratos (Se entrega con Matriz de Reporte de seguimiento de los contratos de las intervenciones de mantenimiento y adecuación con corte a la fecha) | M10: ((No. seguimiento a contratos de la vigencia /No. de contratos suscritos de la vigencia con corte a la fecha) x 100)/4 | N10: 0.25 | P10: 0.25 | R10: 0.25 | T10: 0.25 | V10: =N10+P10+R10+T10 -> 1 | AF10: Trm_I: Durante el primer semestre de 2023 no se adelantaron mesas de trabajo, dado que el INPEC esta pendiente de asignar funcionario que asistirá como delegado a las mesas de trabajo en el desarrollo del Documento de Lineamientos de Diseño. Trim_II: Durante el segundo semestre de 2023 se adelantaron mesas de trabajo con los profesionales especializados de la Subdirección de Seguimiento en la revisión de diseños de los proyectos que actualmente se encuentran en desarrollo, lo que permite contar con insumos para la elaboración del Documento de Lineamientos de Diseño. Se anexan actas reunión | AG10: Trim_I: A pesar que el área reporta en la autoevaluación un porcentaje del 15% de avance en la actividad, no se otorga, debido a que no se evidencian acciones para el cumplimiento de la misma, tampoco reportan un sustento o soporte. Trim_II: El área aporta actas de mesas de trabajo en las cuales se evidencia el seguimiento, sin embargo no se presenta el documento de % de avance de Lineamientos de Diseño, Operación y Dotación para la Infraestructura. Por lo tanto se otorga 20% de avance para el segundo trimestre.
AF11: Trim_I: Respecto a esta actividad aún no hay avances dado que los documentos precontractuales y contractuales están previstos para el segundo trimestre de la vigencia, una vez se adelante el proceso de solicitud de vigencia futura de 2024 y estructuración de borrador de pliegos de condiciones para licitación pública. Trim_II: Esta actividad aún no hay avances dado que los documentos precontractuales y contractuales están previstos para el tercer trimestre de la vigencia, una vez se adelante el proceso de solicitud de vigencia futura de 2024 y estructuración de borrador de pliegos de condiciones para licitación pública. | AG11: Trim_I: El área aún no reporta avance en la actividad, se están realizando acciones las cuales serán relacionadas en el segundo trimestre Trim_II: El área aún no reporta avance en la actividad, se están realizando acciones las cuales serán relacionadas en el tercer trimestre por lo tanto no se otorga porcentaje de avance para este trimestre.
AF12: Trim_I: Respecto a esta actividad aún no hay avances dado que los documentos precontractuales y contractuales están previstos para el segundo trimestre de la vigencia, una vez se adelante el proceso de solicitud de vigencia futura de 2024 y estructuración de borrador de pliegos de condiciones para licitación pública. Trim_II: Esta actividad aún no hay avances dado que los documentos precontractuales y contractuales están previstos para el tercer trimestre de la vigencia, una vez se adelante el proceso de solicitud de vigencia futura de 2024 y estructuración de borrador de pliegos de condiciones para licitación pública. | AG12: Trim_I: El área aún no reporta avance en la actividad, se están realizando acciones las cuales serán relacionadas en el segundo trimestre Trim_II: El área aún no reporta avance en la actividad, se están realizando acciones las cuales serán relacionadas en el tercer trimestre por lo tanto no se otorga porcentaje de avance para este trimestre.
AF13: Trim_I: La interventoría radicó el informe de ejecución de actividades del mes de enero de 2023 el día 10 de marzo de 2023, respecto al cual se han realizado algunas observaciones y solicitudes de subsanación, por tanto, no se ha generado el informe de supervisión definitivo para este periodo, No obstante, se remite como soporte del seguimiento que se realiza permanentemente a la interventoría oficios y comunicaciones realizadas en el marco de la supervisión. Trim_II: La interventoría radicó el informe de ejecución de actividades del mes de abril de 2023, respecto al cual esta en revisión para emisión de observaciones por parte del equipo técnico por tanto, no se ha generado el informe de supervisión definitivo para este periodo. | AG13: Trim_I: Se está realizando seguimiento a la interventoría, sin embargo, no se asigna avance porcentual debido a que no anexan informe final de seguimiento. Trim_II: El área presenta un informe mensual de interventoría que corresponde al mes de abril de 2023, por lo tanto se otorga un porcentaje de avance del 8,4 % para el segundo trimestre.
AF14: Trim_I: Con corte al 30 de marzo de 2023 se ha comprometido un total de $376.523.863.115,95 del rubro de alimentación para internos, equivalente al 58% del presupuesto asignado para la vigencia, evidenciando un cumplimiento de la presente actividad, como evidencia se remite CEN de compromisos. Trim_II: Para el primer trimestre se tenia un 58% de avance referente al presupuesto inicial, pero a corte a junio 30 de los procesos de adquisición de bienes , presentaron una ejecución del 48,73%, para el segundo trimestre el porcentaje presentado es menor en razón a que el presuesto inicial se le fue adicionado 36 millones de pesos. | AG14: Trim_I: El área soporta con el CEN de pagos un avance de 58% el cual se calculo a partir de la relación entre lo comprometido y lo asignado para la vigencia Trim_II: El área para este trimestre manifiesta que se sealizo una adición de presupuesto, debido a esto el % de avance se redujo de 58% a 48,73% para este trimestre. Como el % ya había sido asignado no se reporta porcentaje de avance para este trimestre.
A15: 2. Direccionamiento estratégico | B15: 1. Planeación Institucional | C15: 1. Construir, ampliar, Fortalecer y conservar la infraestructura física penitenciaria y carcelaria con un enfoque humano, sostenible y orientado a al bienestar de la población privada de la libertad a cargo del INPEC | D15: 1.3 Intervenir establecimientos carcelarios del orden nacional a través de adecuaciones y mantenimiento | E15: Contratar el 100% de las intervenciones de fortalecimiento y la infraestructura programadas (priorización ñipe y/o ordenada por acción judicial u órgano superior) | F15: Comprometer el 100% de los recursos asignados para la vigencia por parte de la Subdirección de Seguimiento a la Infraestructura | G15: 44927 | H15: 45291 | I15: 5. Gestión de la Infraestructura | J15: 8. Subdirección de Construcción y Conservación | K15: Subdirección de Seguimiento a la Infraestructura | L15: Porcentaje de avance de los recursos comprometidos | M15: Recursos comprometidos / Recursos asignados * 100 | N15: 0.3 | P15: 0.6 | R15: 0.1 | T15: 0 | V15: =N15+P15+R15+T15 -> 1 | AF15: Trm_I: Durante el primer semestre de 2023 no se adelantaron mesas de trabajo, dado que el INPEC esta pendiente de asignar funcionario que asistirá como delegado a las mesas de trabajo en el desarrollo del Documento de Lineamientos de Diseño. Trim_II: Durante el segundo semestre de 2023 se adelantaron mesas de trabajo con los profesionales especializados de la Subdirección de Seguimiento en la revisión de diseños de los proyectos que actualmente se encuentran en desarrollo, lo que permite contar con insumos para la elaboración del Documento de Lineamientos de Diseño. Se anexan actas reunión | AG15: Trim_I: A pesar que el área reporta en la autoevaluación un porcentaje del 15% de avance en la actividad, no se otorga, debido a que no se evidencian acciones para el cumplimiento de la misma, tampoco reportan un sustento o soporte. Trim_II: El área aporta actas de mesas de trabajo en las cuales se evidencia el seguimiento, sin embargo no se presenta el documento de % de avance de Lineamientos de Diseño, Operación y Dotación para la Infraestructura. Por lo tanto se otorga 20% de avance para el segundo trimestre.
AF16: Trim_I: Respecto a esta actividad aún no hay avances dado que los documentos precontractuales y contractuales están previstos para el segundo trimestre de la vigencia, una vez se adelante el proceso de solicitud de vigencia futura de 2024 y estructuración de borrador de pliegos de condiciones para licitación pública. Trim_II: Esta actividad aún no hay avances dado que los documentos precontractuales y contractuales están previstos para el tercer trimestre de la vigencia, una vez se adelante el proceso de solicitud de vigencia futura de 2024 y estructuración de borrador de pliegos de condiciones para licitación pública. | AG16: Trim_I: El área aún no reporta avance en la actividad, se están realizando acciones las cuales serán relacionadas en el segundo trimestre Trim_II: El área aún no reporta avance en la actividad, se están realizando acciones las cuales serán relacionadas en el tercer trimestre por lo tanto no se otorga porcentaje de avance para este trimestre.
AF17: Trim_I: Respecto a esta actividad aún no hay avances dado que los documentos precontractuales y contractuales están previstos para el segundo trimestre de la vigencia, una vez se adelante el proceso de solicitud de vigencia futura de 2024 y estructuración de borrador de pliegos de condiciones para licitación pública. Trim_II: Esta actividad aún no hay avances dado que los documentos precontractuales y contractuales están previstos para el tercer trimestre de la vigencia, una vez se adelante el proceso de solicitud de vigencia futura de 2024 y estructuración de borrador de pliegos de condiciones para licitación pública. | AG17: Trim_I: El área aún no reporta avance en la actividad, se están realizando acciones las cuales serán relacionadas en el segundo trimestre Trim_II: El área aún no reporta avance en la actividad, se están realizando acciones las cuales serán relacionadas en el tercer trimestre por lo tanto no se otorga porcentaje de avance para este trimestre.
AF18: Trim_I: La interventoría radicó el informe de ejecución de actividades del mes de enero de 2023 el día 10 de marzo de 2023, respecto al cual se han realizado algunas observaciones y solicitudes de subsanación, por tanto, no se ha generado el informe de supervisión definitivo para este periodo, No obstante, se remite como soporte del seguimiento que se realiza permanentemente a la interventoría oficios y comunicaciones realizadas en el marco de la supervisión. Trim_II: La interventoría radicó el informe de ejecución de actividades del mes de abril de 2023, respecto al cual esta en revisión para emisión de observaciones por parte del equipo técnico por tanto, no se ha generado el informe de supervisión definitivo para este periodo. | AG18: Trim_I: Se está realizando seguimiento a la interventoría, sin embargo, no se asigna avance porcentual debido a que no anexan informe final de seguimiento. Trim_II: El área presenta un informe mensual de interventoría que corresponde al mes de abril de 2023, por lo tanto se otorga un porcentaje de avance del 8,4 % para el segundo trimestre.
AF19: Trim_I: Con corte al 30 de marzo de 2023 se ha comprometido un total de $376.523.863.115,95 del rubro de alimentación para internos, equivalente al 58% del presupuesto asignado para la vigencia, evidenciando un cumplimiento de la presente actividad, como evidencia se remite CEN de compromisos. Trim_II: Para el primer trimestre se tenia un 58% de avance referente al presupuesto inicial, pero a corte a junio 30 de los procesos de adquisición de bienes , presentaron una ejecución del 48,73%, para el segundo trimestre el porcentaje presentado es menor en razón a que el presuesto inicial se le fue adicionado 36 millones de pesos. | AG19: Trim_I: El área soporta con el CEN de pagos un avance de 58% el cual se calculo a partir de la relación entre lo comprometido y lo asignado para la vigencia Trim_II: El área para este trimestre manifiesta que se sealizo una adición de presupuesto, debido a esto el % de avance se redujo de 58% a 48,73% para este trimestre. Como el % ya había sido asignado no se reporta porcentaje de avance para este trimestre.
A20: 2. Direccionamiento estratégico | B20: 1. Planeación Institucional | C20: 1. Construir, ampliar, Fortalecer y conservar la infraestructura física penitenciaria y carcelaria con un enfoque humano, sostenible y orientado a al bienestar de la población privada de la libertad a cargo del INPEC | D20: 1.3 Intervenir establecimientos carcelarios del orden nacional a través de adecuaciones y mantenimiento | E20: Contratar el 100% de las intervenciones de fortalecimiento y la infraestructura programadas (priorización ñipe y/o ordenada por acción judicial u órgano superior) | F20: Obligar el 80% de los recursos comprometidos para la vigencia por parte de la Subdirección de Seguimiento a la Infraestructura | G20: 44927 | H20: 45291 | I20: 5. Gestión de la Infraestructura | J20: 8. Subdirección de Construcción y Conservación | K20: Subdirección de Seguimiento a la Infraestructura | L20: Porcentaje de avance en los recursos obligados | M20: Recursos obligados / Recursos comprometidos * 100 | N20: 0.2 | P20: 0.4 | R20: 0.3 | T20: 0.1 | V20: =N20+P20+R20+T20 -> 1 | AF20: Trm_I: Durante el primer semestre de 2023 no se adelantaron mesas de trabajo, dado que el INPEC esta pendiente de asignar funcionario que asistirá como delegado a las mesas de trabajo en el desarrollo del Documento de Lineamientos de Diseño. Trim_II: Durante el segundo semestre de 2023 se adelantaron mesas de trabajo con los profesionales especializados de la Subdirección de Seguimiento en la revisión de diseños de los proyectos que actualmente se encuentran en desarrollo, lo que permite contar con insumos para la elaboración del Documento de Lineamientos de Diseño. Se anexan actas reunión | AG20: Trim_I: A pesar que el área reporta en la autoevaluación un porcentaje del 15% de avance en la actividad, no se otorga, debido a que no se evidencian acciones para el cumplimiento de la misma, tampoco reportan un sustento o soporte. Trim_II: El área aporta actas de mesas de trabajo en las cuales se evidencia el seguimiento, sin embargo no se presenta el documento de % de avance de Lineamientos de Diseño, Operación y Dotación para la Infraestructura. Por lo tanto se otorga 20% de avance para el segundo trimestre.
AF21: Trim_I: Respecto a esta actividad aún no hay avances dado que los documentos precontractuales y contractuales están previstos para el segundo trimestre de la vigencia, una vez se adelante el proceso de solicitud de vigencia futura de 2024 y estructuración de borrador de pliegos de condiciones para licitación pública. Trim_II: Esta actividad aún no hay avances dado que los documentos precontractuales y contractuales están previstos para el tercer trimestre de la vigencia, una vez se adelante el proceso de solicitud de vigencia futura de 2024 y estructuración de borrador de pliegos de condiciones para licitación pública. | AG21: Trim_I: El área aún no reporta avance en la actividad, se están realizando acciones las cuales serán relacionadas en el segundo trimestre Trim_II: El área aún no reporta avance en la actividad, se están realizando acciones las cuales serán relacionadas en el tercer trimestre por lo tanto no se otorga porcentaje de avance para este trimestre.
AF22: Trim_I: Respecto a esta actividad aún no hay avances dado que los documentos precontractuales y contractuales están previstos para el segundo trimestre de la vigencia, una vez se adelante el proceso de solicitud de vigencia futura de 2024 y estructuración de borrador de pliegos de condiciones para licitación pública. Trim_II: Esta actividad aún no hay avances dado que los documentos precontractuales y contractuales están previstos para el tercer trimestre de la vigencia, una vez se adelante el proceso de solicitud de vigencia futura de 2024 y estructuración de borrador de pliegos de condiciones para licitación pública. | AG22: Trim_I: El área aún no reporta avance en la actividad, se están realizando acciones las cuales serán relacionadas en el segundo trimestre Trim_II: El área aún no reporta avance en la actividad, se están realizando acciones las cuales serán relacionadas en el tercer trimestre por lo tanto no se otorga porcentaje de avance para este trimestre.
AF23: Trim_I: La interventoría radicó el informe de ejecución de actividades del mes de enero de 2023 el día 10 de marzo de 2023, respecto al cual se han realizado algunas observaciones y solicitudes de subsanación, por tanto, no se ha generado el informe de supervisión definitivo para este periodo, No obstante, se remite como soporte del seguimiento que se realiza permanentemente a la interventoría oficios y comunicaciones realizadas en el marco de la supervisión. Trim_II: La interventoría radicó el informe de ejecución de actividades del mes de abril de 2023, respecto al cual esta en revisión para emisión de observaciones por parte del equipo técnico por tanto, no se ha generado el informe de supervisión definitivo para este periodo. | AG23: Trim_I: Se está realizando seguimiento a la interventoría, sin embargo, no se asigna avance porcentual debido a que no anexan informe final de seguimiento. Trim_II: El área presenta un informe mensual de interventoría que corresponde al mes de abril de 2023, por lo tanto se otorga un porcentaje de avance del 8,4 % para el segundo trimestre.
AF24: Trim_I: Con corte al 30 de marzo de 2023 se ha comprometido un total de $376.523.863.115,95 del rubro de alimentación para internos, equivalente al 58% del presupuesto asignado para la vigencia, evidenciando un cumplimiento de la presente actividad, como evidencia se remite CEN de compromisos. Trim_II: Para el primer trimestre se tenia un 58% de avance referente al presupuesto inicial, pero a corte a junio 30 de los procesos de adquisición de bienes , presentaron una ejecución del 48,73%, para el segundo trimestre el porcentaje presentado es menor en razón a que el presuesto inicial se le fue adicionado 36 millones de pesos. | AG24: Trim_I: El área soporta con el CEN de pagos un avance de 58% el cual se calculo a partir de la relación entre lo comprometido y lo asignado para la vigencia Trim_II: El área para este trimestre manifiesta que se sealizo una adición de presupuesto, debido a esto el % de avance se redujo de 58% a 48,73% para este trimestre. Como el % ya había sido asignado no se reporta porcentaje de avance para este trimestre.
A25: 2. Direccionamiento estratégico | B25: 1. Planeación Institucional | C25: 1. Construir, ampliar, Fortalecer y conservar la infraestructura física penitenciaria y carcelaria con un enfoque humano, sostenible y orientado a al bienestar de la población privada de la libertad a cargo del INPEC | D25: 1.3 Intervenir establecimientos carcelarios del orden nacional a través de adecuaciones y mantenimiento | E25: Contratar el 100% de las intervenciones de fortalecimiento y la infraestructura programadas (priorización ñipe y/o ordenada por acción judicial u órgano superior) | F25: Obligar el 100% de los recursos que fueron constituidos como reserva presupuestal en la vigencia anterior | G25: 44927 | H25: 45291 | I25: 5. Gestión de la Infraestructura | J25: 8. Subdirección de Construcción y Conservación | K25: Subdirección de Seguimiento a la Infraestructura | L25: Porcentaje de avance de los recursos obligados, constituidos como reserva en la vigencia anterior | M25: Recursos obligados / Recursos comprometidos constituidos como reserva en la vigencia anterior *100 | N25: 0.4 | P25: 0.6 | R25: 0 | T25: 0 | V25: =N25+P25+R25+T25 -> 1
A26: 2. Direccionamiento estratégico | B26: 1. Planeación Institucional | C26: 1. Construir, ampliar, Fortalecer y conservar la infraestructura física penitenciaria y carcelaria con un enfoque humano, sostenible y orientado a al bienestar de la población privada de la libertad a cargo del INPEC | D26: 1.1 Ampliación cupos en infraestructura atendiendo requisitos y condiciones de calidad | E26: 1,577 cupos en ampliación de infraestructura con avance de proyecto del 100% | F26: Elaborar los documentos de lineamientos de diseño, operación y dotación para infraestructura de los establecimientos penitenciarios, tomando como referencia la Norma NTC 4595 (2014). | G26: 45292 | H26: 45657 | I26: 5. Gestión de la Infraestructura | J26: 7. Subdirección de Seguimiento a la Infraestructura | K26: 4. Subdirector de Seguimiento a la Infraestructura | L26: Porcentaje de avance en la elaboración de lineamientos de diseño, operación y dotación para infraestructura de los establecimientos penitenciarios | M26: Porcentaje de avance ejecutado en la elaboración de documentos de lineamientos de diseño / Porcentaje programado en la elaboración de documentos de lineamientos de diseño | N26: 0.25 | P26: 0.25 | R26: 0.25 | T26: 0.25 | V26: =N26+P26+R26+T26 -> 1 | AF26: Trim_I: Se realiza la actualización de uno de los procedimientos adscritos a la Dirección de Gestión Contractual. El procedimiento CO-PR-012 Adquisiciones Tienda Virtual del Estado Colombiano_V2_copia_controlada; Se actualiza y se incluyen actividades para las adquisiciones a través de grandes almacenes. de igual manera se actualizo el formato CO-FO-030 Estudios Previos Adquisiciones Bienes o Servicios por Tienda Virtual. Trim_II: La dirección de Gestión contractual pese a su falta de personal para avanzar en el cumplimiento de la Actividad se encuentra brajando en la actualización de los siguientes procedimientos adscritos a la misma: CO-PR-010 Liquidación de contratos, convenios y órdenes de compra: el 28 de junio se envía el avance realizado en las mes de trabajo realizadas entre la oficina de planeación y la DIGECO para revisión y continuar con el tramite. Se adjunta flujograma y procedimiento con avances. CO-PR-013 Procedimiento Administrativo Sancionatorio Contractual V02: El 10 de mayo se recibió ultimo avance realizado revisado por la Oficina de planeación y la DIGECO, para que esta ultima revise y ajuste la información general del procedimiento. CO-PR-012 Adquisiciones Tienda Virtual del Estado Colombiano: El 29 de mayo se entrego por pare de la Oficina de planeación la ultima revisión con ajustes de forma para revisión por parte de contractual y tramite de formalización en MIPGestión. | AG26: Trim_I: El área reporta avance en la actualización de uno de los procedimientos, lo que evidencia acciones en pro del cumplimiento de la actividad. Sin embargo dada la naturaleza del indicador no se puede otorgar un avance porcentual. Trim_II: El área reporta avance en la actualización de tres procedimientos, lo que evidencia acciones en pro del cumplimiento de la actividad. Se otorga un avance del 15% y cabe resaltar que el cumplimiento esta planteado para el cuarto trimestre.
V27: =N27+P27+R27+T27 -> 0 | AF27: Trim_I: A la fecha no se ha realizado la contratación del personal ideo para realizar las actualizaciones de los manuales. Razón por la cual no se ha avanzado con la actividad. Trim_II: No ha sido posible avanzar en la gestión de la actualización del Manual de Supervisión ya que no se cuenta con personal suficiente en la Dirección. Por tal motivo se hace la comunica a la Dirección General solicitando su apoyo en la destinación de los recursos que permitan adelantar la contratación de la persona natural o jurídica que lleve a cabo la actualización de los manuales y procedimientos de la Dirección de Gestión Contractual. | AG27: Trim_I: No se reportan avances en esta actividad, es de aclarar que se planeo avance a partir del segundo trimestre Trim_II: No se reportan avances en esta actividad, debido a que manifiestan falta de personal de apoyo, cabe resaltar de se realizo la solicitud a Dirección General, sin embargo no se otorga porcentaje de avance ya que esta actividad no se ha realizado.
V28: =N28+P28+R28+T28 -> 0 | AF28: Trim_I: Se adjudico contrato 032 para la interventoría técnica prestación de vigilancia electrónica hasta el 20 de agosto del 2023 Trim_II: Se adiciono el contrato 031 en la suma de 11,226,767,156, con vigencia hasta el 15 de octubre de 2023. Se adelantó tramite respectivo para el estudio mercado y consolidación de condiciones técnicas, jurídicas y financieras del nuevo proceso de licitación. Al respecto véase solicitud de información a cotizar radicado USPEC-IC-008-2023 en SECOP II. | AG28: Trim_I: Se otorga un 60% de avance en la actividad, el área relaciona los documentos soporte Trim_II: El área presenta soportes de adición de contrato hasta el 15 de Octubre del 2023, por lo tanto se otorga un porcentaje de avance del 20% para el segundo trimestre.
A29: 2. Direccionamiento estratégico | B29: 1. Planeación Institucional | C29: 2. Suministrar los bienes y servicios en condiciones de calidad, oportunidad y eficiencia a las personas privadas de la libertad a cargo del INPEC | D29: 2.1 Prestar el servicio de alimentación a la población privada de la libertad con criterios de calidad y eficiencia | E29: Proveer la alimentación a internos mediante el sistema de ración conformado por cuatro tiempos (desayuno, almuerzo, cena refrigerio nocturno), con promoción de hábitos alimentarios saludables, suministrando raciones para población en condiciones especiales, raciones para gestantes y lactantes. | F29: Realizar el proceso precontractual y contractual para la prestación del servicio de alimentación y la interventoria del mismo, de acuerdo al modelo de alimentación actualizado y vigente y a los estándares del decreto 2674 de 2013 (acorde al cumplimiento del anexo 20 de la Licitación Pública). | G29: 44927 | H29: 45107 | I29: 7. Gestión de Suministro de Bienes y Prestación de Servicios | J29: 11. Subdirección de Suministro de Servicios | K29: 8. Subdirector de Suministro de Servicios | L29: Porcentaje de avance en las actividades requeridas para garantizar la ejecución precontractual y contractual para el suministro de alimentación | M29: Porcentaje de avance ejecutado en el proceso precontractual y contractual para el suministro de alimentación / Porcentaje programado en el proceso precontractual y contractual para el suministro de alimentación | N29: 0.25 | P29: 0.25 | R29: 0.25 | T29: 0.25 | V29: =N29+P29+R29+T29 -> 1 | AF29: Trim_I: Se adjuntan los informes de enero, febrero y marzo. Trim_II: Se adjuntan los informes de abril y mayo. | AG29: Trim_I: Se otorga un 25% de avance en la actividad, el área relaciona los informes del primer trimestre como soporte Trim_II: El área presentan Informe de seguimiento de dos meses abril y mayo, por lo tanto se otorga un 17 % de porcentaje de avance para el segundo trimestre.
AF30: Trim_I: Se adjuntan tres informes precontractuales para el servició de conectividad, 1. Estudios previos procesos equipos de seguridad informática INPEC 2. Estudio previos servicio renovación ORACLE. Trim_II: Durante el segundo semestre se plantearon los estudios previos para los procesos de: Radios: Radicado en DIGECO mediante memorando I-2023-001024 del 10 de abril de 2023. CCTV : Aún en estructuración. Máquinas de Rayos X: Aún en estructuración. | AG30: Trim_I: El área adjunta los documentos precontractuales como soporte y se otorga un 50% según lo programado para el trimestre Trim_II: El área no se presenta informe de gestión, razón por la cual no se otorga porcentaje de avance para el segundo trimestre.
AF31: Trim_I: Se adjuntan tres informes contractuales para el servició de conectividad, 1. adicción al contrato 185-2022 2. contrato 084-2023 equipos de seguridad informática INPEC 3. Orden de compra 104068-2023 para el servicio renovación ORACLE. Trim_II: No se adjudicaron procesos nuevos a junio 30. | AG31: Trim_I: El área adjunta los documentos de los contratos como soporte y se otorga un 33% según lo programado para el trimestre Trim_II: El área reporta que no se presentaron procesos nuevos a 30 de junio 2023. Por lo tanto no se otorga porcentaje de avance para este segundo trimestre.
A32: 2. Direccionamiento estratégico | B32: 1. Planeación Institucional | C32: 2. Suministrar los bienes y servicios en condiciones de calidad, oportunidad y eficiencia a las personas privadas de la libertad a cargo del INPEC | D32: 2.1 Prestar el servicio de alimentación a la población privada de la libertad con criterios de calidad y eficiencia | E32: Proveer la alimentación a internos mediante el sistema de ración conformado por cuatro tiempos (desayuno, almuerzo, cena refrigerio nocturno), con promoción de hábitos alimentarios saludables, suministrando raciones para población en condiciones especiales, raciones para gestantes y lactantes. | F32: Realizar seguimiento a la interventoría del servicio de alimentación de acuerdo a lo contratado. | G32: 44927 | H32: 45291 | I32: 7. Gestión de Suministro de Bienes y Prestación de Servicios | J32: 11. Subdirección de Suministro de Servicios | K32: 8. Subdirector de Suministro de Servicios | L32: Porcentaje de meses cubiertos en seguimiento a través de informe(s) de apoyo a la supervisión del servicio de interventoría | M32: No. de meses cubiertos por los informes entregados / 3 x 25% | N32: 0.25 | P32: 0.25 | R32: 0.25 | T32: 0.25 | V32: =N32+P32+R32+T32 -> 1 | AF32: Trim_I: Durante el primer trimestre del año 2023, se realizaron las siguientes actividades: -Se cuenta con los recursos financieros, técnicos y humanos ‘para la evaluación e implementación del SG-SST - Reuniones mensuales y capacitaciones al COPASST y al CCL. - Se realiza la rendición de cuentas del SG-SST del año 2022 - Actualización de matriz legal -Actualización del procedimiento de comunicación, participación y consulta. -Realización de evaluaciones medicas ocupacionales con la IPS contratada. - Durante este primer trimestre se realizó actividades de campañas de PYP y capacitaciones desde el mes de febrero de los programas cardiovascular, Psicosocial y desordenes musculoesquelético. -Se diseñó el programa de estilos de vida saludable - Se realiza los indicadores del primer trimestre - Teniendo en cuenta la nueva reglamentación, se encuentra en el diseño y revisión del programa del PESV con el acompañamiento de la ARL Positiva - Durante el primer trimestre de 2023 se realizó el diseño de la política de teletrabajo y se aprobó por parte de planeación. Se encuentran elaborando los actos administrativos para su implementación Trim_II: Desde el SG-SST se realizaron las siguientes actividades durante el segundo trimestre –capacitación al COPASST y al CCL-Se realiza en manual del SG-SST-Actualización de la matriz legal-Se realizaron exámenes ocupacionales periódicos con los funcionarios de Bogotá, exámenes de ingreso y de ingreso-se realizó mesa laboral con la ARL Positiva-capacitaciones, actividades y seguimientos de los programas PVE osteomuscular, cardiovascular y psicosocial- actualización y socialización de formato de accidentes de trabajo-se actualizaron los indicadores del SG-SST- Seguimiento al cronograma de mantenimiento que tiene el edificio, entre otras actividades. | AG32: Trim_I: El área adjunta el informe de seguimiento a la actividad, el cual refleja un cumplimiento del 25% para e trimestre, este corresponde al planeado, en el informe que se adjunta como soporte, se describen con detalle las acciones realizadas. Trim_II: El área adjunta el informe de seguimiento segundo trimestre y los soportes de cada una de las actividades desarrolladas, por lo cual se otorga el 25% de avance para el segundo trimestre.
AF33: Trim_I: La actividad presenta proyección de avance a partir del segundo trimestre de 2023. Trim_II: Mediante Memorando I-2023-001596 del 26 de mayo de 2023, la Oficina Asesora de Planeación y Desarrollo indicó los lineamientos para la Medición del Desempeño Institucional MDI, a las áreas que tienen a cargo las diferentes políticas que hacen parte del Modelo Integrado de Planeación y Gestión MIPG. Igualmente se solicitó la información para estructurar el MIPG para la vigencia 2023. Conforme a los lineamientos del Departamento Administrativo de la Función Pública - DAFP, el aplicativo del Formulario Único de Reporte y Avance de Gestión - FURAG, lo habilitaron el 22 de junio de 2023 y el cierre para el reporte de la información es el día 25 de julio de 2023. Con corte el 30 de junio de 2023, la Entidad se encuentra contestando las preguntas del FURAG y a su vez definiendo el MIPG para la presente vigencia. | AG33: Trim_I: El área no avanza porcentualmente en la actividad, es de aclarar que es a partir del segundo trimestre cuando se programo avance. Trim_II: El área presenta información donde se dan los lineamientos para la Medición del Desempeño Institucional MDI, razón por la cual se le otorga un porcentaje de avance del 20% para el segundo trimestre.
AF34: Trim_I: Se actualizaron los mapas de riesgos de Gestión y Corrupción para la vigencia 2023, se está realizando el seguimiento correspondiente al primer trimestre de la vigencia, se provee se desarrolle la socialización en el trascurso del segundo trimestre. Trim_II: No se ha llevado a cabo la socialización de la gestión de riesgos de la Entidad, en el tercer trimestre se desarrollaran piezas comunicativas. | AG34: Trim_I: El área desarrolló acciones correspondientes a la gestión y cumplimiento de la actividad, sin embargo no se otorga cumplimiento porcentual debido a que la socialización no se ha llevado a cabo. Trim_II: El área no ha realizado la socialización sobre la Gestión de Riesgos en la Entidad, por lo tanto no se otorga porcentaje de avance para este trimestre.
AF35: Trim_I: No se reporta, teniendo en cuenta que la actividad esta programada y planteada a partir del termino del primer semestre de 2023. Trim_II: Se adjuntan informes que dan cuenta de las actividades ejecutadas y desplegadas por la USPEC a través de las Direcciones Logística y de Infraestructura con el fin de prevenir el daño antijuridico de conformidad con lo dispuesto en la Política de prevención del daño antijuridico 2022-2023. (creación de cupos, mantenimiento y adecuación de la infraestructura de los Establecimientos Carcelarios, Alimentación y prestación del servicio de salud a la PPL, con la intervención también de otras entidades del Sector) | AG35: Trim_I: El área no reporta avance para el primer trimestre, es de aclarar que planeó avance a partir del segundo trimestre Trim_II: El área presentan Informe de avance de Prevención Daño Antijuridico del primer semestre, por lo tanto se otorga el 50% avance para el segundo trimestre.
A36: 2. Direccionamiento estratégico | B36: 1. Planeación Institucional | C36: 2. Suministrar los bienes y servicios en condiciones de calidad, oportunidad y eficiencia a las personas privadas de la libertad a cargo del INPEC | D36: 2.1 Prestar el servicio de alimentación a la población privada de la libertad con criterios de calidad y eficiencia | E36: Proveer la alimentación a internos mediante el sistema de ración conformado por cuatro tiempos (desayuno, almuerzo, cena refrigerio nocturno), con promoción de hábitos alimentarios saludables, suministrando raciones para población en condiciones especiales, raciones para gestantes y lactantes. | F36: Realizar seguimiento al cumplimiento ANS (Acuerdos de Nivel de Servicio) de alimentación establecidos del anexo técnico de la licitación pública. | G36: 44927 | H36: 45291 | I36: 7. Gestión de Suministro de Bienes y Prestación de Servicios | J36: 11. Subdirección de Suministro de Servicios | K36: 8. Subdirector de Suministro de Servicios | L36: Porcentaje de avance en el seguimiento a los Acuerdos de Nivel de Servicio de alimentación | M36: No Actas de mesas de descuento entregadas / No Total de mesas de descuentos realizadas * 100% | N36: 0.25 | P36: 0.25 | R36: 0.25 | T36: 0.25 | V36: =N36+P36+R36+T36 -> 1 | AF36: Trim_I: No se reporta, teniendo en cuenta que la actividad esta programada y planteada a partir del termino del primer semestre de 2023. Trim_II: Se adjunta informe suscrito por la Coordinación del Grupo de Acciones de Tutela, través del cual da cuenta del seguimiento a los fallos de tutela en contra y a favor de la USPEC esto es, favorables y desfavorables en materia de salud, alimentación y hacinamiento. | AG36: Trim_I: El área no reporta avance para el primer trimestre, es de aclarar que planeó avance a partir del segundo trimestre Trim_II: El área presentan Informe de Seguimiento Fallos de Tutela favorables y desfavorables en temas de alimentación, salud y hacinamiento. Por lo tanto se otorga el 50% de avance para el segundo trimestre.
AF37: Trim_I: No se reporta, teniendo en cuenta que la actividad esta programada y planteada a partir del termino del primer semestre de 2023. Trim_II: Al 30 de junio de 2023, la Oficina Asesora Jurídica cuenta con el procedimiento de Procesos Disciplinarios proyectado. Se provee que durante el tercer trimestre sea enviado a la Oficina Asesora de Planeación para su aprobación y posteriormente sea firmado. | AG37: Trim_I: El área no reporta avance para el primer trimestre, es de aclarar que planeó avance a partir del segundo trimestre Trim_II: El área presenta documento de Procedimiento Disciplinario, sin embargo el documento aun no cuenta con las firmas de aprobación, por tal razón se otorga un 50% de avance para el segundo trimestre.
AF38: Trim_I: Se aporta el primer informe de quejas disciplinarias recibidas a través del Grupo de Instrucción de Control Interno Disciplinario. Trim_II: Se adjunta informe suscrito por la Coordinación del Grupo de Acciones de Tutela, través del cual da cuenta del seguimiento al estado procesal de las quejas disciplinarias recibidas durante el segundo trimestre de 2023. | AG38: Trim_I: El área logra un 25% de avance para el trimestre, soportado con el informe de seguimiento de quejas disciplinarias recibidas a través del Grupo de Instrucción de Control Interno Disciplinario. Trim_II: El área adjunta informe de quejas disciplinarias recibidas a través del Grupo de Instrucción de Control Interno Disciplinario. Por lo tanto se otorga un porcentaje de avance del 25% para el segundo trimestre.
AF39: Trim_I: Se elabora matriz en Excel de Programa Anual de Auditoria basado en riesgos para la vigencia 2023. conteniendo: - Matriz de universo de auditoria - Determinación plan de auditoria vs. Recursos Se realiza aprobación de programa Anual de auditoria basado en riesgos vigencia 2023, en comité de Coordinación Institucional de Control Interno por medio de Acta No. 016 de 24 de enero de 2023. Trim:II: Esta Actividad fue realizada en 100% durante el primer trimestre de 2023. | AG39: Trim_I: El área adjunta el Programa Anual de Auditoria basado en riesgos para la vigencia 2023. conteniendo, se realizó su aprobación en el comité de Coordinación Institucional de Control Interno por medio de Acta No. 016 de 24 de enero de 2023. Trim_II: No se otorga porcentaje de avance para este trimestre debido a que esta actividad tiene cumplimiento del 100% desde el primer trimestre.
A40: 2. Direccionamiento estratégico | B40: 1. Planeación Institucional | C40: 2. Suministrar los bienes y servicios en condiciones de calidad, oportunidad y eficiencia a las personas privadas de la libertad a cargo del INPEC | D40: 2.2 Establecer un proceso de evaluación a través de indicadores sobre la implementación del actual modelo de atención en salud a la PPL | E40: Un modelo de atención integral en salud que cuente con cobertura, oportunidad y eficiencia para la PPL a cargo del INPEC. | F40: Realizar seguimiento a la prestación del servicio de salud de acuerdo a la ruta de atención de la PPL con patología mental. | G40: 45078 | H40: 46386 | I40: 7. Gestión de Suministro de Bienes y Prestación de Servicios | J40: 11. Subdirección de Suministro de Servicios | K40: 8. Subdirector de Suministro de Servicios | L40: Porcentaje de avance en el seguimiento a la prestación del servicio de salud de acuerdo a la ruta de atención de la PPL con patología mental. | M40: No. De meses cubiertos por los informes entregados /3 Meses x 100% | N40: 0.25 | P40: 0.25 | R40: 0.25 | T40: 0.25 | V40: =N40+P40+R40+T40 -> 1
A44: 2. Direccionamiento estratégico | B44: 1. Planeación Institucional | C44: 2. Suministrar los bienes y servicios en condiciones de calidad, oportunidad y eficiencia a las personas privadas de la libertad a cargo del INPEC | D44: 2.2 Establecer un proceso de evaluación a través de indicadores sobre la implementación del actual modelo de atención en salud a la PPL | E44: Un modelo de atención integral en salud que cuente con cobertura, oportunidad y eficiencia para la PPL a cargo del INPEC. | F44: Realizar seguimiento a la prestación en servicios de salud de acuerdo a la ruta de atención de la población diferencial LGTBIQ+ | G44: 45078 | H44: 46386 | I44: 7. Gestión de Suministro de Bienes y Prestación de Servicios | J44: 11. Subdirección de Suministro de Servicios | K44: 8. Subdirector de Suministro de Servicios | L44: Porcentaje de avance en el seguimiento a la prestación del servicio de salud de acuerdo acuerdo a la ruta de atención de la población diferencial LGTBIQ+ | M44: No. de meses cubiertos por los informes entregados / 6 Meses x 50 % | N44: 0 | P44: 0 | R44: 0.5 | T44: 0.5 | V44: =N44+P44+R44+T44 -> 1
A48: 2. Direccionamiento estratégico | B48: 1. Planeación Institucional | C48: 2. Suministrar los bienes y servicios en condiciones de calidad, oportunidad y eficiencia a las personas privadas de la libertad a cargo del INPEC | D48: 2.2 Establecer un proceso de evaluación a través de indicadores sobre la implementación del actual modelo de atención en salud a la PPL | E48: Un modelo de atención integral en salud que cuente con cobertura, oportunidad y eficiencia para la PPL a cargo del INPEC. | F48: Adelantar gestiones ante el ministerio de hacienda y crédito publico y el consejo directivo del fondo nacional de salud para lograr los recursos necesarios para la contratación de la interventoría y(o) para el contrato de Fiducia mercantil y(o) auditoria de calidad de los servicios de salud. | G48: 44927 | H48: 46203 | I48: 7. Gestión de Suministro de Bienes y Prestación de Servicios | J48: 11. Subdirección de Suministro de Servicios | K48: 8. Subdirector de Suministro de Servicios | N48: 0.2 | P48: 0.8 | V48: =N48+P48+R48+T48 -> 1 | AF48: Trim_I: El Programa Anual de Auditoria basado en riesgos de la vigencia 2023, esta conformado por 105 actividades así: - Auditorias Internas (15) - Auditorias Especiales - Recurrentes (8) - Informes de Ley (37) - Seguimientos de ley (45) Para el periodo evaluado - Primer Trimestre - se realizan 23 actividades programadas así: Informes de Ley 1. Informe de Evaluación a la Gestión Institucional por Dependencias 2. Evaluación de Control Interno Contable 3. Rendición de Cuenta Fiscal e Informe Anual Consolidado –SIRECI- 4. Informes de Seguimiento al Plan de Mejoramiento suscrito con la Contraloría General de la República 5. Informe de Seguimiento a la Estrategias del Plan Anticorrupción y Atención al Ciudadano y Mapa de Riesgos de Corrupción 6. Informe de Austeridad en el Gasto 7. Informe de seguimiento a la Atención de Peticiones, Quejas y Reclamos. 8. Informe de Derechos de Autor 9. Avance del Sistema de Control Interno - Reporte en el aplicativo FURAG 10. Arqueo Caja Menor 11. Seguimiento a la Ejecución Presupuestal 12. Reporte de Estados Financieros a la Contaduría General de la Nación Seguimiento de Ley 13. Seguimiento mensual a la austeridad del Gasto – enero. 14. Seguimiento mensual a la austeridad del Gasto - febrero 15. Seguimiento mensual a la austeridad del Gasto - marzo 16. Seguimiento Comité de Conciliaciones 17. Seguimiento al reporte anual de la información de Personal y Costos, con corte a 31 de diciembre. 18. Seguimiento a los contratos publicados en la plataforma SIRECI 19. Seguimiento y coordinación a respuestas de entes de control –enero 20. Seguimiento y coordinación a respuestas de entes de control - febrero 21. Seguimiento y coordinación a respuestas de entes de control - marzo 22. Seguimiento a Proyectos de Inversión 23. Seguimiento Plan de Comunicaciones de la vigencia Trim_II: El Programa Anual de Auditoria basado en riesgos de la vigencia 2023, esta conformado por 105 actividades así: - Auditorias Internas Integrales (4) - Auditorias Especiales - Recurrentes (8) - Informes de Ley (49) - Seguimientos de ley (41) - Fomento de Cultura de Autocontrol (3) Para el periodo evaluado - Segundo Trimestre (30/06/2023) - se realizan 20 de las 23 actividades programadas así: 1. Auditoria Recurrente. Proceso de Información y Comunicación en cumplimiento del MIPG ( 7 Auditorias) 2. Auditoria Recurrente Publicación Oportuna de Información contractual SECOP II (6 Auditorias) 3. Informe de Seguimiento a la Estrategias del Plan Anticorrupción y Atención al Ciudadano - Primer cuatrimestre. 4. Seguimiento trimestral a la austeridad del Gasto - Segundo Trimestre 5. Informe de Seguimiento a PQRSD - Primer Trimestre 6. Seguimiento a la Ejecución Presupuestal - Primer Trimestre 7. Reporte de Estados Financieros a la Contaduría General de la Nación (Acta). Segundo Trimestre. 8. Seguimiento a los contratos publicados en la plataforma SIRECI - Primer Trimestre 9. Seguimiento a Comités Institucionales 10. Seguimiento a Proyectos de Inversión - Primer Trimestre 11. Seguimiento mensual a la austeridad del Gasto – Abril 12. Seguimiento mensual a la austeridad del Gasto - Mayo 13. Seguimiento mensual a la austeridad del Gasto - Junio 14. Seguimiento y coordinación a respuestas de entes de control - abril 15. Seguimiento y coordinación a respuestas de entes de control - mayo 16. Seguimiento y coordinación a respuestas de entes de control - junio 17. Diligenciamiento FURAG 18. Seguimiento a la publicación de estados financieros y Ejecución Presupuestal - Abril 19. Seguimiento a la publicación de estados financieros y Ejecución Presupuestal - Mayo 20. Seguimiento a la publicación de estados financieros y Ejecución Presupuestal - junio | AG48: Trim_I: La Oficina de Control Interno reportó un avance en 23 acciones de 105 programadas para el año y aunque su avance estaba estructurado a partir del segundo trimestre se otorga un 22% de ejecución. Trim_II: El área presenta soportes de auditoria basada en riesgos, de las 23 actividades proyectadas se presentan 20, por lo tanto el porcentaje de avance es del 29% para el segundo trimestre.
AF49: Trim_I: No se programan avances en este periodo evaluado Trim_II: No se han realizado actividades de avance en este ítem | AG49: Trim_I: El área no reporta avance para este trimestre, es de aclarar que solo se tiene avance planeado a partir del segundo trimestre. Trim_II: El área no reporta avance para este trimestre, por lo tanto no se otorga % de avance para este trimestre
AF50: Trim_I: En el primer trimestre se realizaron las capacitaciones a los funcionarios por medio de correos institucionales y medios audiovisuales que posee la entidad para su difusión, como también se realizaron las actividades de pesaje de los residuos que se generan, se solicito a la empresa MTS los certificados de aprovechamiento de residuos, se realizo el seguimiento de los servicios públicos para así determinar si se genero ahorro en comparación al año anterior. Trim_II: El PIGA, ha desarrollado las actividades propuesta durante le segundo trimestre, dando así un cumplimiento a la meta esperada del 25%, cabe resaltar que la campaña del reciclaton se dio por desierta por la falta d participación d ellos funcionarios a dicha actividad, se esper que el año 2024 se pueda contar con el apoyo de los funcionarios de la entidad. | AG50: Trim_I: El área adjunta el informe de seguimiento a la actividad, el cual refleja un cumplimiento del 25% para e trimestre, este corresponde al planeado, se sugieren ajustes al informe para su mejor entendimiento y formalizarlo con firmas correspondientes. Trim_II: El área presenta el informe de seguimiento, por lo tanto se otorga un 25% de avance para el segundo trimestre.
AF51: Trim_I: No se realiza avances en este periodo Trim_II: Se elabora Primer Informe de Seguimiento al Plan Anticorrupción y Atención al Ciudadano, del periodo comprendido entre el 1 de enero y el 30 de abril de 2023. Se publica en pagina web institucional. https://www.uspec.gov.co/sites/default/files/2023-05/seguimiento-plan-anticorrupcion-y-atencion-al-ciudadano-primer-cuatrimestre-2023.pdf | AG51: Trim_I: El área no reporta avance para este trimestre, es de aclarar que solo se tiene avance planeado a partir del segundo trimestre. Trim_II: El área presenta el informe solicitado, por lo tanto se otorga un porcentaje de avance del 20% para el segundo trimestre.
A52: 2. Direccionamiento estratégico | B52: 1. Planeación Institucional | C52: 2. Suministrar los bienes y servicios en condiciones de calidad, oportunidad y eficiencia a las personas privadas de la libertad a cargo del INPEC | D52: 2.2 Establecer un proceso de evaluación a través de indicadores sobre la implementación del actual modelo de atención en salud a la PPL | E52: Un modelo de atención integral en salud que cuente con cobertura, oportunidad y eficiencia para la PPL a cargo del INPEC. | F52: Instruir a la Entidad Fiduciaria para garantizar la continuidad en la ejecución del Software de Historia Clínica Electrónica en los ERON, conforme a las fases determinadas en la obligaciones contractuales. | G52: 44927 | H52: 45290 | I52: 7. Gestión de Suministro de Bienes y Prestación de Servicios | J52: 11. Subdirección de Suministro de Servicios | K52: 8. Subdirector de Suministro de Servicios | L52: Porcentaje de avance en las actividades para instruir a la Entidad Fiduciaria para garantizar la continuidad en la ejecución del software de historia clinica electrónica en los ERON | M52: Porcentaje de avance ejecutado en las actividades para instruir a la Entidad Fiduciaria para garantizar la continuidad en la ejecución del software de historia clinica electrónica / Porcentaje de avance programado en las actividades para instruir a la Entidad Fiduciaria para garantizar la continuidad en la ejecución del software de historia clinica electrónica | N52: 0.25 | P52: 0.25 | R52: 0.25 | T52: 0.25 | V52: =N52+P52+R52+T52 -> 1 | AF52: Trim_I: Sin tener una meta definida final el trabajo que hemos realizado lo soportamos con las evidencias que se subirán en la carpeta 14. Objetivo- comunicaciones Trim_II: El grupo de comunicaciones institucionales ha realizado las actividades que corresponden a sus funciones: las publicaciones internas y externas, interacción y publicación de información de gestión institucional en las redes sociales, actualización y publicación de la intranet, socialización a través del correo electrónico institucional, acompañamiento a eventos y difusión de estos, (registro fotográfico y audiovisual), logística de actividades (cuando competen al grupo) y diseño y diagramación de piezas gráficas y audiovisuales, entre otras. | AG52: Trim_I: Sin tener un Plan Estratégico de Comunicaciones definido no se puede otorgar avance en esta actividad, aunque se evidencia que el área ha desarrollado acciones propias de su gestión, será a partir del segundo semestre cuando se evidencien. Trim_II: El área aun no cuenta con un Plan Estratégico de Comunicaciones definido, sin embargo suministran evidencias que se han desarrollado acciones propias de su gestión, por lo tanto se otorga un porcentaje de avance del 15 % para el segundo trimestre.
V53: =N53+P53+R53+T53 -> 0 | AF53: Trim_I: Actualmente nos mantenemos en la versión 6.0 del PETI, de acuerdo con el Plan Nacional de Desarrollo 2018-2022, del Modelo Integrado de Planeación y Gestión-MIPG y el Plan Estratégico Institucional. La Entidad está en espera de los nuevos lineamientos para el cuatrienio 2023 - 2026 que serán emitidos por MinTic. Se está estructurando la Matriz de seguimiento con el propósito de registrar los avances sobre el Portafolio de Proyectos, definido en el numeral 6.1 del PETI v 6.0. Trim_II: El PETI Versión 6.0, no se actualizó en este primer semestre, ya que estábamos a la espera de los nuevos lineamientos de MinTic, para el cuatrienio 2023 – 2026. En Mayo de 2023 se emitió por parte de MinTic la Resolución No. 1978 - MRAE, la cual es el insumo para estructurar la Matriz de seguimiento con el propósito de registrar los avances sobre el Portafolio de Proyectos. Como resultado de la Consultoría del Sistema de Información Misional - SIM, podemos decir que ya contamos con 16 Proyectos para el portafolio, los cuales al actualizar el PETI, se irán incorporando, hasta ejecutarlos todos en el 2026. | AG53: Trim_I: La oficina de tecnología ha realizado avances en la actualización del Plan, sin embargo está a espera de alinear el PETY con el PND, la actividad está prevista a desarrollarse a partir del segundo trimestre. Trim_II: El área no presenta Matriz de avance y seguimiento de las actividades del PETI y Matriz de seguimiento al Portafolio de Proyectos TI. Por lo tanto para el segundo trimestre no se otorga porcentaje de avance.
V54: =N54+P54+R54+T54 -> 0 | AF54: Trim_I: En la actualidad está vigente el Contrato 429 de 2022, el cual tiene por objeto es: “CONTRATAR LOS SERVICIOS PROFESIONALES QUE PERMITA DEFINIR E IMPLEMENTAR LA ARQUITECTURA DE TI QUE SOPORTARÁ LA SOLUCIÓN INTEGRAL DEL SISTEMA DE INFORMACIÓN MISIONAL - SIM DE LA USPEC, PARTIENDO DE UN ANÁLISIS SOBRE LOS MACROPROCESOS DE LA ENTIDAD, QUE DETERMINE LAS NECESIDADES FUNCIONALES Y NO FUNCIONALES BASADOS EN LOS PROCEDIMIENTOS ESTABLECIDOS”. Teniendo en cuenta el Objeto del Contrato anteriormente mencionado, y basándonos en el Plan de Gestión del proyecto establecido para el desarrollo de la consultoría que tiene como alcance la implementación de la arquitectura del Sistema de Información Misional SIM, se ha avanzado en las siguientes actividades: Situación Actual, Prospectiva de la Arquitectura de TI, Análisis de Requerimientos y Diseño del SIM. Trim_II: Como resultado de la Consultoría del SIM, Contrato No. 429 de 2022, cuyo objeto es: “CONTRATAR LOS SERVICIOS PROFESIONALES QUE PERMITA DEFINIR E IMPLEMENTAR LA ARQUITECTURA DE TI QUE SOPORTARÁ LA SOLUCIÓN INTEGRAL DEL SISTEMA DE INFORMACIÓN MISIONAL - SIM DE LA USPEC, PARTIENDO DE UN ANÁLISIS SOBRE LOS MACROPROCESOS DE LA ENTIDAD, QUE DETERMINE LAS NECESIDADES FUNCIONALES Y NO FUNCIONALES BASADOS EN LOS PROCEDIMIENTOS ESTABLECIDOS”. Teniendo en cuenta el Objeto del Contrato anteriormente mencionado, y basándonos en el Plan de Gestión del proyecto establecido para el desarrollo de la consultoría que tiene como alcance la implementación de la arquitectura del Sistema de Información Misional SIM, el avance se refleja en las siguientes actividades (Situación Actual, Problemáticas a Resolver, Situación Deseada, Portafolio de Proyectos, Análisis de Requerimientos y Diseño del SIM). La Consultoría le presentó a los Directivos de la Entidad, el plan con los 16 Proyectos, con la solución integral que soportará la operación. La etapa que sigue es la implementación de este SIM. | AG54: Trim_I: A pesar que la OTEC, No Planeó avance porcentual para este trimestre, se evidencia a través del informe adjunto acciones que permiten otorgar un 5% de avance. Trim_II: El área presenta informe, por lo tanto se otorga un 15 % de avance para el segundo trimestre.
V55: =N55+P55+R55+T55 -> 0 | AF55: Trim_I: Durante el trimestre se avanzó en el desarrollo de las siguientes estrategias: Gestión de riesgos. Se actualizó y publicó la matriz de riesgos de seguridad de información y el respectivo plan de tratamiento de riesgos. Concientización, sensibilización y capacitación. Se modificó el plan de sensibilización y se inició con la ejecución de actividades entre las cuales se encuentran: envío de tipos seguros a través de correo, selección del usuario SGSI y charla presencial de ciberseguridad. Implementación del plan de tratamiento de riesgos de seguridad de información. Se realizó el primer seguimiento del PTR de acuerdo a la información reportada por cada uno de los procesos involucrados. Medición, revisión y evaluación del SGSI. Se avanzó en la actualización y diligenciamiento de indicadores de seguridad de información. Relación con proveedores de seguridad digital. Se definió la guía de gestión de proveedores de TI, se encuentra pendiente la gestión para su aprobación, publicación y socialización. En conclusión, de acuerdo al porcentaje llenado se logró la meta del trimestre avanzando en un 25% de implementación del plan. Trim_I: De acuerdo al Plan Estratégico de Seguridad y Privacidad de la información, establecido para la presente vigencia, durante el segundo trimestre se avanzó en un 25% de las actividades propuestas, logrando un porcentaje de avance para la vigencia del 50%. Dentro de las estrategias trabajadas en el trimestre se encuentran: * Concientización, sensibilización y capacitación en seguridad de información. * Implementación del plan de tratamiento de riesgos de seguridad de información * Gestión de incidentes * Medición, revisión y evaluación del SGSI * Relación con proveedores de seguridad digital | AG55: Trim_I: La OTEC adjunta el informe de seguimiento el Plan Estratégico de Seguridad y Privacidad de la Información, con lo cual se otorga un 25% de ejecución para el trimestre 1. Trim_I: La OTEC adjunta el informe de gestión Plan Estratégico de Seguridad y Privacidad de la Información, con lo cual se otorga un porcentaje de avance del 25% para el segundo trimestre.
A56: 2. Direccionamiento estratégico | B56: 1. Planeación Institucional | C56: 2. Suministrar los bienes y servicios en condiciones de calidad, oportunidad y eficiencia a las personas privadas de la libertad a cargo del INPEC | D56: 2.2 Establecer un proceso de evaluación a través de indicadores sobre la implementación del actual modelo de atención en salud a la PPL | E56: Un modelo de atención integral en salud que cuente con cobertura, oportunidad y eficiencia para la PPL a cargo del INPEC. | F56: Instruir a la Entidad Fiduciaria para garantizar la continuidad de la contratación por modalidad de capitación en los ERON a cargo del INPEC. | G56: 44927 | H56: 45291 | I56: 7. Gestión de Suministro de Bienes y Prestación de Servicios | J56: 11. Subdirección de Suministro de Servicios | K56: 8. Subdirector de Suministro de Servicios | L56: Porcentaje de ERON cubiertos | M56: No. de ERON con modelo de Cápita / No. De ERON a cargo del INPEC x 100/4 | N56: 0.25 | P56: 0.25 | R56: 0.25 | T56: 0.25 | V56: =N56+P56+R56+T56 -> 1 | AF56: Trim_I: Durante el trimestre se realizaron las siguientes actividades: * Definición de lineamientos para la gestión de proveedores de TI * Seguimiento de umbrales de los componentes de la plataforma tecnológica * Definición, publicación de instructivo de gestión de vulnerabilidades * Definición de cronograma de actualización de documentación de la plataforma tecnológica e implementación de controles para evitar la fuga de información En conclusión, de acuerdo a las actividades ejecutadas se avanzó el meta planeada para el trimestre, es decir en un 10% de ejecución de las actividades propuestas Trim_II: Durante el trimestre se avanzó en la ejecución del plan de tratamiento de riesgos de seguridad de información ejecutando en conclusión las siguientes actividades: * Se inició la actualización del plan de mantenimiento de la plataforma tecnológica * Publicación en el software MIPGESTION de la Guía de gestión de proveedores de TI * Seguimiento del control de cambios del certificado digital de la página web * Seguimiento al cronograma de cronograma a través del cual se establecen los documentos de operación de la plataforma tecnológica, en total se elaboraron 20 documentos relacionados con los servicios de TI prestados por la mesa de ayuda. * Seguimiento al cronograma a través del cual se establecen los controles para mitigar la fuga de información | AG56: Trim_I: Se evidencia un avance según lo programado en el Plan de Tratamiento de Riesgos de Seguridad en la Información de la OTEC, por esto se avanza según lo planeado en un 10% Trim_II: El área presenta avance según lo programado en el Plan de Tratamiento de Riesgos de Seguridad en la Información de la OTEC, por lo tanto se otorga un porcentaje de avance del 20% para el segundo trimestre.
AF57: Trim_I: Durante el trimestre se avanzó en el desarrollo de las siguientes estrategias: Gestión de riesgos. Se actualizó y publicó la matriz de riesgos de seguridad de información y el respectivo plan de tratamiento de riesgos. Concientización, sensibilización y capacitación. Se modificó el plan de sensibilización y se inició con la ejecución de actividades entre las cuales se encuentran: envío de tipos seguros a través de correo, selección del usuario SGSI y charla presencial de ciberseguridad. Implementación del plan de tratamiento de riesgos de seguridad de información. Se realizó el primer seguimiento del PTR de acuerdo a la información reportada por cada uno de los procesos involucrados. Medición, revisión y evaluación del SGSI. Se avanzó en la actualización y diligenciamiento de indicadores de seguridad de información. Relación con proveedores de seguridad digital. Se definió la guía de gestión de proveedores de TI, se encuentra pendiente la gestión para su aprobación, publicación y socialización. En conclusión, de acuerdo al porcentaje llenado se logró la meta del trimestre avanzando en un 25% de implementación del plan. Trim_II: Se llevó seguimiento a las actividades ejecutadas del plan de tratamiento de riesgos a cargo de cada una de las dependencias que cuentan actualmente con riesgos de seguridad de información. En conclusión se obtuvieron los siguiente resultados acumulados para la vigencia: Gestión de Contractual 76% Gestión Infraestructura 38% Gestión de recursos Físicos y Suministros 0% Gestión de Atención al Ciudadano 0% Gestión Talento Humano 44% Gestión Jurídica 58% Gestión Documental 50% Gestión Financiera 27% Gestión de Tecnologías de la Información 30% Los procesos Gestión de Atención al Ciudadano y Gestión de Recursos Físicos y Suministros no han presentado reporte de los avances durante el primer y segundo trimestre del año. | AG57: Trim_I: La OTEC adjunta el informe de seguimiento el Plan de Tratamiento de Riesgos digital, con lo cual se otorga un 25% de ejecución para el trimestre 1. Trim_II: La OTEC adjunta el informe de seguimiento el Plan de Tratamiento de Riesgos digital, con lo cual se otorga un porcentaje de avance del 25% para el segundo trimestre.
AF58: Trim_I: Se realiza socialización del Sistema de Gestión de Documento Electrónico SGDEA-INFODOC en las diferentes dependencias de la entidad con un participación de 167 funcionarios y contratistas Trim_II: Se remite informe correspondiente a las actividades desarrolladas las cuales corresponden a las planteadas para el segundo trimestre de la vigencia 2023. Se remite soporte de las actividades desarrolladas en el de acuerdo a la programación realizada en el marco del Plan de Acción para la vigencia 2023. Informe de capacitaciones desarrolladas y socialización del Programa de documentos vitales o esenciales. | AG58: Trim_I: En el informe de seguimiento del primer trimestre, Se evidencia que el Grupo de Gestión Documental con apoyo de la Subdirección Administrativa y la Dirección Administrativa y Financiera, ha desarrollado las Actividades correspondientes al Plan Institucional de Archivos PINAR; correspondientes al primer trimestre de la vigencia 2023. Trim_II: El área presenta informe de seguimiento del segundo trimestre con detalle de las actividades realizadas, por lo tanto se otorga el 25% de avance para el segundo trimestre.
AF59: Trim_I: Frente a este indicador, se llevará a cabo una Mesa de trabajo, para definir como quedará, para no entrar en equivocaciones, ni entrega de información errada, de la mano con la Oficina de Planeación se dará claridad. Trim_II: Se propone, frente a este indicador, realizar una Mesa de Trabajo con el Área de Planeación, y la persona encargada de esta actividad, con el fin de aclarar el indicador y la información que es menester para cumplir con el mencionado. | AG59: Trim_I: Si bien el área no reporto avance a la fecha, tampoco tenía compromiso de avance porcentual para el primer trimestre, se realizará una orientación y así reportar los avances a partir del segundo trimestre. Trima_II: No se presentan soportes, por lo tanto no se asigna porcentaje de avance.
AF60: Trim_I: Modulo de riesgos: se han realizado reuniones con el proveedor del Software en las cuales se le indicaron los ajustes que se deben efectuar al módulo con base a la última guía del DAFF, se ha cargado información de prueba. Modulo de MIPG: Con corte al primer trimestre el DAFP no ha puesto en marcha el aplicativo para el diligenciamiento del FURAG, lo tienen contemplado para el segundo trimestre de la vigencia, una vez realizado esto se generará el plan de acción del MIPG y estas acciones se cargarán en el módulo. Módulo de indicadores: Para el primer trimestre se desarrollaron jornadas de socialización en cuanto a los conceptos y formulación de indicadores, manejo de la herramienta, actualmente se encuentra en proceso de cargue de la información relacionada con el seguimiento a los indicadores d egestión, es de aclarar que se encuentra en proceso de actualización y ajustes. Trim_II: Para el módulo de Riesgos se han realizado reuniones entre la Oficina Asesora de Planeación y Desarrollo, la Oficina de Tecnología y la firma proveedora del aplicativo, haciendo ejercicios de cargue de información en el ambiente de pruebas, con el fin de analizar el alcance del software, evidenciando que se requiere hacer ajustes del mismo. Se está estructurando el requerimiento para analizarlo con la firma contratista con el fin de determinar la viabilidad técnica y financiera del ajuste. Sobre el módulo del MIPG, una vez se termine de diligenciar el FURAG, se va a estructurar el plan para a vigencia 2023; con la información aprobada se realiza el cargue de los datos en el módulo. Con relación al módulo de Indicadores, se encuentra pendiente el cargue de información de la Oficina Asesora Jurídica y la Dirección de Infraestructura. | AG60: Trim_I: Se otorga un 33% de ejecución, dado que 1 de 3 módulos tiene información cargada y se encuentra en funcionamiento. El área adjunta soporte de uno de los indicadores de la información cargada. Trim_II: El área presenta soportes de avance en el cargue de información y continúan en estructuración de la plataforma, por lo tanto se otorga un 25% de avance para el segundo trimestre.
A61: 2. Direccionamiento estratégico | B61: 1. Planeación Institucional | C61: 2. Suministrar los bienes y servicios en condiciones de calidad, oportunidad y eficiencia a las personas privadas de la libertad a cargo del INPEC | D61: 2.2 Establecer un proceso de evaluación a través de indicadores sobre la implementación del actual modelo de atención en salud a la PPL | E61: Un modelo de atención integral en salud que cuente con cobertura, oportunidad y eficiencia para la PPL a cargo del INPEC. | F61: Realizar la supervisión al contrato de fiducia mercantil y el seguimiento a la prestación del servicio de salud, garantizando el personal idóneo para ambas tareas en el grupo de salud. | G61: 44927 | H61: 45291 | I61: 7. Gestión de Suministro de Bienes y Prestación de Servicios | J61: 11. Subdirección de Suministro de Servicios | K61: 8. Subdirector de Suministro de Servicios | L61: Porcentaje de avance en la ejecución del contrato de fiducia mercantil | M61: No. de meses cubiertos por los informes entregados / 3 x 25 | N61: 0.25 | P61: 0.25 | R61: 0.25 | T61: 0.25 | V61: =N61+P61+R61+T61 -> 1 | AF61: Trm_I: 1. RM Barranquilla: Se adelanta trámite ante el Ministerio de Justicia y el DNP, para comprometer vigencias futuras aún no se cuenta con la aprobación para la respectiva contratación del proyecto 2. RM Cartagena: Revisión HV, análisis de precios, firma de acta en el mes de abril 3. Pabellón Calarcá: en el mes de marzo se suscribió contrato de interventoría, se adelanta aprobación de pólizas y se tiene previsto firma de acta segundo trimestre de 2023 4. Pabellón Bellavista P4: una vez verificada los diseños entregados para este proceso, se adelanta por parte del contratista unos apiques necesarios para identificar características propias de la calidad del suelo en referencia a temas estructurales para la edificación del Pabellón, así mismo se adelantan diseños para realizar un portal de integración, verificación de HV de los contratistas. Acta de inicio en el mes de mayo 5. Complementarias Espinal: se estaba esperando la aprobación por parte del INPEC, de las fichas técnicas para la red de CCTV, Se tiene prevista firma de acta de inicio el 18 de abril. 6. Complementarias Itagüí: Se adelantó socialización de las fichas técnicas del sistema de CCTV, así como la ubicación del cuarto de control y monitoreo donde será integrados los nuevos pabellones con la estructura existente, así mismo se está definiendo el tipo de cerramiento, ubicación del rancho y vías de acceso, acta de inicio se firmara en abril 7. Complementarias Barranquilla: se estaba esperando la aprobación por parte del INPEC, de las fichas técnicas para la red de CCTV y aprobación de los diseños del Control de guardia y Muro de cerramiento perimetral, Se tiene prevista firma de acta de inicio el 18 de abril. Se anexa actas de mesas de trabajo Trim_II: 1. RM Barranquilla: Se recibió aprobación para comprometer vigencias futuras por parte del Ministerio de Hacienda y Crédito Publico el 6 de junio y se dio reinicio al proceso en cursos el cual quedará legalizado la primera semana de julio 2. RM Cartagena: Se firmo acta de inicio el 21 de junio, inicia fase 1 3. Pabellón Calarcá: Se firmo acta de inicio el 26 de junio, inicia fase 1 4. Pabellón Bellavista P4: Durante el periodo se llevan a cabo la entrega de los APUS en referencia a la oferta económica. Acta de inicio en el mes de julio 5. Complementarias Espinal: Se firmo acta de inicio el 28 de abril 6. Complementarias Itagüí: Se firmo acta de inicio el 8 de mayo, se adelanto acta de cambio de fase el 8 de junio e inicio fase 2 7. Complementarias Barranquilla: Se firmo acta de inicio el 13 de mayo Se anexa actas de inicio de los procesos | AG61: Trim_I: Se evidencian acciones en pro del cumplimiento de la actividad, el área reporta avance en mesas de trabajo y reuniones con el objeto de que en el segundo y tercer trimestre se suscriban los contratos y sus respectivas actas de inicio, no se asigna un avance porcentual para el primer trimestre ya que su ejecución esta dada directamente con la entrega de soporte del Acta de inicio. Es de aclarar que esta actividad debe presentar ejecución según lo planeado a partir del segundo trimestre. Trim_II: Se evidencian acciones en pro del cumplimiento de la actividad, el área reporta avances en las mesas de trabajo y se suscriben contratos con sus respectivas actas de inicio, sin embargo de las 7 actas presentadas solo se evidencian 5 (Faltarían Bella Vista y Barranquilla) por lo tanto el porcentaje de avance asignado es del 72 % para este segundo trimestre.
AF62: Trm_I: 1. RM Barranquilla: Se adelanta trámite ante el Ministerio de Justicia y el DNP, para comprometer vigencias futuras aún no se cuenta con la aprobación para la respectiva contratación del proyecto 2. RM Cartagena: Revisión HV, análisis de precios, firma de acta en el mes de abril 3. Pabellón Calarcá: en el mes de marzo se suscribió contrato de interventoría, se adelanta aprobación de pólizas y se tiene previsto firma de acta segundo trimestre de 2023 4. Pabellón Bellavista P4: una vez verificada los diseños entregados para este proceso, se adelanta por parte del contratista unos apiques necesarios para identificar características propias de la calidad del suelo en referencia a temas estructurales para la edificación del Pabellón, así mismo se adelantan diseños para realizar un portal de integración, verificación de HV de los contratistas. Acta de inicio en el mes de mayo ,5. Complementarias Espinal: se estaba esperando la aprobación por parte del INPEC, de las fichas técnicas para la red de CCTV, Se tiene prevista firma de acta de inicio el 18 de abril. 6. Complementarias Itagüí: Se adelantó socialización de las fichas técnicas del sistema de CCTV, así como la ubicación del cuarto de control y monitoreo donde será integrados los nuevos pabellones con la estructura existente, así mismo se está definiendo el tipo de cerramiento, ubicación del rancho y vías de acceso, acta de inicio se firmara en abril 7. Complementarias Barranquilla: se estaba esperando la aprobación por parte del INPEC, de las fichas técnicas para la red de CCTV y aprobación de los diseños del Control de guardia y Muro de cerramiento perimetral, Se tiene prevista firma de acta de inicio el 18 de abril. Se anexa actas de mesas de trabajo Trim_II: 1. RM Barranquilla: Revisión de Minuta para perfeccionamiento del contrato, una vez se cuente con todos los requisitos preliminares se programara firma de acta de inicio 2. RM Cartagena: Se, inicia fase 1 con revisión en las especialidades de Geotecnia, Estructuras, hidrosanitario y arquitectura 3. Pabellón Calarcá: Se inicia fase 1 revisión de diseños 4. Pabellón Bellavista P4: Durante el periodo se llevan a cabo la entrega de los APUS en referencia a la oferta económica. Acta de inicio en el mes de julio 5. Complementarias Espinal: Realización replanteo con estacas, se verifica levantamiento topográfico, adecuaciones provisionales. avance 2,57% 6. Complementarias Itagüí: se adelantan actividades de geotecnia, avance 1% 7. Complementarias Barranquilla: Se adelantan obras preliminares de demoliciones y obras provisionales Se anexa informe avances | AG62: Trim_I: Se evidencian acciones en pro del cumplimiento de la actividad, el área reporta avance en mesas de trabajo y reuniones con el objeto de que en el segundo y tercer trimestre se suscriban los contratos y sus respectivas actas de inicio, no se asigna un avance porcentual para el primer trimestre ya que su ejecución esta dada directamente con la entrega de soporte de los informes de ejecución y avance en la obra. Es de aclarar que esta actividad debe presentar ejecución según lo planeado a partir del segundo trimestre. Trim_II: Se evidencian acciones en pro del cumplimiento, sin embargo de los 8 proyectos se presenta avance de 5 Proyectos (Pendientes Cartagena - Calarcá - Barranquilla) Por lo tanto se otorga un porcentaje de avance del 6,25% para este segundo trimestre.
AF63: Trm_I: 1. Modulares Itagüí: Contrato 307-2019 finalizo el 17 de marzo de 2023 en el cual se suscribió acta de terminación, la cual genero observaciones en algunas actividades ejecutadas, quedando como compromiso para ser subsanadas y de esta manera generar acta de entrega final y recibo a satisfacción, esta se realizara de acuerdo a visita programada para los días 13 y 14 de abril. 2. Complementarias Espinal: se estaba esperando la aprobación por parte del INPEC, de las fichas técnicas para la red de CCTV, Se tiene prevista firma de acta de inicio el 18 de abril. 3. Complementarias Itagüí: Se adelantó socialización de las fichas técnicas del sistema de CCTV, así como la ubicación del cuarto de control y monitoreo donde será integrados los nuevos pabellones con la estructura existente, así mismo se está definiendo el tipo de cerramiento, ubicación del rancho y vías de acceso, acta de inicio se firmara en abril 4. Complementarias Barranquilla: se estaba esperando la aprobación por parte del INPEC, de las fichas técnicas para la red de CCTV y aprobación de los diseños del Control de guardia y Muro de cerramiento perimetral, Se tiene prevista firma de acta de inicio el 18 de abril. Se anexa actas de mesas de trabajo Trim_II: 1. Modulares Itagüí: obra modulares finalizada marzo de 2023, se adelanta la fase 3 correspondiente a la liquidación del contrato, la obra será recibida por parte del INPEC se finalicen las obras complementarias correspondientes al contrato 267-2022, el cual inicio fase 2 el 8 junio de 2023. 2. Complementarias Espinal: Realización replanteo con estacas, se verifica levantamiento topográfico, adecuaciones provisionales. avance 2,57% 3. Complementarias Itagüí: se adelantan actividades de geotecnia, avance 1% 4. Complementarias Barranquilla: Se adelantan obras preliminares de demoliciones y obras provisionales | AG63: Trim_I: La actividad esta programada para su avance en el cuarto trimestre, el avance más importante se ha dado en Modulares Itagüí, el área reporta que el contrato finalizo el 17 de marzo de 2023 en el cual se suscribió acta de terminación, la cual genero observaciones en algunas actividades ejecutadas, quedando como compromiso para ser subsanadas y de esta manera generar acta de entrega final. dado esto se otorgará un avance porcentual cuando soporten con actas de entrega definitiva. Trim_II: No se otorga porcentaje de avance para este trimestre debido a que esta actividad esta proyectada en cumplimiento para el cuarto trimestre.
A64: 2. Direccionamiento estratégico | B64: 1. Planeación Institucional | C64: 2. Suministrar los bienes y servicios en condiciones de calidad, oportunidad y eficiencia a las personas privadas de la libertad a cargo del INPEC | D64: 2.3 Brindar el servicio de vigilancia Electrónica efectivo para la Población Privada de la Libertad beneficiada con esta medida, de acuerdo a la disponibilidad presupuestal | E64: 100% de las personas privadas de la libertad con medida de vigilancia electrónica con dispositivo instalado y en adecuado funcionamiento, acorde a la disponibilidad presupuestal | F64: Realizar el proceso precontractual y contractual para la prestación del servicio de vigilancia electrónica. | G64: 44927 | H64: 45015 | I64: 7. Gestión de Suministro de Bienes y Prestación de Servicios 6. Gestión Contractual | J64: 12. Subdirección de Suministro de Bienes 13. Dirección de Gestión Contractual | K64: 10. Subdirector de Suministro de Bienes 12. Director de Gestión Contractual | L64: Validación binaria: Entrega del contrato de prestación del servicio suscrito o adición del proceso actual del servicio de vigilancia electrónica. | M64: 60% Entregado Etapa precontractual 40% Entregado etapa contractual 0% No entregado | N64: 0.6 | P64: 0.4 | V64: =N64+P64+R64+T64 -> 1 | AF64: Trim_I: 1. Alojamiento Girón: Proyecto en ejecución con avance del 37,38% se anexa informe de seguimiento 2. Alojamiento Ipiales: Se realiza suspensión al contrato de obra solicitado por el contratista CONSORCIO SAN JOSE, con motivo de los cierres en la vía panamericana ocasionado por los deslizamientos, situación que afecto directamente la cadena de suministros del contratista y desabasteció de material y combustible la obra. se anexa acta de suspensión Trim_II: 1. Alojamiento Girón: Proyecto en ejecución con avance del 41,98% se anexa informe de seguimiento 2. Alojamiento Ipiales: Proyecto en ejecución con avance del 17,49% se anexa informe de seguimiento | AG64: Trim_I: Se otorga un 18,7 % de avance obtenido a partir del informe que da cuenta del avance en el proyecto de Girón, en el proyecto de Ipiales se reporta Suspensión del contrato, el área relaciona las evidencias y soportes. Trim_II: Se evidencian acciones en pro del cumplimiento, por lo tanto de otorga un porcentaje de avance del 20% para el segundo trimestre.
AF65: Trim_I: 1. Alojamiento Girón: Proyecto en ejecución fecha contractual de terminación 9/07/2023 2. Alojamiento Ipiales: fecha contractual de terminación 9/07/2023 Trim_II: 1. Alojamiento Girón: Proyecto en ejecución con avance del 41,98% se anexa informe de seguimiento 2. Alojamiento Ipiales: Proyecto en ejecución con avance del 17,49% se anexa informe de seguimiento | AG65: Trim_I: La actividad está proyectada en un 100% para en el cuarto trimestre Trim_II: No se otorga porcentaje de avance para este trimestre debido a que esta actividad esta proyectada en cumplimiento para el cuarto trimestre.
AF66: Trim_I: 1. Nuevo ERON Pereira (1,500 cupos): en ejecución avance al primer trimestre del 25,30% 2. Nuevo ERON Riohacha (1645).: en ejecución avance al primer trimestre del 8,84% 3. Nuevo ERON Sabanas de San Ángel (1974) : proceso suspensión, avance 27,74 % Se anexa informe seguimiento Trim_II: 1. Nuevo ERON Pereira (1,500 cupos): en ejecución avance al primer trimestre del 31,97% 2. Nuevo ERON Riohacha (1645).: en ejecución avance al primer trimestre del 11,18% 3. Nuevo ERON Sabanas de San Ángel (1974) : proceso suspensión, avance 27,74 % Se anexa informe seguimiento | AG66: Trim_I: El área sustenta un cumplimiento del 20,62% a partir de los tres informes de seguimiento, los cuales tienen una ejecución así; 1. Nuevo ERON Pereira (1,500 cupos): 25,30% 2. Nuevo ERON Riohacha (1645): 8,84% 3. Nuevo ERON S. de San Ángel (1974) : proceso suspensión, avance 27,74 % Trim_II: El área presenta soportes de avance, por lo tanto se otorga un porcentaje de avance del 25% para el segundo trimestre.
A67: 2. Direccionamiento estratégico | B67: 1. Planeación Institucional | C67: 3. Fortalecer la capacidad institucional y el talento humano por medio del mejoramiento de procesos y el desarrollo de competencias para incrementar la productividad y calidad de los servicios, contribuyendo a la favorabilidad de la imagen de la entidad | D67: 3.2 Implementar el Modelo Integrado de Planeación y Gestión – MIPG | E67: 100% del Modelo Integrado de Planeación y Gestión - MIPG implementado para la vigencia | F67: Actualización de los procedimientos vigentes a Cargo de la Dirección de Gestión Contractual | G67: 44927 | H67: 45290 | I67: 6. Gestión Contractual | J67: 13. Dirección de Gestión Contractual | K67: 12. Director de Gestión Contractual | L67: Validación binaria: Entrega de procedimientos Actualizados y aprobados | M67: 100% Entregado 0% No entregado | N67: 0 | P67: 0 | T67: 1 | V67: =N67+P67+R67+T67 -> 1 | AF67: Trim_I: 1. Nuevo ERON Silvia: En desarrollo del proyecto se legalizaron los contratos de obra e interventoría, mediante la revisión y aprobación de pólizas por parte de DIGECO, actas que fueron remitidas al contratista de obra e interventoría, respectivamente. Simultáneamente se adelantó reunión preliminar con contratista de obra e interventoría a fin de gestionar lo pertinente para orientar el protocolo para la firma del acta de inicio, prevista/proyectada para el 17 de abril de 2023. 2. Nuevo ERON Barrancabermeja: Se adelanta trámite ante el Ministerio de Justicia y el DNP, para comprometer vigencias futuras aún no se cuenta con la aprobación para la respectiva contratación del proyecto. Se anexa solicitud vigencia futura Trim_II: 1. Nuevo ERON Silvia: En desarrollo del proyecto se legalizaron los contratos de obra e interventoría, mediante la revisión y aprobación de pólizas por parte de DIGECO, actas que fueron remitidas al contratista de obra e interventoría, respectivamente. Simultáneamente se adelantaron tres (3) reuniones preliminares con contratista de obra e interventoría a fin de gestionar lo pertinente para orientar el protocolo para la suscripción del acta de inicio proyectada para el 25 de julio de 2023 2. Nuevo ERON Barrancabermeja: Se recibió aprobación para comprometer vigencias futuras por parte del Ministerio de Hacienda y Crédito Publico el 6 de junio y se dio reinicio al proceso en cursos el cual quedará legalizado la primera semana de julio | AG67: Trim_I: Se han desarrollado acciones pero no se otorga un avance porcentual debido a que no se anexan actas de inicio, en el primer semestre se planeo mínimo suscribir un acta de inicio de los dos proyectos. Trim_II: El área no presenta actas de inicio de contratos Proyecto Silvia Cauca y Barrancabermeja, por lo tanto no se otorga porcentaje de avance para el segundo trimestre.
AF70: Trim_I: Nuevo ERON Silvia: En desarrollo del proyecto se legalizaron los contratos de obra e interventoría, mediante la revisión y aprobación de pólizas por parte de DIGECO, actas que fueron remitidas al contratista de obra e interventoría, respectivamente. Simultáneamente se adelantó reunión preliminar con contratista de obra e interventoría a fin de gestionar lo pertinente para orientar el protocolo para la firma del acta de inicio, prevista/proyectada para el 17 de abril de 2023. Trim_II: 1. Nuevo ERON Silvia: suscripción del acta de inicio proyectada para el 25 de julio de 2023 | AG70: Trim_I: Se han desarrollado acciones pero no se otorga un avance porcentual, debido a que no se anexa informe de seguimiento, la actividad tiene planeado iniciar a partir del segundo trimestre. Trim_II: El área no adjunta Soportes, por lo tanto no se da porcentaje de avance para este trimestre.
A71: 2. Direccionamiento estratégico | B71: 1. Planeación Institucional | C71: 3. Fortalecer la capacidad institucional y el talento humano por medio del mejoramiento de procesos y el desarrollo de competencias para incrementar la productividad y calidad de los servicios, contribuyendo a la favorabilidad de la imagen de la entidad | D71: 3.2 Implementar el Modelo Integrado de Planeación y Gestión – MIPG | E71: 100% del Modelo Integrado de Planeación y Gestión - MIPG implementado para la vigencia | F71: Actualizar el anual de Supervisión e interventoría | G71: 44927 | H71: 45107 | I71: 6. Gestión Contractual | J71: 13. Dirección de Gestión Contractual | K71: 12. Director de Gestión Contractual | L71: Validación binaria: Entrega de Manuales de Contratación y Manual de Supervisión e interventoría | M71: 100% Entregado 0% No entregado | N71: 0 | P71: 1 | V71: =N71+P71+R71+T71 -> 1 | AF71: Trim_I: Se realizo el acompañamiento al Ministerio de Justicia y del Derecho, en la creación de la propuesta de los indicadores de enfoque diferencial, niños, niñas y extranjeros, presentando a la corte un total de 5 indicadores (niños y niñas) y 5 indicadores (extranjeros) dando cumplimiento al auto 065 de 2023. Trim_II: El eje temático de infraestructura será abordado en el mes de octubre, en tanto, como se le informó a la Corte Constitucional en la respuesta al Auto 065 de 2023, se medirá cuando se realice la planimetría de los establecimientos de reclusión a través del plan maestro de infraestructura | AG71: Trim_I: El área no avanza porcentualmente en la actividad, es de aclarar que es a partir del segundo trimestre cuando se programo avance. Trim_II: El área no reporta acciones de avance para este trimestre, por lo tanto no se otorga porcentaje de avance.
AF73: Trim_I: La USPEC participo junto al Ministerio y el INPEC en la reunión de seguimiento al eje de alimentación y salud donde se definió los objetivos de la mesa del componente de alimentación y salud y el análisis del panorama actual, verificando el cumplimiento de los compromisos adquiridos por las entidades, la USPEC presento el primer informe de seguimiento realizado por la interventoría a los contratos de alimentación, se da inicio al proceso de recolección de datos en los ejes de alimentación y salud para presentar el primer informe de resultados de los indicadores de vida en reclusión. Trim_II: El eje temático de infraestructura será abordado en el mes de octubre, en tanto, como se le informó a la Corte Constitucional en la respuesta al Auto 065 de 2023, se medirá cuando se realice la planimetría de los establecimientos de reclusión a través del plan maestro de infraestructura | AG73: Trim_I: El área no avanza porcentualmente en la actividad, es de aclarar que es a partir del segundo trimestre cuando se programo avance. Trim_II: No se otorga porcentaje de avance para este trimestre debido a que esta actividad fue programada para el cuarto trimestre.
AF74: Trim_I: Se realizo proceso de licitación publica para garantizar la continuidad de la prestación del servicio de salud. Se adjunta Contrato 059- 2023 el cual va desde el 13 de febrero del 2023 hasta el 29 de diciembre del 2023. Trim_II: Este Ítem se cumplió el trimestre anterior ya que se realizo proceso de licitación publica para garantizar la continuidad de la prestación del servicio de salud. Se adjunta Contrato 059- 2023 el cual va desde el 13 de febrero del 2023 hasta el 29 de diciembre del 2023. | AG74: Trim_I: El área logró antes de lo previsto el cumplimiento de la actividad, el contrato esta vigente hasta prácticamente todo el 2023. Se otorga un 100% de ejecución. Trim_II: No se otorga porcentaje de avance para este trimestre debido a que esta actividad tiene cumplimiento del 100% desde el primer trimestre.
AF75: Trim_I: De acuerdo con el término contractual, se recibió informe de gestión del mes de enero febrero para emisión de observaciones, y aún se encuentra pendiente por conciliar febrero. Igualmente, el informe de gestión del mes de marzo está pendiente de ser recibido para emisión de observaciones, estando aún en términos para conciliar. Ahora bien, el informe de gestión de marzo se espera que llegue el 20 de abril de 2023. Trim_II: De acuerdo con el término contractual, se recibió informe de gestión del mes de enero marzo y abril para emisión de observaciones, y aún se encuentra pendiente por conciliar mayo. Igualmente, el informe de gestión del mes de junio está pendiente de ser recibido para emisión de observaciones, estando aún en términos para conciliar. | AG75: Trim_I: El área adjunta 2 informes de 3, correspondientes a los meses de enero y febrero, está pendiente el informe del mes de marzo, por esto se otorga un 17 % de ejecución para el trimestre. Trim_II: El área adjunta 2 informes de 3, correspondientes a los meses de abril y mayo, por lo tanto otorga un porcentaje de avance del 17 % para el segundo trimestre.
A76: 2. Direccionamiento estratégico | B76: 1. Planeación Institucional | C76: 2. Suministrar los bienes y servicios en condiciones de calidad, oportunidad y eficiencia a las personas privadas de la libertad a cargo del INPEC | D76: 2.3 Brindar el servicio de vigilancia Electrónica efectivo para la Población Privada de la Libertad beneficiada con esta medida, de acuerdo a la disponibilidad presupuestal | E76: 100% de las personas privadas de la libertad con medida de vigilancia electrónica con dispositivo instalado y en adecuado funcionamiento, acorde a la disponibilidad presupuestal | F76: Realizar el proceso precontractual y contractual para la interventoría del servicio de vigilancia electrónica | G76: 44927 | H76: 45015 | I76: 7. Gestión de Suministro de Bienes y Prestación de Servicios 6. Gestión Contractual | J76: 12. Subdirección de Suministro de Bienes 13. Dirección de Gestión Contractual | K76: 10. Subdirector de Suministro de Bienes 12. Director de Gestión Contractual | L76: Validación binaria: Entrega de contratos de prestación suscrito o adición del proceso actual de la interventoría del servicio de vigilancia electrónica | M76: 60% Entregado Etapa precontractual 40% Entregado etapa contractual 0% No entregado | N76: 0.6 | P76: 0.4 | V76: =N76+P76+R76+T76 -> 1 | AF76: Trim_I: Se adjunta plan de necesidades vigente Trim_II: Ítem cumplido en el primer trimestre. | AG76: Trim_I: Se otorga un 100% de cumplimiento en la actividad, soportado a partir del plan de necesidades. Trim_II: Trim_II: No se otorga porcentaje de avance para este trimestre debido a que esta actividad tiene cumplimiento del 100% desde el primer trimestre.
